Workbook

Sheet Transaction
A1: SaaS Example Co - Transaction
A2: $USD
A3: Projection Set: "Base Case"
A4: Actuals Through: Q2 2026
B6: Entry Logic
A8: 7 | B8: Transaction Month | C8: Q4 2026
B10: Purchase Price
B11: Q4 2026 TTM EBITDA | C11: =(Model!I31+Model!J31+Model!K31+Model!L31) -> 4949805.1
B12: Purchase Multiple | C12: =10 -> 10
B13: Purchase Enterprise Value | C13: =C11*C12 -> 49498051
B16: Exit Logic
A18: 27 | B18: Exit Month | C18: Q4 2031
B20: Exit Price
B21: Exit EBITDA | C21: =(Model!AM31+Model!AN31+Model!AO31+Model!AP31) -> 17271694
B22: Exit Multiple | C22: =C12 -> 10
B23: Exit Enterprise Value | C23: =C21*C22 -> 1.7271694e+08
B24: Less: Debt Repayment | C24: =-SUM(Model!AP73,Model!AP76,Model!AP78) -> 0
B25: Plus: Cash | C25: =Model!AP54 -> 22213823
B26: Exit Equity Value | C26: =C23+C24+C25 -> 1.9493076e+08
B27: Sponsor Ownership % | C27: =IFERROR(C36/(C36+C39),0) -> 0.82711095
B28: Sponsor Exit Proceeds | C28: =C27*C26 -> 1.6122937e+08
B31: Sources and Uses
B33: Q4 2026 TTM EBITDA | C33: =C11 -> 4949805.1
B35: Sources | C35: $ | D35: % | E35: Multiple | G35: Uses | H35: $ | I35: % | J35: Multiple
B36: Sponsor Equity | C36: =H43-C37-C38-C39-C40 -> 23680146 | D36: =IFERROR(C36/C43,0) -> 0.37694789 | E36: =IFERROR(C36/C33,0) -> 4.7840563 | G36: Cash to Shareholders | H36: =C13-SUM(C69,C72,C74)+C50-C38-C39 -> 48490207 | I36: =IFERROR(H36/H43,0) -> 0.7718821 | J36: =IFERROR(H36/C33,0) -> 9.796387
B37: Senior Term Debt | C37: =C33*E37 -> 19799221 | D37: =IFERROR(C37/C43,0) -> 0.31517011 | E37: =4 -> 4 | G37: Existing Debt Repayment | H37: =SUM(C69,C72,C74) -> 550000 | I37: =IFERROR(H37/H43,0) -> 0.00875507 | J37: =IFERROR(H37/C33,0) -> 0.11111549
B38: Seller Note | C38: =C33*E38 -> 4949805.1 | D38: =IFERROR(C38/C43,0) -> 0.078792528 | E38: =1 -> 1 | G38: Seller Note | H38: =C38 -> 4949805.1 | I38: =IFERROR(H38/H43,0) -> 0.078792528 | J38: =IFERROR(H38/C33,0) -> 1
B39: Rolled Equity | C39: =C33*E39 -> 4949805.1 | D39: =IFERROR(C39/C43,0) -> 0.078792528 | E39: =1 -> 1 | G39: Rolled Equity | H39: =C39 -> 4949805.1 | I39: =IFERROR(H39/H43,0) -> 0.078792528 | J39: =IFERROR(H39/C33,0) -> 1
B40: Existing Cash | C40: =C50 -> 9441765.7 | D40: =IFERROR(C40/C43,0) -> 0.15029694 | E40: =IFERROR(C40/C33,0) -> 1.9075025 | G40: Cash to Balance Sheet | H40: =2000000 -> 2000000 | I40: =IFERROR(H40/H43,0) -> 0.031836618 | J40: =IFERROR(H40/C33,0) -> 0.40405631
G41: Senior Debt Financing Fee | H41: =0.02*C37 -> 395984.41 | I41: =IFERROR(H41/H43,0) -> 0.0063034022 | J41: =IFERROR(H41/C33,0) -> 0.08
G42: Transaction Fees | H42: =0.03*C13 -> 1484941.5 | I42: =IFERROR(H42/H43,0) -> 0.023637758 | J42: =IFERROR(H42/C33,0) -> 0.3
B43: Total Sources | C43: =SUM(C36,C37,C38,C39,C40) -> 62820743 | D43: =SUM(D36,D37,D38,D39,D40) -> 1 | E43: =SUM(E36,E37,E38,E39,E40) -> 12.691559 | G43: Total Uses | H43: =SUM(H36,H37,H38,H39,H40,H41,H42) -> 62820743 | I43: =SUM(I36,I37,I38,I39,I40,I41,I42) -> 1 | J43: =SUM(J36,J37,J38,J39,J40,J41,J42) -> 12.691559
B46: Balance Sheet Adjustments
C48: =IF($C8="","Unadjusted","Unadjusted ("&$C8&")") -> Unadjusted (Q4 2026) | D48: LBO Adjustments | E48: Pro Forma
B49: Assets
B50: Cash & Cash Equivalents | C50: =Model!K54+Model!L259 -> 9441765.7 | D50: =-C50+H40 -> -7441765.7 | E50: =C50+D50 -> 2000000
B51: Accounts Receivable | C51: =Model!L105 -> 3120524.6 | D51: 0 | E51: =C51+D51 -> 3120524.6
B52: Prepaid Expenses | C52: =Model!L106 -> 255000 | D52: 0 | E52: =C52+D52 -> 255000
B53: Other Current Assets | C53: =Model!L107 -> 100000 | D53: 0 | E53: =C53+D53 -> 100000
B54: Total Current Assets | C54: =SUM(C50,C51,C52,C53) -> 12917290 | D54: =SUM(D50,D51,D52,D53) -> -7441765.7 | E54: =SUM(E50,E51,E52,E53) -> 5475524.6
B56: PP&E | C56: =Model!L153 -> 0 | D56: 0 | E56: =C56+D56 -> 0
B57: Intangible Assets, net | C57: =Model!L160 -> 320000 | D57: 0 | E57: =C57+D57 -> 320000
B58: Goodwill | C58: =Model!L167 -> 500000 | D58: =SUM(D69,D72,D73,D74,D78,D79,D80,D81)-D50 -> 48578822 | E58: =C58+D58 -> 49078822
B59: Other Non-Current Assets | C59: =Model!K63 -> 175000 | D59: 0 | E59: =C59+D59 -> 175000
B60: Total Assets | C60: =C54+SUM(C56,C57,C58,C59) -> 13912290 | D60: =D54+SUM(D56,D57,D58,D59) -> 41137056 | E60: =E54+SUM(E56,E57,E58,E59) -> 55049347
B62: Liabilities
B63: Accounts Payable | C63: =Model!L111 -> 551295.41 | D63: 0 | E63: =C63+D63 -> 551295.41
B64: Accrued Expenses | C64: =Model!L112 -> 410000 | D64: 0 | E64: =C64+D64 -> 410000
B65: Deferred Revenue | C65: =Model!L113 -> 2265000 | D65: 0 | E65: =C65+D65 -> 2265000
B66: Other Current Liabilities | C66: =Model!L114 -> 170000 | D66: 0 | E66: =C66+D66 -> 170000
B67: Total Current Liabilities | C67: =SUM(C63,C64,C65,C66) -> 3396295.4 | D67: =SUM(D63,D64,D65,D66) -> 0 | E67: =SUM(E63,E64,E65,E66) -> 3396295.4
B69: Long-Term Debt | C69: =Model!L184 -> 550000 | D69: =-C69 -> -550000 | E69: =C69+D69 -> 0
B70: Other Long-Term Liabilities | C70: =Model!K74 -> 155000 | D70: 0 | E70: =C70+D70 -> 155000
B71: Senior Term Debt (Net of Fees) | C71: =C72+C73 -> 0 | D71: =D72+D73 -> 19403236 | E71: =E72+E73 -> 19403236
B72: Senior Term Debt | C72: =Model!L185 -> 0 | D72: =-C72+C37 -> 19799221 | E72: =C72+D72 -> 19799221
B73: Capitalized Financing Fees | C73: =Model!L186 -> 0 | D73: =-C73-H41 -> -395984.41 | E73: =C73+D73 -> -395984.41
B74: Seller Note Term Debt | C74: =Model!L187 -> 0 | D74: =-C74+C38 -> 4949805.1 | E74: =C74+D74 -> 4949805.1
B75: Total Liabilities | C75: =C67+SUM(C69,C70,C71,C74) -> 4101295.4 | D75: =D67+SUM(D69,D70,D71,D74) -> 23803041 | E75: =E67+SUM(E69,E70,E71,E74) -> 27904337
B77: Equity
B78: Common Stock | C78: =Model!L211 -> 10000 | D78: =-C78 -> -10000 | E78: =C78+D78 -> 0
B79: Additional Paid-In Capital | C79: =Model!L217 -> 2825200 | D79: =-C79+C36 -> 20854946 | E79: =C79+D79 -> 23680146
B80: Retained Earnings | C80: =Model!L205 -> 6975794.9 | D80: =-C80-H42 -> -8460736.5 | E80: =C80+D80 -> -1484941.5
B81: Rolled Equity | C81: =Model!L223 -> 0 | D81: =-C81+C39 -> 4949805.1 | E81: =C81+D81 -> 4949805.1
B82: Total Equity | C82: =SUM(C78,C79,C80,C81) -> 9810994.9 | D82: =SUM(D78,D79,D80,D81) -> 17334015 | E82: =SUM(E78,E79,E80,E81) -> 27145010
B84: Total Liabilities & Equity | C84: =C75+C82 -> 13912290 | D84: =D75+D82 -> 41137056 | E84: =E75+E82 -> 55049347
B85: Balance Check | C85: =C60-C84 -> 0 | D85: =D60-D84 -> 0 | E85: =E60-E84 -> 0
B88: Outputs
B90: Net Cash Flow to Sponsor
C91: 2025 | G91: 2025 | I91: 2026 | M91: 2026 | O91: 2027 | S91: 2027 | U91: 2028 | Y91: 2028 | AA91: 2029 | AE91: 2029 | AG91: 2030 | AK91: 2030 | AM91: 2031 | AQ91: 2031
C92: Q1 | D92: Q2 | E92: Q3 | F92: Q4 | G92: Full Year | I92: Q1 | J92: Q2 | K92: Q3 | L92: Q4 | M92: Full Year | O92: Q1 | P92: Q2 | Q92: Q3 | R92: Q4 | S92: Full Year | U92: Q1 | V92: Q2 | W92: Q3 | X92: Q4 | Y92: Full Year | AA92: Q1 | AB92: Q2 | AC92: Q3 | AD92: Q4 | AE92: Full Year | AG92: Q1 | AH92: Q2 | AI92: Q3 | AJ92: Q4 | AK92: Full Year | AM92: Q1 | AN92: Q2 | AO92: Q3 | AP92: Q4 | AQ92: Full Year
B94: Net Cash Flow to Sponsor
B95: Sponsor Cash Outflows | C95: =IF(SYS!C6=A8,-C36,0) -> 0 | D95: =IF(SYS!D6=A8,-C36,0) -> 0 | E95: =IF(SYS!E6=A8,-C36,0) -> 0 | F95: =IF(SYS!F6=A8,-C36,0) -> 0 | G95: =SUM(C95:F95) -> 0 | I95: =IF(SYS!I6=A8,-C36,0) -> 0 | J95: =IF(SYS!J6=A8,-C36,0) -> 0 | K95: =IF(SYS!K6=A8,-C36,0) -> 0 | L95: =IF(SYS!L6=A8,-C36,0) -> -23680146 | M95: =SUM(I95:L95) -> -23680146 | O95: =IF(SYS!O6=A8,-C36,0) -> 0 | P95: =IF(SYS!P6=A8,-C36,0) -> 0 | Q95: =IF(SYS!Q6=A8,-C36,0) -> 0 | R95: =IF(SYS!R6=A8,-C36,0) -> 0 | S95: =SUM(O95:R95) -> 0 | U95: =IF(SYS!U6=A8,-C36,0) -> 0 | V95: =IF(SYS!V6=A8,-C36,0) -> 0 | W95: =IF(SYS!W6=A8,-C36,0) -> 0 | X95: =IF(SYS!X6=A8,-C36,0) -> 0 | Y95: =SUM(U95:X95) -> 0 | AA95: =IF(SYS!AA6=A8,-C36,0) -> 0 | AB95: =IF(SYS!AB6=A8,-C36,0) -> 0 | AC95: =IF(SYS!AC6=A8,-C36,0) -> 0 | AD95: =IF(SYS!AD6=A8,-C36,0) -> 0 | AE95: =SUM(AA95:AD95) -> 0 | AG95: =IF(SYS!AG6=A8,-C36,0) -> 0 | AH95: =IF(SYS!AH6=A8,-C36,0) -> 0 | AI95: =IF(SYS!AI6=A8,-C36,0) -> 0 | AJ95: =IF(SYS!AJ6=A8,-C36,0) -> 0 | AK95: =SUM(AG95:AJ95) -> 0 | AM95: =IF(SYS!AM6=A8,-C36,0) -> 0 | AN95: =IF(SYS!AN6=A8,-C36,0) -> 0 | AO95: =IF(SYS!AO6=A8,-C36,0) -> 0 | AP95: =IF(SYS!AP6=A8,-C36,0) -> 0 | AQ95: =SUM(AM95:AP95) -> 0
B96: Sponsor Cash Inflows | C96: 0 | D96: 0 | E96: 0 | F96: 0 | G96: =SUM(C96:F96) -> 0 | I96: 0 | J96: 0 | K96: =IF(SYS!K6=A18,C28,0) -> 0 | L96: =IF(SYS!L6=A18,C28,0) -> 0 | M96: =SUM(I96:L96) -> 0 | O96: =IF(SYS!O6=A18,C28,0) -> 0 | P96: =IF(SYS!P6=A18,C28,0) -> 0 | Q96: =IF(SYS!Q6=A18,C28,0) -> 0 | R96: =IF(SYS!R6=A18,C28,0) -> 0 | S96: =SUM(O96:R96) -> 0 | U96: =IF(SYS!U6=A18,C28,0) -> 0 | V96: =IF(SYS!V6=A18,C28,0) -> 0 | W96: =IF(SYS!W6=A18,C28,0) -> 0 | X96: =IF(SYS!X6=A18,C28,0) -> 0 | Y96: =SUM(U96:X96) -> 0 | AA96: =IF(SYS!AA6=A18,C28,0) -> 0 | AB96: =IF(SYS!AB6=A18,C28,0) -> 0 | AC96: =IF(SYS!AC6=A18,C28,0) -> 0 | AD96: =IF(SYS!AD6=A18,C28,0) -> 0 | AE96: =SUM(AA96:AD96) -> 0 | AG96: =IF(SYS!AG6=A18,C28,0) -> 0 | AH96: =IF(SYS!AH6=A18,C28,0) -> 0 | AI96: =IF(SYS!AI6=A18,C28,0) -> 0 | AJ96: =IF(SYS!AJ6=A18,C28,0) -> 0 | AK96: =SUM(AG96:AJ96) -> 0 | AM96: =IF(SYS!AM6=A18,C28,0) -> 0 | AN96: =IF(SYS!AN6=A18,C28,0) -> 0 | AO96: =IF(SYS!AO6=A18,C28,0) -> 0 | AP96: =IF(SYS!AP6=A18,C28,0) -> 1.6122937e+08 | AQ96: =SUM(AM96:AP96) -> 1.6122937e+08
B97: Net Sponsor Cash Flow | C97: =C95+C96 -> 0 | D97: =D95+D96 -> 0 | E97: =E95+E96 -> 0 | F97: =F95+F96 -> 0 | G97: =SUM(C97:F97) -> 0 | I97: =I95+I96 -> 0 | J97: =J95+J96 -> 0 | K97: =K95+K96 -> 0 | L97: =L95+L96 -> -23680146 | M97: =SUM(I97:L97) -> -23680146 | O97: =O95+O96 -> 0 | P97: =P95+P96 -> 0 | Q97: =Q95+Q96 -> 0 | R97: =R95+R96 -> 0 | S97: =SUM(O97:R97) -> 0 | U97: =U95+U96 -> 0 | V97: =V95+V96 -> 0 | W97: =W95+W96 -> 0 | X97: =X95+X96 -> 0 | Y97: =SUM(U97:X97) -> 0 | AA97: =AA95+AA96 -> 0 | AB97: =AB95+AB96 -> 0 | AC97: =AC95+AC96 -> 0 | AD97: =AD95+AD96 -> 0 | AE97: =SUM(AA97:AD97) -> 0 | AG97: =AG95+AG96 -> 0 | AH97: =AH95+AH96 -> 0 | AI97: =AI95+AI96 -> 0 | AJ97: =AJ95+AJ96 -> 0 | AK97: =SUM(AG97:AJ97) -> 0 | AM97: =AM95+AM96 -> 0 | AN97: =AN95+AN96 -> 0 | AO97: =AO95+AO96 -> 0 | AP97: =AP95+AP96 -> 1.6122937e+08 | AQ97: =SUM(AM97:AP97) -> 1.6122937e+08
B100: Returns
C101: =C97 -> 0 | D101: =D97 -> 0 | E101: =E97 -> 0 | F101: =F97 -> 0 | I101: =I97 -> 0 | J101: =J97 -> 0 | K101: =K97 -> 0 | L101: =L97 -> -23680146 | O101: =O97 -> 0 | P101: =P97 -> 0 | Q101: =Q97 -> 0 | R101: =R97 -> 0 | U101: =U97 -> 0 | V101: =V97 -> 0 | W101: =W97 -> 0 | X101: =X97 -> 0 | AA101: =AA97 -> 0 | AB101: =AB97 -> 0 | AC101: =AC97 -> 0 | AD101: =AD97 -> 0 | AG101: =AG97 -> 0 | AH101: =AH97 -> 0 | AI101: =AI97 -> 0 | AJ101: =AJ97 -> 0 | AM101: =AM97 -> 0 | AN101: =AN97 -> 0 | AO101: =AO97 -> 0 | AP101: =AP97 -> 1.6122937e+08
B102: Sponsor IRR | C102: =XIRR(INDEX(C101:AP101,1,MATCH(1,INDEX((C101:AP101<0)*1,0),0)):AP101,INDEX(SYS!C4:'SYS'!AP4,1,MATCH(1,INDEX((C101:AP101<0)*1,0),0)):'SYS'!AP4) -> 0.46730606
D104: Senior Debt Multiple
C105: =IFERROR(C102,0) -> 0.46730606 | D105: =E105-0.5 -> 3 | E105: =F105-0.5 -> 3.5 | F105: 4 | G105: =F105+0.5 -> 4.5 | H105: =G105+0.5 -> 5
C106: =C107-0.5 -> 9 | D106: 0.45291529 | E106: 0.47405819 | F106: 0.49792764 | G106: 0.52522207 | H106: 0.55692704
C107: =C108-0.5 -> 9.5 | D107: 0.44130753 | E107: 0.46026602 | F107: 0.48143461 | G107: 0.50532402 | H107: 0.53263285
B108: Purchase Multiple | C108: 10 | D108: 0.43116563 | E108: 0.44832426 | F108: 0.46730606 | G108: 0.48849532 | H108: 0.51240492
C109: =C108+0.5 -> 10.5 | D109: 0.42222334 | E109: 0.43787591 | F109: 0.45505477 | G109: 0.47405606 | H109: 0.49526724
C110: =C109+0.5 -> 11 | D110: 0.41427613 | E110: 0.42865182 | F110: 0.44432135 | G110: 0.46151757 | H110: 0.48054034
B113: Sponsor MOIC | C113: =IFERROR(IF(OR((C36)<=0,(C28)<0),0,(C28)/(C36)),0) -> 6.8086305
D115: Senior Debt Multiple
C116: =C113 -> 6.8086305 | D116: =E116-0.5 -> 3 | E116: =F116-0.5 -> 3.5 | F116: 4 | G116: =F116+0.5 -> 4.5 | H116: =G116+0.5 -> 5
C117: =C118-0.5 -> 9 | D117: 6.4810589 | E117: 6.9668238 | F117: 7.5497915 | G117: 8.2635695 | H117: 9.1594219
C118: =C119-0.5 -> 9.5 | D118: 6.2261306 | E118: 6.6467661 | F118: 7.1429903 | G118: 7.7381406 | H118: 8.4663981
B119: Purchase Multiple | C119: 10 | D119: 6.0100217 | E119: 6.3792518 | F119: 6.8086305 | G119: 7.3149381 | H119: 7.9219601
C120: =C119+0.5 -> 10.5 | D120: 5.8244926 | E120: 6.1523232 | F120: 6.5289441 | G120: 6.9667733 | H120: 7.482949
C121: =C120+0.5 -> 11 | D121: 5.6634815 | E121: 5.9573956 | F121: 6.2915346 | G121: 6.6753141 | H121: 7.121445

Sheet Model
A1: SaaS Example Co - Model
A2: $USD
A3: Projection Set: "Base Case" | C3: 2025 | G3: 2025 | I3: 2026 | M3: 2026 | O3: 2027 | S3: 2027 | U3: 2028 | Y3: 2028 | AA3: 2029 | AE3: 2029 | AG3: 2030 | AK3: 2030 | AM3: 2031 | AQ3: 2031
A4: Actuals Through: Q2 2026 | C4: Q1 | D4: Q2 | E4: Q3 | F4: Q4 | G4: Full Year | I4: Q1 | J4: Q2 | K4: Q3 | L4: Q4 | M4: Full Year | O4: Q1 | P4: Q2 | Q4: Q3 | R4: Q4 | S4: Full Year | U4: Q1 | V4: Q2 | W4: Q3 | X4: Q4 | Y4: Full Year | AA4: Q1 | AB4: Q2 | AC4: Q3 | AD4: Q4 | AE4: Full Year | AG4: Q1 | AH4: Q2 | AI4: Q3 | AJ4: Q4 | AK4: Full Year | AM4: Q1 | AN4: Q2 | AO4: Q3 | AP4: Q4 | AQ4: Full Year
B6: Income Statement
B8: Revenue
B9: Subscription Revenue | C9: =IS!C9 -> 2800000 | D9: =IS!D9 -> 3080000 | E9: =IS!E9 -> 3388000 | F9: =IS!F9 -> 3727000 | G9: =SUM(C9:F9) -> 12995000 | I9: =IS!I9 -> 4100000 | J9: =IS!J9 -> 4550000 | K9: =IS!K9 -> 4811725.7 | L9: =IS!L9 -> 5073451.3 | M9: =SUM(I9:L9) -> 18535177 | O9: =IS!O9 -> 5315044.2 | P9: =IS!P9 -> 5556637.2 | Q9: =IS!Q9 -> 5798230.1 | R9: =IS!R9 -> 6019690.3 | S9: =SUM(O9:R9) -> 22689602 | U9: =IS!U9 -> 6241150.4 | V9: =IS!V9 -> 6462610.6 | W9: =IS!W9 -> 6663938.1 | X9: =IS!X9 -> 6865265.5 | Y9: =SUM(U9:X9) -> 26232965 | AA9: =IS!AA9 -> 7066592.9 | AB9: =IS!AB9 -> 7247787.6 | AC9: =IS!AC9 -> 7428982.3 | AD9: =IS!AD9 -> 7610177 | AE9: =SUM(AA9:AD9) -> 29353540 | AG9: =IS!AG9 -> 7791371.7 | AH9: =IS!AH9 -> 7952433.6 | AI9: =IS!AI9 -> 8113495.6 | AJ9: =IS!AJ9 -> 8274557.5 | AK9: =SUM(AG9:AJ9) -> 32131858 | AM9: =IS!AM9 -> 8435619.5 | AN9: =IS!AN9 -> 8576548.7 | AO9: =IS!AO9 -> 8717477.9 | AP9: =IS!AP9 -> 8858407.1 | AQ9: =SUM(AM9:AP9) -> 34588053
B10: Professional Services | C10: =IS!C10 -> 280000 | D10: =IS!D10 -> 310000 | E10: =IS!E10 -> 340000 | F10: =IS!F10 -> 360000 | G10: =SUM(C10:F10) -> 1290000 | I10: =IS!I10 -> 390000 | J10: =IS!J10 -> 420000 | K10: =IS!K10 -> 374000 | L10: =IS!L10 -> 396000 | M10: =SUM(I10:L10) -> 1580000 | O10: =IS!O10 -> 429000 | P10: =IS!P10 -> 462000 | Q10: =IS!Q10 -> 411400 | R10: =IS!R10 -> 435600 | S10: =SUM(O10:R10) -> 1738000 | U10: =IS!U10 -> 471900 | V10: =IS!V10 -> 508200 | W10: =IS!W10 -> 452540 | X10: =IS!X10 -> 479160 | Y10: =SUM(U10:X10) -> 1911800 | AA10: =IS!AA10 -> 519090 | AB10: =IS!AB10 -> 559020 | AC10: =IS!AC10 -> 497794 | AD10: =IS!AD10 -> 527076 | AE10: =SUM(AA10:AD10) -> 2102980 | AG10: =IS!AG10 -> 570999 | AH10: =IS!AH10 -> 614922 | AI10: =IS!AI10 -> 547573.4 | AJ10: =IS!AJ10 -> 579783.6 | AK10: =SUM(AG10:AJ10) -> 2313278 | AM10: =IS!AM10 -> 628098.9 | AN10: =IS!AN10 -> 676414.2 | AO10: =IS!AO10 -> 602330.74 | AP10: =IS!AP10 -> 637761.96 | AQ10: =SUM(AM10:AP10) -> 2544605.8
B11: Other Revenue | C11: =IS!C11 -> 45000 | D11: =IS!D11 -> 50000 | E11: =IS!E11 -> 55000 | F11: =IS!F11 -> 60000 | G11: =SUM(C11:F11) -> 210000 | I11: =IS!I11 -> 65000 | J11: =IS!J11 -> 70000 | K11: =IS!K11 -> 60500 | L11: =IS!L11 -> 66000 | M11: =SUM(I11:L11) -> 261500 | O11: =IS!O11 -> 71500 | P11: =IS!P11 -> 77000 | Q11: =IS!Q11 -> 66550 | R11: =IS!R11 -> 72600 | S11: =SUM(O11:R11) -> 287650 | U11: =IS!U11 -> 78650 | V11: =IS!V11 -> 84700 | W11: =IS!W11 -> 73205 | X11: =IS!X11 -> 79860 | Y11: =SUM(U11:X11) -> 316415 | AA11: =IS!AA11 -> 86515 | AB11: =IS!AB11 -> 93170 | AC11: =IS!AC11 -> 80525.5 | AD11: =IS!AD11 -> 87846 | AE11: =SUM(AA11:AD11) -> 348056.5 | AG11: =IS!AG11 -> 95166.5 | AH11: =IS!AH11 -> 102487 | AI11: =IS!AI11 -> 88578.05 | AJ11: =IS!AJ11 -> 96630.6 | AK11: =SUM(AG11:AJ11) -> 382862.15 | AM11: =IS!AM11 -> 104683.15 | AN11: =IS!AN11 -> 112735.7 | AO11: =IS!AO11 -> 97435.855 | AP11: =IS!AP11 -> 106293.66 | AQ11: =SUM(AM11:AP11) -> 421148.37
B12: Total Revenue | C12: =SUM(C9,C10,C11) -> 3125000 | D12: =SUM(D9,D10,D11) -> 3440000 | E12: =SUM(E9,E10,E11) -> 3783000 | F12: =SUM(F9,F10,F11) -> 4147000 | G12: =SUM(C12:F12) -> 14495000 | I12: =SUM(I9,I10,I11) -> 4555000 | J12: =SUM(J9,J10,J11) -> 5040000 | K12: =SUM(K9,K10,K11) -> 5246225.7 | L12: =SUM(L9,L10,L11) -> 5535451.3 | M12: =SUM(I12:L12) -> 20376677 | O12: =SUM(O9,O10,O11) -> 5815544.2 | P12: =SUM(P9,P10,P11) -> 6095637.2 | Q12: =SUM(Q9,Q10,Q11) -> 6276180.1 | R12: =SUM(R9,R10,R11) -> 6527890.3 | S12: =SUM(O12:R12) -> 24715252 | U12: =SUM(U9,U10,U11) -> 6791700.4 | V12: =SUM(V9,V10,V11) -> 7055510.6 | W12: =SUM(W9,W10,W11) -> 7189683.1 | X12: =SUM(X9,X10,X11) -> 7424285.5 | Y12: =SUM(U12:X12) -> 28461180 | AA12: =SUM(AA9,AA10,AA11) -> 7672197.9 | AB12: =SUM(AB9,AB10,AB11) -> 7899977.6 | AC12: =SUM(AC9,AC10,AC11) -> 8007301.8 | AD12: =SUM(AD9,AD10,AD11) -> 8225099 | AE12: =SUM(AA12:AD12) -> 31804576 | AG12: =SUM(AG9,AG10,AG11) -> 8457537.2 | AH12: =SUM(AH9,AH10,AH11) -> 8669842.6 | AI12: =SUM(AI9,AI10,AI11) -> 8749647 | AJ12: =SUM(AJ9,AJ10,AJ11) -> 8950971.7 | AK12: =SUM(AG12:AJ12) -> 34827999 | AM12: =SUM(AM9,AM10,AM11) -> 9168401.5 | AN12: =SUM(AN9,AN10,AN11) -> 9365698.6 | AO12: =SUM(AO9,AO10,AO11) -> 9417244.5 | AP12: =SUM(AP9,AP10,AP11) -> 9602462.7 | AQ12: =SUM(AM12:AP12) -> 37553807
B13: Growth (y-o-y) % | C13: =IFERROR(C12/0-1,0) -> 0 | D13: =IFERROR(D12/0-1,0) -> 0 | E13: =IFERROR(E12/0-1,0) -> 0 | F13: =IFERROR(F12/0-1,0) -> 0 | G13: =IFERROR(G12/0-1,0) -> 0 | I13: =IFERROR(I12/C12-1,0) -> 0.4576 | J13: =IFERROR(J12/D12-1,0) -> 0.46511628 | K13: =IFERROR(K12/E12-1,0) -> 0.38678976 | L13: =IFERROR(L12/F12-1,0) -> 0.33480862 | M13: =IFERROR(M12/G12-1,0) -> 0.40577282 | O13: =IFERROR(O12/I12-1,0) -> 0.27673858 | P13: =IFERROR(P12/J12-1,0) -> 0.20945182 | Q13: =IFERROR(Q12/K12-1,0) -> 0.19632294 | R13: =IFERROR(R12/L12-1,0) -> 0.17928781 | S13: =IFERROR(S12/M12-1,0) -> 0.21291866 | U13: =IFERROR(U12/O12-1,0) -> 0.16785294 | V13: =IFERROR(V12/P12-1,0) -> 0.15746893 | W13: =IFERROR(W12/Q12-1,0) -> 0.14555079 | X13: =IFERROR(X12/R12-1,0) -> 0.13731775 | Y13: =IFERROR(Y12/S12-1,0) -> 0.15156341 | AA13: =IFERROR(AA12/U12-1,0) -> 0.12964316 | AB13: =IFERROR(AB12/V12-1,0) -> 0.119689 | AC13: =IFERROR(AC12/W12-1,0) -> 0.11372111 | AD13: =IFERROR(AD12/X12-1,0) -> 0.10786405 | AE13: =IFERROR(AE12/Y12-1,0) -> 0.11747218 | AG13: =IFERROR(AG12/AA12-1,0) -> 0.10236171 | AH13: =IFERROR(AH12/AB12-1,0) -> 0.097451544 | AI13: =IFERROR(AI12/AC12-1,0) -> 0.092708536 | AJ13: =IFERROR(AJ12/AD12-1,0) -> 0.088250942 | AK13: =IFERROR(AK12/AE12-1,0) -> 0.09506249 | AM13: =IFERROR(AM12/AG12-1,0) -> 0.084050986 | AN13: =IFERROR(AN12/AH12-1,0) -> 0.080261658 | AO13: =IFERROR(AO12/AI12-1,0) -> 0.076299929 | AP13: =IFERROR(AP12/AJ12-1,0) -> 0.072784386 | AQ13: =IFERROR(AQ12/AK12-1,0) -> 0.078264868
B15: Cost of Goods Sold
B16: Hosting & Infrastructure | C16: =IS!C16 -> -312500 | D16: =IS!D16 -> -340000 | E16: =IS!E16 -> -370000 | F16: =IS!F16 -> -395000 | G16: =SUM(C16:F16) -> -1417500 | I16: =IS!I16 -> -425000 | J16: =IS!J16 -> -460000 | K16: =IS!K16 -> -495282.33 | L16: =IS!L16 -> -522587.37 | M16: =SUM(I16:L16) -> -1902869.7 | O16: =IS!O16 -> -549030.2 | P16: =IS!P16 -> -575473.04 | Q16: =IS!Q16 -> -592517.62 | R16: =IS!R16 -> -616280.91 | S16: =SUM(O16:R16) -> -2333301.8 | U16: =IS!U16 -> -641186.53 | V16: =IS!V16 -> -666092.16 | W16: =IS!W16 -> -678759.02 | X16: =IS!X16 -> -700907.22 | Y16: =SUM(U16:X16) -> -2686944.9 | AA16: =IS!AA16 -> -724311.98 | AB16: =IS!AB16 -> -745816.06 | AC16: =IS!AC16 -> -755948.25 | AD16: =IS!AD16 -> -776509.91 | AE16: =SUM(AA16:AD16) -> -3002586.2 | AG16: =IS!AG16 -> -798453.79 | AH16: =IS!AH16 -> -818496.99 | AI16: =IS!AI16 -> -826031.11 | AJ16: =IS!AJ16 -> -845037.64 | AK16: =SUM(AG16:AJ16) -> -3288019.5 | AM16: =IS!AM16 -> -865564.62 | AN16: =IS!AN16 -> -884190.91 | AO16: =IS!AO16 -> -889057.22 | AP16: =IS!AP16 -> -906543.19 | AQ16: =SUM(AM16:AP16) -> -3545355.9
B17: Customer Support | C17: =IS!C17 -> -187500 | D17: =IS!D17 -> -200000 | E17: =IS!E17 -> -215000 | F17: =IS!F17 -> -230000 | G17: =SUM(C17:F17) -> -832500 | I17: =IS!I17 -> -250000 | J17: =IS!J17 -> -270000 | K17: =IS!K17 -> -289527.59 | L17: =IS!L17 -> -305489.31 | M17: =SUM(I17:L17) -> -1115016.9 | O17: =IS!O17 -> -320947.02 | P17: =IS!P17 -> -336404.73 | Q17: =IS!Q17 -> -346368.5 | R17: =IS!R17 -> -360259.82 | S17: =SUM(O17:R17) -> -1363980.1 | U17: =IS!U17 -> -374818.92 | V17: =IS!V17 -> -389378.02 | W17: =IS!W17 -> -396782.7 | X17: =IS!X17 -> -409729.89 | Y17: =SUM(U17:X17) -> -1570709.5 | AA17: =IS!AA17 -> -423411.63 | AB17: =IS!AB17 -> -435982.29 | AC17: =IS!AC17 -> -441905.27 | AD17: =IS!AD17 -> -453925.02 | AE17: =SUM(AA17:AD17) -> -1755224.2 | AG17: =IS!AG17 -> -466752.77 | AH17: =IS!AH17 -> -478469.44 | AI17: =IS!AI17 -> -482873.66 | AJ17: =IS!AJ17 -> -493984.33 | AK17: =SUM(AG17:AJ17) -> -1922080.2 | AM17: =IS!AM17 -> -505983.8 | AN17: =IS!AN17 -> -516872.19 | AO17: =IS!AO17 -> -519716.89 | AP17: =IS!AP17 -> -529938.67 | AQ17: =SUM(AM17:AP17) -> -2072511.5
B18: Professional Services COGS | C18: =IS!C18 -> -168000 | D18: =IS!D18 -> -186000 | E18: =IS!E18 -> -204000 | F18: =IS!F18 -> -216000 | G18: =SUM(C18:F18) -> -774000 | I18: =IS!I18 -> -234000 | J18: =IS!J18 -> -252000 | K18: =IS!K18 -> -271995.05 | L18: =IS!L18 -> -286990.21 | M18: =SUM(I18:L18) -> -1044985.3 | O18: =IS!O18 -> -301511.86 | P18: =IS!P18 -> -316033.52 | Q18: =IS!Q18 -> -325393.92 | R18: =IS!R18 -> -338444.05 | S18: =SUM(O18:R18) -> -1281383.4 | U18: =IS!U18 -> -352121.52 | V18: =IS!V18 -> -365798.98 | W18: =IS!W18 -> -372755.26 | X18: =IS!X18 -> -384918.43 | Y18: =SUM(U18:X18) -> -1475594.2 | AA18: =IS!AA18 -> -397771.66 | AB18: =IS!AB18 -> -409581.09 | AC18: =IS!AC18 -> -415145.41 | AD18: =IS!AD18 -> -426437.29 | AE18: =SUM(AA18:AD18) -> -1648935.5 | AG18: =IS!AG18 -> -438488.25 | AH18: =IS!AH18 -> -449495.4 | AI18: =IS!AI18 -> -453632.93 | AJ18: =IS!AJ18 -> -464070.78 | AK18: =SUM(AG18:AJ18) -> -1805687.4 | AM18: =IS!AM18 -> -475343.62 | AN18: =IS!AN18 -> -485572.65 | AO18: =IS!AO18 -> -488245.09 | AP18: =IS!AP18 -> -497847.89 | AQ18: =SUM(AM18:AP18) -> -1947009.2
B19: Total Cost of Goods Sold | C19: =SUM(C16,C17,C18) -> -668000 | D19: =SUM(D16,D17,D18) -> -726000 | E19: =SUM(E16,E17,E18) -> -789000 | F19: =SUM(F16,F17,F18) -> -841000 | G19: =SUM(C19:F19) -> -3024000 | I19: =SUM(I16,I17,I18) -> -909000 | J19: =SUM(J16,J17,J18) -> -982000 | K19: =SUM(K16,K17,K18) -> -1056805 | L19: =SUM(L16,L17,L18) -> -1115066.9 | M19: =SUM(I19:L19) -> -4062871.9 | O19: =SUM(O16,O17,O18) -> -1171489.1 | P19: =SUM(P16,P17,P18) -> -1227911.3 | Q19: =SUM(Q16,Q17,Q18) -> -1264280 | R19: =SUM(R16,R17,R18) -> -1314984.8 | S19: =SUM(O19:R19) -> -4978665.2 | U19: =SUM(U16,U17,U18) -> -1368127 | V19: =SUM(V16,V17,V18) -> -1421269.2 | W19: =SUM(W16,W17,W18) -> -1448297 | X19: =SUM(X16,X17,X18) -> -1495555.5 | Y19: =SUM(U19:X19) -> -5733248.7 | AA19: =SUM(AA16,AA17,AA18) -> -1545495.3 | AB19: =SUM(AB16,AB17,AB18) -> -1591379.4 | AC19: =SUM(AC16,AC17,AC18) -> -1612998.9 | AD19: =SUM(AD16,AD17,AD18) -> -1656872.2 | AE19: =SUM(AA19:AD19) -> -6406745.9 | AG19: =SUM(AG16,AG17,AG18) -> -1703694.8 | AH19: =SUM(AH16,AH17,AH18) -> -1746461.8 | AI19: =SUM(AI16,AI17,AI18) -> -1762537.7 | AJ19: =SUM(AJ16,AJ17,AJ18) -> -1803092.8 | AK19: =SUM(AG19:AJ19) -> -7015787.1 | AM19: =SUM(AM16,AM17,AM18) -> -1846892 | AN19: =SUM(AN16,AN17,AN18) -> -1886635.7 | AO19: =SUM(AO16,AO17,AO18) -> -1897019.2 | AP19: =SUM(AP16,AP17,AP18) -> -1934329.8 | AQ19: =SUM(AM19:AP19) -> -7564876.7
B21: Gross Profit | C21: =C12+C19 -> 2457000 | D21: =D12+D19 -> 2714000 | E21: =E12+E19 -> 2994000 | F21: =F12+F19 -> 3306000 | G21: =SUM(C21:F21) -> 11471000 | I21: =I12+I19 -> 3646000 | J21: =J12+J19 -> 4058000 | K21: =K12+K19 -> 4189420.7 | L21: =L12+L19 -> 4420384.4 | M21: =SUM(I21:L21) -> 16313805 | O21: =O12+O19 -> 4644055.2 | P21: =P12+P19 -> 4867725.9 | Q21: =Q12+Q19 -> 5011900.1 | R21: =R12+R19 -> 5212905.5 | S21: =SUM(O21:R21) -> 19736587 | U21: =U12+U19 -> 5423573.5 | V21: =V12+V19 -> 5634241.5 | W21: =W12+W19 -> 5741386.1 | X21: =X12+X19 -> 5928729.9 | Y21: =SUM(U21:X21) -> 22727931 | AA21: =AA12+AA19 -> 6126702.6 | AB21: =AB12+AB19 -> 6308598.2 | AC21: =AC12+AC19 -> 6394302.9 | AD21: =AD12+AD19 -> 6568226.8 | AE21: =SUM(AA21:AD21) -> 25397830 | AG21: =AG12+AG19 -> 6753842.4 | AH21: =AH12+AH19 -> 6923380.8 | AI21: =AI12+AI19 -> 6987109.3 | AJ21: =AJ12+AJ19 -> 7147879 | AK21: =SUM(AG21:AJ21) -> 27812211 | AM21: =AM12+AM19 -> 7321509.5 | AN21: =AN12+AN19 -> 7479062.8 | AO21: =AO12+AO19 -> 7520225.3 | AP21: =AP12+AP19 -> 7668132.9 | AQ21: =SUM(AM21:AP21) -> 29988931
B22: Margin % | C22: =IFERROR(C21/C12,0) -> 0.78624 | D22: =IFERROR(D21/D12,0) -> 0.78895349 | E22: =IFERROR(E21/E12,0) -> 0.79143537 | F22: =IFERROR(F21/F12,0) -> 0.7972028 | G22: =IFERROR(G21/G12,0) -> 0.79137634 | I22: =IFERROR(I21/I12,0) -> 0.80043908 | J22: =IFERROR(J21/J12,0) -> 0.80515873 | K22: =IFERROR(K21/K12,0) -> 0.79855899 | L22: =IFERROR(L21/L12,0) -> 0.79855899 | M22: =IFERROR(M21/M12,0) -> 0.80061166 | O22: =IFERROR(O21/O12,0) -> 0.79855899 | P22: =IFERROR(P21/P12,0) -> 0.79855899 | Q22: =IFERROR(Q21/Q12,0) -> 0.79855899 | R22: =IFERROR(R21/R12,0) -> 0.79855899 | S22: =IFERROR(S21/S12,0) -> 0.79855899 | U22: =IFERROR(U21/U12,0) -> 0.79855899 | V22: =IFERROR(V21/V12,0) -> 0.79855899 | W22: =IFERROR(W21/W12,0) -> 0.79855899 | X22: =IFERROR(X21/X12,0) -> 0.79855899 | Y22: =IFERROR(Y21/Y12,0) -> 0.79855899 | AA22: =IFERROR(AA21/AA12,0) -> 0.79855899 | AB22: =IFERROR(AB21/AB12,0) -> 0.79855899 | AC22: =IFERROR(AC21/AC12,0) -> 0.79855899 | AD22: =IFERROR(AD21/AD12,0) -> 0.79855899 | AE22: =IFERROR(AE21/AE12,0) -> 0.79855899 | AG22: =IFERROR(AG21/AG12,0) -> 0.79855899 | AH22: =IFERROR(AH21/AH12,0) -> 0.79855899 | AI22: =IFERROR(AI21/AI12,0) -> 0.79855899 | AJ22: =IFERROR(AJ21/AJ12,0) -> 0.79855899 | AK22: =IFERROR(AK21/AK12,0) -> 0.79855899 | AM22: =IFERROR(AM21/AM12,0) -> 0.79855899 | AN22: =IFERROR(AN21/AN12,0) -> 0.79855899 | AO22: =IFERROR(AO21/AO12,0) -> 0.79855899 | AP22: =IFERROR(AP21/AP12,0) -> 0.79855899 | AQ22: =IFERROR(AQ21/AQ12,0) -> 0.79855899
B24: Operating Expenses
B25: Sales & Marketing | C25: =IS!C25 -> -937500 | D25: =IS!D25 -> -1032000 | E25: =IS!E25 -> -1097000 | F25: =IS!F25 -> -1161000 | G25: =SUM(C25:F25) -> -4227500 | I25: =IS!I25 -> -1230000 | J25: =IS!J25 -> -1310000 | K25: =IS!K25 -> -1199500 | L25: =IS!L25 -> -1199500 | M25: =SUM(I25:L25) -> -4939000 | O25: =IS!O25 -> -1235485 | P25: =IS!P25 -> -1235485 | Q25: =IS!Q25 -> -1235485 | R25: =IS!R25 -> -1235485 | S25: =SUM(O25:R25) -> -4941940 | U25: =IS!U25 -> -1272549.6 | V25: =IS!V25 -> -1272549.6 | W25: =IS!W25 -> -1272549.6 | X25: =IS!X25 -> -1272549.6 | Y25: =SUM(U25:X25) -> -5090198.2 | AA25: =IS!AA25 -> -1310726 | AB25: =IS!AB25 -> -1310726 | AC25: =IS!AC25 -> -1310726 | AD25: =IS!AD25 -> -1310726 | AE25: =SUM(AA25:AD25) -> -5242904.1 | AG25: =IS!AG25 -> -1350047.8 | AH25: =IS!AH25 -> -1350047.8 | AI25: =IS!AI25 -> -1350047.8 | AJ25: =IS!AJ25 -> -1350047.8 | AK25: =SUM(AG25:AJ25) -> -5400191.3 | AM25: =IS!AM25 -> -1390549.3 | AN25: =IS!AN25 -> -1390549.3 | AO25: =IS!AO25 -> -1390549.3 | AP25: =IS!AP25 -> -1390549.3 | AQ25: =SUM(AM25:AP25) -> -5562197
B26: Research & Development | C26: =IS!C26 -> -781000 | D26: =IS!D26 -> -860000 | E26: =IS!E26 -> -946000 | F26: =IS!F26 -> -1037000 | G26: =SUM(C26:F26) -> -3624000 | I26: =IS!I26 -> -1139000 | J26: =IS!J26 -> -1252000 | K26: =IS!K26 -> -1093500 | L26: =IS!L26 -> -1093500 | M26: =SUM(I26:L26) -> -4578000 | O26: =IS!O26 -> -1126305 | P26: =IS!P26 -> -1126305 | Q26: =IS!Q26 -> -1126305 | R26: =IS!R26 -> -1126305 | S26: =SUM(O26:R26) -> -4505220 | U26: =IS!U26 -> -1160094.2 | V26: =IS!V26 -> -1160094.2 | W26: =IS!W26 -> -1160094.2 | X26: =IS!X26 -> -1160094.2 | Y26: =SUM(U26:X26) -> -4640376.6 | AA26: =IS!AA26 -> -1194897 | AB26: =IS!AB26 -> -1194897 | AC26: =IS!AC26 -> -1194897 | AD26: =IS!AD26 -> -1194897 | AE26: =SUM(AA26:AD26) -> -4779587.9 | AG26: =IS!AG26 -> -1230743.9 | AH26: =IS!AH26 -> -1230743.9 | AI26: =IS!AI26 -> -1230743.9 | AJ26: =IS!AJ26 -> -1230743.9 | AK26: =SUM(AG26:AJ26) -> -4922975.5 | AM26: =IS!AM26 -> -1267666.2 | AN26: =IS!AN26 -> -1267666.2 | AO26: =IS!AO26 -> -1267666.2 | AP26: =IS!AP26 -> -1267666.2 | AQ26: =SUM(AM26:AP26) -> -5070664.8
B27: General & Administrative | C27: =IS!C27 -> -375000 | D27: =IS!D27 -> -395000 | E27: =IS!E27 -> -415000 | F27: =IS!F27 -> -435000 | G27: =SUM(C27:F27) -> -1620000 | I27: =IS!I27 -> -460000 | J27: =IS!J27 -> -488000 | K27: =IS!K27 -> -449500 | L27: =IS!L27 -> -449500 | M27: =SUM(I27:L27) -> -1847000 | O27: =IS!O27 -> -462985 | P27: =IS!P27 -> -462985 | Q27: =IS!Q27 -> -462985 | R27: =IS!R27 -> -462985 | S27: =SUM(O27:R27) -> -1851940 | U27: =IS!U27 -> -476874.55 | V27: =IS!V27 -> -476874.55 | W27: =IS!W27 -> -476874.55 | X27: =IS!X27 -> -476874.55 | Y27: =SUM(U27:X27) -> -1907498.2 | AA27: =IS!AA27 -> -491180.79 | AB27: =IS!AB27 -> -491180.79 | AC27: =IS!AC27 -> -491180.79 | AD27: =IS!AD27 -> -491180.79 | AE27: =SUM(AA27:AD27) -> -1964723.1 | AG27: =IS!AG27 -> -505916.21 | AH27: =IS!AH27 -> -505916.21 | AI27: =IS!AI27 -> -505916.21 | AJ27: =IS!AJ27 -> -505916.21 | AK27: =SUM(AG27:AJ27) -> -2023664.8 | AM27: =IS!AM27 -> -521093.7 | AN27: =IS!AN27 -> -521093.7 | AO27: =IS!AO27 -> -521093.7 | AP27: =IS!AP27 -> -521093.7 | AQ27: =SUM(AM27:AP27) -> -2084374.8
B28: Depreciation & Amortization | C28: =IS!C28 -> 0 | D28: =IS!D28 -> 0 | E28: =IS!E28 -> 0 | F28: =IS!F28 -> 0 | G28: =SUM(C28:F28) -> 0 | I28: =IS!I28 -> 0 | J28: =IS!J28 -> 0 | K28: =K166+K152+K159 -> 0 | L28: =L166+L152+L159 -> 0 | M28: =SUM(I28:L28) -> 0 | O28: =O166+O152+O159 -> 0 | P28: =P166+P152+P159 -> 0 | Q28: =Q166+Q152+Q159 -> 0 | R28: =R166+R152+R159 -> 0 | S28: =SUM(O28:R28) -> 0 | U28: =U166+U152+U159 -> 0 | V28: =V166+V152+V159 -> 0 | W28: =W166+W152+W159 -> 0 | X28: =X166+X152+X159 -> 0 | Y28: =SUM(U28:X28) -> 0 | AA28: =AA166+AA152+AA159 -> 0 | AB28: =AB166+AB152+AB159 -> 0 | AC28: =AC166+AC152+AC159 -> 0 | AD28: =AD166+AD152+AD159 -> 0 | AE28: =SUM(AA28:AD28) -> 0 | AG28: =AG166+AG152+AG159 -> 0 | AH28: =AH166+AH152+AH159 -> 0 | AI28: =AI166+AI152+AI159 -> 0 | AJ28: =AJ166+AJ152+AJ159 -> 0 | AK28: =SUM(AG28:AJ28) -> 0 | AM28: =AM166+AM152+AM159 -> 0 | AN28: =AN166+AN152+AN159 -> 0 | AO28: =AO166+AO152+AO159 -> 0 | AP28: =AP166+AP152+AP159 -> 0 | AQ28: =SUM(AM28:AP28) -> 0
B29: Total Operating Expenses | C29: =SUM(C25,C26,C27,C28) -> -2093500 | D29: =SUM(D25,D26,D27,D28) -> -2287000 | E29: =SUM(E25,E26,E27,E28) -> -2458000 | F29: =SUM(F25,F26,F27,F28) -> -2633000 | G29: =SUM(C29:F29) -> -9471500 | I29: =SUM(I25,I26,I27,I28) -> -2829000 | J29: =SUM(J25,J26,J27,J28) -> -3050000 | K29: =SUM(K25,K26,K27,K28) -> -2742500 | L29: =SUM(L25,L26,L27,L28) -> -2742500 | M29: =SUM(I29:L29) -> -11364000 | O29: =SUM(O25,O26,O27,O28) -> -2824775 | P29: =SUM(P25,P26,P27,P28) -> -2824775 | Q29: =SUM(Q25,Q26,Q27,Q28) -> -2824775 | R29: =SUM(R25,R26,R27,R28) -> -2824775 | S29: =SUM(O29:R29) -> -11299100 | U29: =SUM(U25,U26,U27,U28) -> -2909518.2 | V29: =SUM(V25,V26,V27,V28) -> -2909518.2 | W29: =SUM(W25,W26,W27,W28) -> -2909518.2 | X29: =SUM(X25,X26,X27,X28) -> -2909518.2 | Y29: =SUM(U29:X29) -> -11638073 | AA29: =SUM(AA25,AA26,AA27,AA28) -> -2996803.8 | AB29: =SUM(AB25,AB26,AB27,AB28) -> -2996803.8 | AC29: =SUM(AC25,AC26,AC27,AC28) -> -2996803.8 | AD29: =SUM(AD25,AD26,AD27,AD28) -> -2996803.8 | AE29: =SUM(AA29:AD29) -> -11987215 | AG29: =SUM(AG25,AG26,AG27,AG28) -> -3086707.9 | AH29: =SUM(AH25,AH26,AH27,AH28) -> -3086707.9 | AI29: =SUM(AI25,AI26,AI27,AI28) -> -3086707.9 | AJ29: =SUM(AJ25,AJ26,AJ27,AJ28) -> -3086707.9 | AK29: =SUM(AG29:AJ29) -> -12346832 | AM29: =SUM(AM25,AM26,AM27,AM28) -> -3179309.1 | AN29: =SUM(AN25,AN26,AN27,AN28) -> -3179309.1 | AO29: =SUM(AO25,AO26,AO27,AO28) -> -3179309.1 | AP29: =SUM(AP25,AP26,AP27,AP28) -> -3179309.1 | AQ29: =SUM(AM29:AP29) -> -12717237
B31: Operating Income | C31: =C21+C29 -> 363500 | D31: =D21+D29 -> 427000 | E31: =E21+E29 -> 536000 | F31: =F21+F29 -> 673000 | G31: =SUM(C31:F31) -> 1999500 | I31: =I21+I29 -> 817000 | J31: =J21+J29 -> 1008000 | K31: =K21+K29 -> 1446920.7 | L31: =L21+L29 -> 1677884.4 | M31: =SUM(I31:L31) -> 4949805.1 | O31: =O21+O29 -> 1819280.2 | P31: =P21+P29 -> 2042950.9 | Q31: =Q21+Q29 -> 2187125.1 | R31: =R21+R29 -> 2388130.5 | S31: =SUM(O31:R31) -> 8437486.6 | U31: =U21+U29 -> 2514055.2 | V31: =V21+V29 -> 2724723.2 | W31: =W21+W29 -> 2831867.8 | X31: =X21+X29 -> 3019211.7 | Y31: =SUM(U31:X31) -> 11089858 | AA31: =AA21+AA29 -> 3129898.9 | AB31: =AB21+AB29 -> 3311794.4 | AC31: =AC21+AC29 -> 3397499.1 | AD31: =AD21+AD29 -> 3571423 | AE31: =SUM(AA31:AD31) -> 13410615 | AG31: =AG21+AG29 -> 3667134.5 | AH31: =AH21+AH29 -> 3836672.9 | AI31: =AI21+AI29 -> 3900401.4 | AJ31: =AJ21+AJ29 -> 4061171.1 | AK31: =SUM(AG31:AJ31) -> 15465380 | AM31: =AM21+AM29 -> 4142200.3 | AN31: =AN21+AN29 -> 4299753.7 | AO31: =AO21+AO29 -> 4340916.1 | AP31: =AP21+AP29 -> 4488823.8 | AQ31: =SUM(AM31:AP31) -> 17271694
B32: Margin % | C32: =IFERROR(C31/C12,0) -> 0.11632 | D32: =IFERROR(D31/D12,0) -> 0.12412791 | E32: =IFERROR(E31/E12,0) -> 0.14168649 | F32: =IFERROR(F31/F12,0) -> 0.16228599 | G32: =IFERROR(G31/G12,0) -> 0.13794412 | I32: =IFERROR(I31/I12,0) -> 0.17936334 | J32: =IFERROR(J31/J12,0) -> 0.2 | K32: =IFERROR(K31/K12,0) -> 0.27580222 | L32: =IFERROR(L31/L12,0) -> 0.3031161 | M32: =IFERROR(M31/M12,0) -> 0.24291523 | O32: =IFERROR(O31/O12,0) -> 0.31283059 | P32: =IFERROR(P31/P12,0) -> 0.33514969 | Q32: =IFERROR(Q31/Q12,0) -> 0.34848029 | R32: =IFERROR(R31/R12,0) -> 0.36583496 | S32: =IFERROR(S31/S12,0) -> 0.34138785 | U32: =IFERROR(U31/U12,0) -> 0.3701658 | V32: =IFERROR(V31/V12,0) -> 0.3861837 | W32: =IFERROR(W31/W12,0) -> 0.39387937 | X32: =IFERROR(X31/X12,0) -> 0.40666697 | Y32: =IFERROR(Y31/Y12,0) -> 0.38964857 | AA32: =IFERROR(AA31/AA12,0) -> 0.40795335 | AB32: =IFERROR(AB31/AB12,0) -> 0.41921567 | AC32: =IFERROR(AC31/AC12,0) -> 0.42430011 | AD32: =IFERROR(AD31/AD12,0) -> 0.43421033 | AE32: =IFERROR(AE31/AE12,0) -> 0.42165678 | AG32: =IFERROR(AG31/AG12,0) -> 0.43359366 | AH32: =IFERROR(AH31/AH12,0) -> 0.44253086 | AI32: =IFERROR(AI31/AI12,0) -> 0.44577814 | AJ32: =IFERROR(AJ31/AJ12,0) -> 0.45371287 | AK32: =IFERROR(AK31/AK12,0) -> 0.4440502 | AM32: =IFERROR(AM31/AM12,0) -> 0.4517909 | AN32: =IFERROR(AN31/AN12,0) -> 0.45909589 | AO32: =IFERROR(AO31/AO12,0) -> 0.46095396 | AP32: =IFERROR(AP31/AP12,0) -> 0.46746589 | AQ32: =IFERROR(AQ31/AQ12,0) -> 0.45991859
B34: Other Income / (Expense)
B35: Interest Expense | C35: =IS!C35 -> -25000 | D35: =IS!D35 -> -25000 | E35: =IS!E35 -> -24000 | F35: =IS!F35 -> -23000 | G35: =SUM(C35:F35) -> -97000 | I35: =IS!I35 -> -22000 | J35: =IS!J35 -> -21000 | K35: =K191 -> -19250 | L35: =L191 -> -19250 | M35: =SUM(I35:L35) -> -81500 | O35: =O191 -> 0 | P35: =P191 -> 0 | Q35: =Q191 -> 0 | R35: =R191 -> 0 | S35: =SUM(O35:R35) -> 0 | U35: =U191 -> 0 | V35: =V191 -> 0 | W35: =W191 -> 0 | X35: =X191 -> 0 | Y35: =SUM(U35:X35) -> 0 | AA35: =AA191 -> 0 | AB35: =AB191 -> 0 | AC35: =AC191 -> 0 | AD35: =AD191 -> 0 | AE35: =SUM(AA35:AD35) -> 0 | AG35: =AG191 -> 0 | AH35: =AH191 -> 0 | AI35: =AI191 -> 0 | AJ35: =AJ191 -> 0 | AK35: =SUM(AG35:AJ35) -> 0 | AM35: =AM191 -> 0 | AN35: =AN191 -> 0 | AO35: =AO191 -> 0 | AP35: =AP191 -> 0 | AQ35: =SUM(AM35:AP35) -> 0
B36: Other Income (Expense) | C36: =IS!C36 -> 12000 | D36: =IS!D36 -> 15000 | E36: =IS!E36 -> 18000 | F36: =IS!F36 -> 20000 | G36: =SUM(C36:F36) -> 65000 | I36: =IS!I36 -> 22000 | J36: =IS!J36 -> 24000 | K36: =IS!K36 -> 21000 | L36: =IS!L36 -> 21000 | M36: =SUM(I36:L36) -> 88000 | O36: =IS!O36 -> 21630 | P36: =IS!P36 -> 21630 | Q36: =IS!Q36 -> 21630 | R36: =IS!R36 -> 21630 | S36: =SUM(O36:R36) -> 86520 | U36: =IS!U36 -> 22278.9 | V36: =IS!V36 -> 22278.9 | W36: =IS!W36 -> 22278.9 | X36: =IS!X36 -> 22278.9 | Y36: =SUM(U36:X36) -> 89115.6 | AA36: =IS!AA36 -> 22947.267 | AB36: =IS!AB36 -> 22947.267 | AC36: =IS!AC36 -> 22947.267 | AD36: =IS!AD36 -> 22947.267 | AE36: =SUM(AA36:AD36) -> 91789.068 | AG36: =IS!AG36 -> 23635.685 | AH36: =IS!AH36 -> 23635.685 | AI36: =IS!AI36 -> 23635.685 | AJ36: =IS!AJ36 -> 23635.685 | AK36: =SUM(AG36:AJ36) -> 94542.74 | AM36: =IS!AM36 -> 24344.756 | AN36: =IS!AN36 -> 24344.756 | AO36: =IS!AO36 -> 24344.756 | AP36: =IS!AP36 -> 24344.756 | AQ36: =SUM(AM36:AP36) -> 97379.022
B37: Interest Expense (Senior Term Debt) | C37: =C38+C39 -> 0 | D37: =D38+D39 -> 0 | E37: =E38+E39 -> 0 | F37: =F38+F39 -> 0 | G37: =SUM(C37:F37) -> 0 | I37: =I38+I39 -> 0 | J37: =J38+J39 -> 0 | K37: =K38+K39 -> 0 | L37: =L38+L39 -> 0 | M37: =SUM(I37:L37) -> 0 | O37: =O38+O39 -> -512110.76 | P37: =P38+P39 -> -499873.5 | Q37: =Q38+Q39 -> -480399.22 | R37: =R38+R39 -> -458676.81 | S37: =SUM(O37:R37) -> -1951060.3 | U37: =U38+U39 -> -431278.63 | V37: =V38+V39 -> -402023.59 | W37: =W38+W39 -> -366572.3 | X37: =X38+X39 -> -329284.9 | Y37: =SUM(U37:X37) -> -1529159.4 | AA37: =AA38+AA39 -> -286499.49 | AB37: =AB38+AB39 -> -241811.78 | AC37: =AC38+AC39 -> -191440.3 | AD37: =AD38+AD39 -> -140409.07 | AE37: =SUM(AA37:AD37) -> -860160.65 | AG37: =AG38+AG39 -> -69256.479 | AH37: =AH38+AH39 -> 7.7782897e-08 | AI37: =AI38+AI39 -> 0 | AJ37: =AJ38+AJ39 -> 0 | AK37: =SUM(AG37:AJ37) -> -69256.479 | AM37: =AM38+AM39 -> 0 | AN37: =AN38+AN39 -> 0 | AO37: =AO38+AO39 -> 0 | AP37: =AP38+AP39 -> 0 | AQ37: =SUM(AM37:AP37) -> 0
B38: Cash Interest | C38: =IS!C38 -> 0 | D38: =IS!D38 -> 0 | E38: =IS!E38 -> 0 | F38: =IS!F38 -> 0 | G38: =SUM(C38:F38) -> 0 | I38: =IS!I38 -> 0 | J38: =IS!J38 -> 0 | K38: =K192 -> 0 | L38: =L192 -> 0 | M38: =SUM(I38:L38) -> 0 | O38: =O192 -> -494980.51 | P38: =P192 -> -478881.8 | Q38: =Q192 -> -457435.78 | R38: =R192 -> -432841.37 | S38: =SUM(O38:R38) -> -1864139.5 | U38: =U192 -> -403789.12 | V38: =V192 -> -371700.21 | W38: =W192 -> -334890.98 | X38: =X192 -> -295177.64 | Y38: =SUM(U38:X38) -> -1405558 | AA38: =AA192 -> -251046.76 | AB38: =AB192 -> -203886.53 | AC38: =AC192 -> -152211.35 | AD38: =AD192 -> -97822.035 | AE38: =SUM(AA38:AD38) -> -704966.67 | AG38: =AG192 -> -38988.334 | AH38: =AH192 -> -2.9458897e-08 | AI38: =AI192 -> 0 | AJ38: =AJ192 -> 0 | AK38: =SUM(AG38:AJ38) -> -38988.334 | AM38: =AM192 -> 0 | AN38: =AN192 -> 0 | AO38: =AO192 -> 0 | AP38: =AP192 -> 0 | AQ38: =SUM(AM38:AP38) -> 0
B39: Amortized Financing Fees | C39: =IS!C39 -> 0 | D39: =IS!D39 -> 0 | E39: =IS!E39 -> 0 | F39: =IS!F39 -> 0 | G39: =SUM(C39:F39) -> 0 | I39: =IS!I39 -> 0 | J39: =IS!J39 -> 0 | K39: =K193 -> 0 | L39: =L193 -> 0 | M39: =SUM(I39:L39) -> 0 | O39: =O193 -> -17130.245 | P39: =P193 -> -20991.694 | Q39: =Q193 -> -22963.449 | R39: =R193 -> -25835.437 | S39: =SUM(O39:R39) -> -86920.824 | U39: =U193 -> -27489.507 | V39: =V193 -> -30323.376 | W39: =W193 -> -31681.327 | X39: =X193 -> -34107.258 | Y39: =SUM(U39:X39) -> -123601.47 | AA39: =AA193 -> -35452.731 | AB39: =AB193 -> -37925.251 | AC39: =AC193 -> -39228.952 | AD39: =AD193 -> -42587.039 | AE39: =SUM(AA39:AD39) -> -155193.97 | AG39: =AG193 -> -30268.145 | AH39: =AH193 -> -3.301102e-08 | AI39: =AI193 -> 0 | AJ39: =AJ193 -> 0 | AK39: =SUM(AG39:AJ39) -> -30268.145 | AM39: =AM193 -> 0 | AN39: =AN193 -> 0 | AO39: =AO193 -> 0 | AP39: =AP193 -> 0 | AQ39: =SUM(AM39:AP39) -> 0
B40: Interest Expense (Seller Note) | C40: =IS!C40 -> 0 | D40: =IS!D40 -> 0 | E40: =IS!E40 -> 0 | F40: =IS!F40 -> 0 | G40: =SUM(C40:F40) -> 0 | I40: =IS!I40 -> 0 | J40: =IS!J40 -> 0 | K40: =K194 -> 0 | L40: =L194 -> 0 | M40: =SUM(I40:L40) -> 0 | O40: =O194 -> -98996.103 | P40: =P194 -> -95741.992 | Q40: =Q194 -> -92422.799 | R40: =R194 -> -89037.223 | S40: =SUM(O40:R40) -> -376198.12 | U40: =U194 -> -85583.935 | V40: =V194 -> -82061.581 | W40: =W194 -> -78468.78 | X40: =X194 -> -74804.123 | Y40: =SUM(U40:X40) -> -320918.42 | AA40: =AA194 -> -71066.173 | AB40: =AB194 -> -67253.464 | AC40: =AC194 -> -63364.5 | AD40: =AD194 -> -59397.758 | AE40: =SUM(AA40:AD40) -> -261081.89 | AG40: =AG194 -> -55351.68 | AH40: =AH194 -> -32994.133 | AI40: =AI194 -> -3.0361116e-08 | AJ40: =AJ194 -> 0 | AK40: =SUM(AG40:AJ40) -> -88345.813 | AM40: =AM194 -> 0 | AN40: =AN194 -> 0 | AO40: =AO194 -> 0 | AP40: =AP194 -> 0 | AQ40: =SUM(AM40:AP40) -> 0
B41: Total Other Income / (Expense) | C41: =SUM(C35,C36,C37,C40) -> -13000 | D41: =SUM(D35,D36,D37,D40) -> -10000 | E41: =SUM(E35,E36,E37,E40) -> -6000 | F41: =SUM(F35,F36,F37,F40) -> -3000 | G41: =SUM(C41:F41) -> -32000 | I41: =SUM(I35,I36,I37,I40) -> 0 | J41: =SUM(J35,J36,J37,J40) -> 3000 | K41: =SUM(K35,K36,K37,K40) -> 1750 | L41: =SUM(L35,L36,L37,L40) -> 1750 | M41: =SUM(I41:L41) -> 6500 | O41: =SUM(O35,O36,O37,O40) -> -589476.86 | P41: =SUM(P35,P36,P37,P40) -> -573985.49 | Q41: =SUM(Q35,Q36,Q37,Q40) -> -551192.02 | R41: =SUM(R35,R36,R37,R40) -> -526084.03 | S41: =SUM(O41:R41) -> -2240738.4 | U41: =SUM(U35,U36,U37,U40) -> -494583.67 | V41: =SUM(V35,V36,V37,V40) -> -461806.27 | W41: =SUM(W35,W36,W37,W40) -> -422762.18 | X41: =SUM(X35,X36,X37,X40) -> -381810.12 | Y41: =SUM(U41:X41) -> -1760962.2 | AA41: =SUM(AA35,AA36,AA37,AA40) -> -334618.4 | AB41: =SUM(AB35,AB36,AB37,AB40) -> -286117.97 | AC41: =SUM(AC35,AC36,AC37,AC40) -> -231857.54 | AD41: =SUM(AD35,AD36,AD37,AD40) -> -176859.56 | AE41: =SUM(AA41:AD41) -> -1029453.5 | AG41: =SUM(AG35,AG36,AG37,AG40) -> -100972.47 | AH41: =SUM(AH35,AH36,AH37,AH40) -> -9358.4475 | AI41: =SUM(AI35,AI36,AI37,AI40) -> 23635.685 | AJ41: =SUM(AJ35,AJ36,AJ37,AJ40) -> 23635.685 | AK41: =SUM(AG41:AJ41) -> -63059.552 | AM41: =SUM(AM35,AM36,AM37,AM40) -> 24344.756 | AN41: =SUM(AN35,AN36,AN37,AN40) -> 24344.756 | AO41: =SUM(AO35,AO36,AO37,AO40) -> 24344.756 | AP41: =SUM(AP35,AP36,AP37,AP40) -> 24344.756 | AQ41: =SUM(AM41:AP41) -> 97379.022
B43: Earnings before Tax | C43: =C31+C41 -> 350500 | D43: =D31+D41 -> 417000 | E43: =E31+E41 -> 530000 | F43: =F31+F41 -> 670000 | G43: =SUM(C43:F43) -> 1967500 | I43: =I31+I41 -> 817000 | J43: =J31+J41 -> 1011000 | K43: =K31+K41 -> 1448670.7 | L43: =L31+L41 -> 1679634.4 | M43: =SUM(I43:L43) -> 4956305.1 | O43: =O31+O41 -> 1229803.3 | P43: =P31+P41 -> 1468965.4 | Q43: =Q31+Q41 -> 1635933 | R43: =R31+R41 -> 1862046.5 | S43: =SUM(O43:R43) -> 6196748.2 | U43: =U31+U41 -> 2019471.6 | V43: =V31+V41 -> 2262916.9 | W43: =W31+W41 -> 2409105.6 | X43: =X31+X41 -> 2637401.6 | Y43: =SUM(U43:X43) -> 9328895.7 | AA43: =AA31+AA41 -> 2795280.5 | AB43: =AB31+AB41 -> 3025676.4 | AC43: =AC31+AC41 -> 3165641.5 | AD43: =AD31+AD41 -> 3394563.4 | AE43: =SUM(AA43:AD43) -> 12381162 | AG43: =AG31+AG41 -> 3566162 | AH43: =AH31+AH41 -> 3827314.4 | AI43: =AI31+AI41 -> 3924037.1 | AJ43: =AJ31+AJ41 -> 4084806.7 | AK43: =SUM(AG43:AJ43) -> 15402320 | AM43: =AM31+AM41 -> 4166545.1 | AN43: =AN31+AN41 -> 4324098.4 | AO43: =AO31+AO41 -> 4365260.9 | AP43: =AP31+AP41 -> 4513168.6 | AQ43: =SUM(AM43:AP43) -> 17369073
B45: Income Tax Expense | C45: =IS!C45 -> -70100 | D45: =IS!D45 -> -83400 | E45: =IS!E45 -> -106000 | F45: =IS!F45 -> -134000 | G45: =SUM(C45:F45) -> -393500 | I45: =IS!I45 -> -163400 | J45: =IS!J45 -> -202200 | K45: =K98 -> -333194.26 | L45: =L98 -> -386315.92 | M45: =SUM(I45:L45) -> -1085110.2 | O45: =O98 -> -282854.76 | P45: =P98 -> -337862.04 | Q45: =Q98 -> -376264.6 | R45: =R98 -> -428270.68 | S45: =SUM(O45:R45) -> -1425252.1 | U45: =U98 -> -464478.46 | V45: =V98 -> -520470.9 | W45: =W98 -> -554094.29 | X45: =X98 -> -606602.36 | Y45: =SUM(U45:X45) -> -2145646 | AA45: =AA98 -> -642914.5 | AB45: =AB98 -> -695905.57 | AC45: =AC98 -> -728097.55 | AD45: =AD98 -> -780749.58 | AE45: =SUM(AA45:AD45) -> -2847667.2 | AG45: =AG98 -> -820217.26 | AH45: =AH98 -> -880282.32 | AI45: =AI98 -> -902528.53 | AJ45: =AJ98 -> -939505.55 | AK45: =SUM(AG45:AJ45) -> -3542533.7 | AM45: =AM98 -> -958305.37 | AN45: =AN98 -> -994542.64 | AO45: =AO98 -> -1004010 | AP45: =AP98 -> -1038028.8 | AQ45: =SUM(AM45:AP45) -> -3994886.8
B46: Net Income | C46: =C43+SUM(C45) -> 280400 | D46: =D43+SUM(D45) -> 333600 | E46: =E43+SUM(E45) -> 424000 | F46: =F43+SUM(F45) -> 536000 | G46: =SUM(C46:F46) -> 1574000 | I46: =I43+SUM(I45) -> 653600 | J46: =J43+SUM(J45) -> 808800 | K46: =K43+SUM(K45) -> 1115476.4 | L46: =L43+SUM(L45) -> 1293318.5 | M46: =SUM(I46:L46) -> 3871194.9 | O46: =O43+SUM(O45) -> 946948.54 | P46: =P43+SUM(P45) -> 1131103.4 | Q46: =Q43+SUM(Q45) -> 1259668.4 | R46: =R43+SUM(R45) -> 1433775.8 | S46: =SUM(O46:R46) -> 4771496.1 | U46: =U43+SUM(U45) -> 1554993.1 | V46: =V43+SUM(V45) -> 1742446 | W46: =W43+SUM(W45) -> 1855011.3 | X46: =X43+SUM(X45) -> 2030799.2 | Y46: =SUM(U46:X46) -> 7183249.7 | AA46: =AA43+SUM(AA45) -> 2152365.9 | AB46: =AB43+SUM(AB45) -> 2329770.8 | AC46: =AC43+SUM(AC45) -> 2437544 | AD46: =AD43+SUM(AD45) -> 2613813.8 | AE46: =SUM(AA46:AD46) -> 9533494.6 | AG46: =AG43+SUM(AG45) -> 2745944.7 | AH46: =AH43+SUM(AH45) -> 2947032.1 | AI46: =AI43+SUM(AI45) -> 3021508.6 | AJ46: =AJ43+SUM(AJ45) -> 3145301.2 | AK46: =SUM(AG46:AJ46) -> 11859787 | AM46: =AM43+SUM(AM45) -> 3208239.7 | AN46: =AN43+SUM(AN45) -> 3329555.8 | AO46: =AO43+SUM(AO45) -> 3361250.9 | AP46: =AP43+SUM(AP45) -> 3475139.8 | AQ46: =SUM(AM46:AP46) -> 13374186
B47: Margin % | C47: =IFERROR(C46/C12,0) -> 0.089728 | D47: =IFERROR(D46/D12,0) -> 0.096976744 | E47: =IFERROR(E46/E12,0) -> 0.11208036 | F47: =IFERROR(F46/F12,0) -> 0.12925006 | G47: =IFERROR(G46/G12,0) -> 0.10858917 | I47: =IFERROR(I46/I12,0) -> 0.14349067 | J47: =IFERROR(J46/J12,0) -> 0.16047619 | K47: =IFERROR(K46/K12,0) -> 0.21262456 | L47: =IFERROR(L46/L12,0) -> 0.23364283 | M47: =IFERROR(M46/M12,0) -> 0.18998166 | O47: =IFERROR(O46/O12,0) -> 0.1628306 | P47: =IFERROR(P46/P12,0) -> 0.18555949 | Q47: =IFERROR(Q46/Q12,0) -> 0.20070623 | R47: =IFERROR(R46/R12,0) -> 0.21963846 | S47: =IFERROR(S46/S12,0) -> 0.19305877 | U47: =IFERROR(U46/U12,0) -> 0.2289549 | V47: =IFERROR(V46/V12,0) -> 0.24696243 | W47: =IFERROR(W46/W12,0) -> 0.25801017 | X47: =IFERROR(X46/X12,0) -> 0.27353463 | Y47: =IFERROR(Y46/Y12,0) -> 0.25238763 | AA47: =IFERROR(AA46/AA12,0) -> 0.28054098 | AB47: =IFERROR(AB46/AB12,0) -> 0.29490854 | AC47: =IFERROR(AC46/AC12,0) -> 0.30441515 | AD47: =IFERROR(AD46/AD12,0) -> 0.31778509 | AE47: =IFERROR(AE46/AE12,0) -> 0.29975229 | AG47: =IFERROR(AG46/AG12,0) -> 0.32467427 | AH47: =IFERROR(AH46/AH12,0) -> 0.3399176 | AI47: =IFERROR(AI46/AI12,0) -> 0.34532919 | AJ47: =IFERROR(AJ46/AJ12,0) -> 0.35139215 | AK47: =IFERROR(AK46/AK12,0) -> 0.34052449 | AM47: =IFERROR(AM46/AM12,0) -> 0.34992356 | AN47: =IFERROR(AN46/AN12,0) -> 0.35550533 | AO47: =IFERROR(AO46/AO12,0) -> 0.35692509 | AP47: =IFERROR(AP46/AP12,0) -> 0.36190089 | AQ47: =IFERROR(AQ46/AQ12,0) -> 0.35613396
B51: Balance Sheet
B53: Assets
B54: Cash & Cash Equivalents | C54: 4626000 | D54: 4979600 | E54: 5427600 | F54: 5988600 | G54: =F54 -> 5988600 | I54: 6665200 | J54: 7522200 | K54: =J54+K259 -> 8323889 | L54: =Transaction!E50 -> 2000000 | M54: =L54 -> 2000000 | O54: =L54+O259 -> 2000000 | P54: =O54+P259 -> 2000000 | Q54: =P54+Q259 -> 2000000 | R54: =Q54+R259 -> 2000000 | S54: =R54 -> 2000000 | U54: =R54+U259 -> 2000000 | V54: =U54+V259 -> 2000000 | W54: =V54+W259 -> 2000000 | X54: =W54+X259 -> 2000000 | Y54: =X54 -> 2000000 | AA54: =X54+AA259 -> 2000000 | AB54: =AA54+AB259 -> 2000000 | AC54: =AB54+AC259 -> 2000000 | AD54: =AC54+AD259 -> 2000000 | AE54: =AD54 -> 2000000 | AG54: =AD54+AG259 -> 2000000 | AH54: =AG54+AH259 -> 3200470.1 | AI54: =AH54+AI259 -> 6128585.6 | AJ54: =AI54+AJ259 -> 9182566 | AK54: =AJ54 -> 9182566 | AM54: =AJ54+AM259 -> 12301373 | AN54: =AM54+AN259 -> 15543385 | AO54: =AN54+AO259 -> 18820646 | AP54: =AO54+AP259 -> 22213823 | AQ54: =AP54 -> 22213823
B55: Accounts Receivable | C55: 1560000 | D55: 1720000 | E55: 1890000 | F55: 2074000 | G55: =F55 -> 2074000 | I55: 2278000 | J55: 2520000 | K55: =K105 -> 2907894.5 | L55: =Transaction!E51 -> 3120524.6 | M55: =L55 -> 3120524.6 | O55: =O105 -> 3313566.9 | P55: =P105 -> 3475229.2 | Q55: =Q105 -> 3632958.5 | R55: =R105 -> 3784942.6 | S55: =R55 -> 3784942.6 | U55: =U105 -> 3934433.1 | V55: =V105 -> 4081430 | W55: =W105 -> 4221325.6 | X55: =X105 -> 4358601.4 | Y55: =X55 -> 4358601.4 | AA55: =AA105 -> 4493442.5 | AB55: =AB105 -> 4622765.8 | AC55: =AC105 -> 4747977.6 | AD55: =AD105 -> 4870615.8 | AE55: =AD55 -> 4870615.8 | AG55: =AG105 -> 4990884.2 | AH55: =AH105 -> 5108782.8 | AI55: =AI105 -> 5222467 | AJ55: =AJ105 -> 5333628.6 | AK55: =AJ55 -> 5333628.6 | AM55: =AM105 -> 5442491.8 | AN55: =AN105 -> 5549056.6 | AO55: =AO105 -> 5651293.7 | AP55: =AP105 -> 5751064.4 | AQ55: =AP55 -> 5751064.4
B56: Prepaid Expenses | C56: 180000 | D56: 195000 | E56: 210000 | F56: 225000 | G56: =F56 -> 225000 | I56: 240000 | J56: 255000 | K56: =K106 -> 255000 | L56: =Transaction!E52 -> 255000 | M56: =L56 -> 255000 | O56: =O106 -> 255000 | P56: =P106 -> 255000 | Q56: =Q106 -> 255000 | R56: =R106 -> 255000 | S56: =R56 -> 255000 | U56: =U106 -> 255000 | V56: =V106 -> 255000 | W56: =W106 -> 255000 | X56: =X106 -> 255000 | Y56: =X56 -> 255000 | AA56: =AA106 -> 255000 | AB56: =AB106 -> 255000 | AC56: =AC106 -> 255000 | AD56: =AD106 -> 255000 | AE56: =AD56 -> 255000 | AG56: =AG106 -> 255000 | AH56: =AH106 -> 255000 | AI56: =AI106 -> 255000 | AJ56: =AJ106 -> 255000 | AK56: =AJ56 -> 255000 | AM56: =AM106 -> 255000 | AN56: =AN106 -> 255000 | AO56: =AO106 -> 255000 | AP56: =AP106 -> 255000 | AQ56: =AP56 -> 255000
B57: Other Current Assets | C57: 75000 | D57: 80000 | E57: 85000 | F57: 90000 | G57: =F57 -> 90000 | I57: 95000 | J57: 100000 | K57: =K107 -> 100000 | L57: =Transaction!E53 -> 100000 | M57: =L57 -> 100000 | O57: =O107 -> 100000 | P57: =P107 -> 100000 | Q57: =Q107 -> 100000 | R57: =R107 -> 100000 | S57: =R57 -> 100000 | U57: =U107 -> 100000 | V57: =V107 -> 100000 | W57: =W107 -> 100000 | X57: =X107 -> 100000 | Y57: =X57 -> 100000 | AA57: =AA107 -> 100000 | AB57: =AB107 -> 100000 | AC57: =AC107 -> 100000 | AD57: =AD107 -> 100000 | AE57: =AD57 -> 100000 | AG57: =AG107 -> 100000 | AH57: =AH107 -> 100000 | AI57: =AI107 -> 100000 | AJ57: =AJ107 -> 100000 | AK57: =AJ57 -> 100000 | AM57: =AM107 -> 100000 | AN57: =AN107 -> 100000 | AO57: =AO107 -> 100000 | AP57: =AP107 -> 100000 | AQ57: =AP57 -> 100000
B58: Total Current Assets | C58: =SUM(C54,C55,C56,C57) -> 6441000 | D58: =SUM(D54,D55,D56,D57) -> 6974600 | E58: =SUM(E54,E55,E56,E57) -> 7612600 | F58: =SUM(F54,F55,F56,F57) -> 8377600 | G58: =F58 -> 8377600 | I58: =SUM(I54,I55,I56,I57) -> 9278200 | J58: =SUM(J54,J55,J56,J57) -> 10397200 | K58: =SUM(K54,K55,K56,K57) -> 11586783 | L58: =SUM(L54,L55,L56,L57) -> 5475524.6 | M58: =L58 -> 5475524.6 | O58: =SUM(O54,O55,O56,O57) -> 5668566.9 | P58: =SUM(P54,P55,P56,P57) -> 5830229.2 | Q58: =SUM(Q54,Q55,Q56,Q57) -> 5987958.5 | R58: =SUM(R54,R55,R56,R57) -> 6139942.6 | S58: =R58 -> 6139942.6 | U58: =SUM(U54,U55,U56,U57) -> 6289433.1 | V58: =SUM(V54,V55,V56,V57) -> 6436430 | W58: =SUM(W54,W55,W56,W57) -> 6576325.6 | X58: =SUM(X54,X55,X56,X57) -> 6713601.4 | Y58: =X58 -> 6713601.4 | AA58: =SUM(AA54,AA55,AA56,AA57) -> 6848442.5 | AB58: =SUM(AB54,AB55,AB56,AB57) -> 6977765.8 | AC58: =SUM(AC54,AC55,AC56,AC57) -> 7102977.6 | AD58: =SUM(AD54,AD55,AD56,AD57) -> 7225615.8 | AE58: =AD58 -> 7225615.8 | AG58: =SUM(AG54,AG55,AG56,AG57) -> 7345884.2 | AH58: =SUM(AH54,AH55,AH56,AH57) -> 8664253 | AI58: =SUM(AI54,AI55,AI56,AI57) -> 11706053 | AJ58: =SUM(AJ54,AJ55,AJ56,AJ57) -> 14871195 | AK58: =AJ58 -> 14871195 | AM58: =SUM(AM54,AM55,AM56,AM57) -> 18098865 | AN58: =SUM(AN54,AN55,AN56,AN57) -> 21447441 | AO58: =SUM(AO54,AO55,AO56,AO57) -> 24826940 | AP58: =SUM(AP54,AP55,AP56,AP57) -> 28319887 | AQ58: =AP58 -> 28319887
B60: PP&E | C60: 0 | D60: 0 | E60: 0 | F60: 0 | G60: =F60 -> 0 | I60: 0 | J60: 0 | K60: =K153 -> 0 | L60: =Transaction!E56 -> 0 | M60: =L60 -> 0 | O60: =O153 -> 0 | P60: =P153 -> 0 | Q60: =Q153 -> 0 | R60: =R153 -> 0 | S60: =R60 -> 0 | U60: =U153 -> 0 | V60: =V153 -> 0 | W60: =W153 -> 0 | X60: =X153 -> 0 | Y60: =X60 -> 0 | AA60: =AA153 -> 0 | AB60: =AB153 -> 0 | AC60: =AC153 -> 0 | AD60: =AD153 -> 0 | AE60: =AD60 -> 0 | AG60: =AG153 -> 0 | AH60: =AH153 -> 0 | AI60: =AI153 -> 0 | AJ60: =AJ153 -> 0 | AK60: =AJ60 -> 0 | AM60: =AM153 -> 0 | AN60: =AN153 -> 0 | AO60: =AO153 -> 0 | AP60: =AP153 -> 0 | AQ60: =AP60 -> 0
B61: Intangible Assets, net | C61: 320000 | D61: 320000 | E61: 320000 | F61: 320000 | G61: =F61 -> 320000 | I61: 320000 | J61: 320000 | K61: =K160 -> 320000 | L61: =Transaction!E57 -> 320000 | M61: =L61 -> 320000 | O61: =O160 -> 320000 | P61: =P160 -> 320000 | Q61: =Q160 -> 320000 | R61: =R160 -> 320000 | S61: =R61 -> 320000 | U61: =U160 -> 320000 | V61: =V160 -> 320000 | W61: =W160 -> 320000 | X61: =X160 -> 320000 | Y61: =X61 -> 320000 | AA61: =AA160 -> 320000 | AB61: =AB160 -> 320000 | AC61: =AC160 -> 320000 | AD61: =AD160 -> 320000 | AE61: =AD61 -> 320000 | AG61: =AG160 -> 320000 | AH61: =AH160 -> 320000 | AI61: =AI160 -> 320000 | AJ61: =AJ160 -> 320000 | AK61: =AJ61 -> 320000 | AM61: =AM160 -> 320000 | AN61: =AN160 -> 320000 | AO61: =AO160 -> 320000 | AP61: =AP160 -> 320000 | AQ61: =AP61 -> 320000
B62: Goodwill | C62: 500000 | D62: 500000 | E62: 500000 | F62: 500000 | G62: =F62 -> 500000 | I62: 500000 | J62: 500000 | K62: =K167 -> 500000 | L62: =Transaction!E58 -> 49078822 | M62: =L62 -> 49078822 | O62: =O167 -> 49078822 | P62: =P167 -> 49078822 | Q62: =Q167 -> 49078822 | R62: =R167 -> 49078822 | S62: =R62 -> 49078822 | U62: =U167 -> 49078822 | V62: =V167 -> 49078822 | W62: =W167 -> 49078822 | X62: =X167 -> 49078822 | Y62: =X62 -> 49078822 | AA62: =AA167 -> 49078822 | AB62: =AB167 -> 49078822 | AC62: =AC167 -> 49078822 | AD62: =AD167 -> 49078822 | AE62: =AD62 -> 49078822 | AG62: =AG167 -> 49078822 | AH62: =AH167 -> 49078822 | AI62: =AI167 -> 49078822 | AJ62: =AJ167 -> 49078822 | AK62: =AJ62 -> 49078822 | AM62: =AM167 -> 49078822 | AN62: =AN167 -> 49078822 | AO62: =AO167 -> 49078822 | AP62: =AP167 -> 49078822 | AQ62: =AP62 -> 49078822
B63: Other Non-Current Assets | C63: 150000 | D63: 155000 | E63: 160000 | F63: 165000 | G63: =F63 -> 165000 | I63: 170000 | J63: 175000 | K63: =J63 -> 175000 | L63: =Transaction!E59 -> 175000 | M63: =L63 -> 175000 | O63: =L63 -> 175000 | P63: =O63 -> 175000 | Q63: =P63 -> 175000 | R63: =Q63 -> 175000 | S63: =R63 -> 175000 | U63: =R63 -> 175000 | V63: =U63 -> 175000 | W63: =V63 -> 175000 | X63: =W63 -> 175000 | Y63: =X63 -> 175000 | AA63: =X63 -> 175000 | AB63: =AA63 -> 175000 | AC63: =AB63 -> 175000 | AD63: =AC63 -> 175000 | AE63: =AD63 -> 175000 | AG63: =AD63 -> 175000 | AH63: =AG63 -> 175000 | AI63: =AH63 -> 175000 | AJ63: =AI63 -> 175000 | AK63: =AJ63 -> 175000 | AM63: =AJ63 -> 175000 | AN63: =AM63 -> 175000 | AO63: =AN63 -> 175000 | AP63: =AO63 -> 175000 | AQ63: =AP63 -> 175000
B64: Total Assets | C64: =C58+SUM(C60,C61,C62,C63) -> 7411000 | D64: =D58+SUM(D60,D61,D62,D63) -> 7949600 | E64: =E58+SUM(E60,E61,E62,E63) -> 8592600 | F64: =F58+SUM(F60,F61,F62,F63) -> 9362600 | G64: =F64 -> 9362600 | I64: =I58+SUM(I60,I61,I62,I63) -> 10268200 | J64: =J58+SUM(J60,J61,J62,J63) -> 11392200 | K64: =K58+SUM(K60,K61,K62,K63) -> 12581783 | L64: =L58+SUM(L60,L61,L62,L63) -> 55049347 | M64: =L64 -> 55049347 | O64: =O58+SUM(O60,O61,O62,O63) -> 55242389 | P64: =P58+SUM(P60,P61,P62,P63) -> 55404051 | Q64: =Q58+SUM(Q60,Q61,Q62,Q63) -> 55561781 | R64: =R58+SUM(R60,R61,R62,R63) -> 55713765 | S64: =R64 -> 55713765 | U64: =U58+SUM(U60,U61,U62,U63) -> 55863255 | V64: =V58+SUM(V60,V61,V62,V63) -> 56010252 | W64: =W58+SUM(W60,W61,W62,W63) -> 56150148 | X64: =X58+SUM(X60,X61,X62,X63) -> 56287423 | Y64: =X64 -> 56287423 | AA64: =AA58+SUM(AA60,AA61,AA62,AA63) -> 56422265 | AB64: =AB58+SUM(AB60,AB61,AB62,AB63) -> 56551588 | AC64: =AC58+SUM(AC60,AC61,AC62,AC63) -> 56676800 | AD64: =AD58+SUM(AD60,AD61,AD62,AD63) -> 56799438 | AE64: =AD64 -> 56799438 | AG64: =AG58+SUM(AG60,AG61,AG62,AG63) -> 56919706 | AH64: =AH58+SUM(AH60,AH61,AH62,AH63) -> 58238075 | AI64: =AI58+SUM(AI60,AI61,AI62,AI63) -> 61279875 | AJ64: =AJ58+SUM(AJ60,AJ61,AJ62,AJ63) -> 64445017 | AK64: =AJ64 -> 64445017 | AM64: =AM58+SUM(AM60,AM61,AM62,AM63) -> 67672687 | AN64: =AN58+SUM(AN60,AN61,AN62,AN63) -> 71021263 | AO64: =AO58+SUM(AO60,AO61,AO62,AO63) -> 74400762 | AP64: =AP58+SUM(AP60,AP61,AP62,AP63) -> 77893709 | AQ64: =AP64 -> 77893709
B66: Liabilities
B67: Accounts Payable | C67: 310000 | D67: 335000 | E67: 360000 | F67: 385000 | G67: =F67 -> 385000 | I67: 410000 | J67: 440000 | K67: =K111 -> 514106.98 | L67: =Transaction!E63 -> 551295.41 | M67: =L67 -> 551295.41 | O67: =O111 -> 586912.83 | P67: =P111 -> 620280.8 | Q67: =Q111 -> 648433.31 | R67: =R111 -> 675560.38 | S67: =R67 -> 675560.38 | U67: =U111 -> 702242.39 | V67: =V111 -> 728479.32 | W67: =W111 -> 753448.78 | X67: =X111 -> 777950.62 | Y67: =X67 -> 777950.62 | AA67: =AA111 -> 802017.91 | AB67: =AB111 -> 825100.35 | AC67: =AC111 -> 847448.94 | AD67: =AD111 -> 869338.17 | AE67: =AD67 -> 869338.17 | AG67: =AG111 -> 890804.43 | AH67: =AH111 -> 911847.73 | AI67: =AI111 -> 932138.8 | AJ67: =AJ111 -> 951979.62 | AK67: =AJ67 -> 951979.62 | AM67: =AM111 -> 971410.2 | AN67: =AN111 -> 990430.55 | AO67: =AO111 -> 1008678.5 | AP67: =AP111 -> 1026486.2 | AQ67: =AP67 -> 1026486.2
B68: Accrued Expenses | C68: 280000 | D68: 305000 | E68: 330000 | F68: 355000 | G68: =F68 -> 355000 | I68: 380000 | J68: 410000 | K68: =K112 -> 410000 | L68: =Transaction!E64 -> 410000 | M68: =L68 -> 410000 | O68: =O112 -> 410000 | P68: =P112 -> 410000 | Q68: =Q112 -> 410000 | R68: =R112 -> 410000 | S68: =R68 -> 410000 | U68: =U112 -> 410000 | V68: =V112 -> 410000 | W68: =W112 -> 410000 | X68: =X112 -> 410000 | Y68: =X68 -> 410000 | AA68: =AA112 -> 410000 | AB68: =AB112 -> 410000 | AC68: =AC112 -> 410000 | AD68: =AD112 -> 410000 | AE68: =AD68 -> 410000 | AG68: =AG112 -> 410000 | AH68: =AH112 -> 410000 | AI68: =AI112 -> 410000 | AJ68: =AJ112 -> 410000 | AK68: =AJ68 -> 410000 | AM68: =AM112 -> 410000 | AN68: =AN112 -> 410000 | AO68: =AO112 -> 410000 | AP68: =AP112 -> 410000 | AQ68: =AP68 -> 410000
B69: Deferred Revenue | C69: 1400000 | D69: 1540000 | E69: 1694000 | F69: 1863000 | G69: =F69 -> 1863000 | I69: 2050000 | J69: 2265000 | K69: =K113 -> 2265000 | L69: =Transaction!E65 -> 2265000 | M69: =L69 -> 2265000 | O69: =O113 -> 2265000 | P69: =P113 -> 2265000 | Q69: =Q113 -> 2265000 | R69: =R113 -> 2265000 | S69: =R69 -> 2265000 | U69: =U113 -> 2265000 | V69: =V113 -> 2265000 | W69: =W113 -> 2265000 | X69: =X113 -> 2265000 | Y69: =X69 -> 2265000 | AA69: =AA113 -> 2265000 | AB69: =AB113 -> 2265000 | AC69: =AC113 -> 2265000 | AD69: =AD113 -> 2265000 | AE69: =AD69 -> 2265000 | AG69: =AG113 -> 2265000 | AH69: =AH113 -> 2265000 | AI69: =AI113 -> 2265000 | AJ69: =AJ113 -> 2265000 | AK69: =AJ69 -> 2265000 | AM69: =AM113 -> 2265000 | AN69: =AN113 -> 2265000 | AO69: =AO113 -> 2265000 | AP69: =AP113 -> 2265000 | AQ69: =AP69 -> 2265000
B70: Other Current Liabilities | C70: 120000 | D70: 130000 | E70: 140000 | F70: 150000 | G70: =F70 -> 150000 | I70: 160000 | J70: 170000 | K70: =K114 -> 170000 | L70: =Transaction!E66 -> 170000 | M70: =L70 -> 170000 | O70: =O114 -> 170000 | P70: =P114 -> 170000 | Q70: =Q114 -> 170000 | R70: =R114 -> 170000 | S70: =R70 -> 170000 | U70: =U114 -> 170000 | V70: =V114 -> 170000 | W70: =W114 -> 170000 | X70: =X114 -> 170000 | Y70: =X70 -> 170000 | AA70: =AA114 -> 170000 | AB70: =AB114 -> 170000 | AC70: =AC114 -> 170000 | AD70: =AD114 -> 170000 | AE70: =AD70 -> 170000 | AG70: =AG114 -> 170000 | AH70: =AH114 -> 170000 | AI70: =AI114 -> 170000 | AJ70: =AJ114 -> 170000 | AK70: =AJ70 -> 170000 | AM70: =AM114 -> 170000 | AN70: =AN114 -> 170000 | AO70: =AO114 -> 170000 | AP70: =AP114 -> 170000 | AQ70: =AP70 -> 170000
B71: Total Current Liabilities | C71: =SUM(C67,C68,C69,C70) -> 2110000 | D71: =SUM(D67,D68,D69,D70) -> 2310000 | E71: =SUM(E67,E68,E69,E70) -> 2524000 | F71: =SUM(F67,F68,F69,F70) -> 2753000 | G71: =F71 -> 2753000 | I71: =SUM(I67,I68,I69,I70) -> 3000000 | J71: =SUM(J67,J68,J69,J70) -> 3285000 | K71: =SUM(K67,K68,K69,K70) -> 3359107 | L71: =SUM(L67,L68,L69,L70) -> 3396295.4 | M71: =L71 -> 3396295.4 | O71: =SUM(O67,O68,O69,O70) -> 3431912.8 | P71: =SUM(P67,P68,P69,P70) -> 3465280.8 | Q71: =SUM(Q67,Q68,Q69,Q70) -> 3493433.3 | R71: =SUM(R67,R68,R69,R70) -> 3520560.4 | S71: =R71 -> 3520560.4 | U71: =SUM(U67,U68,U69,U70) -> 3547242.4 | V71: =SUM(V67,V68,V69,V70) -> 3573479.3 | W71: =SUM(W67,W68,W69,W70) -> 3598448.8 | X71: =SUM(X67,X68,X69,X70) -> 3622950.6 | Y71: =X71 -> 3622950.6 | AA71: =SUM(AA67,AA68,AA69,AA70) -> 3647017.9 | AB71: =SUM(AB67,AB68,AB69,AB70) -> 3670100.4 | AC71: =SUM(AC67,AC68,AC69,AC70) -> 3692448.9 | AD71: =SUM(AD67,AD68,AD69,AD70) -> 3714338.2 | AE71: =AD71 -> 3714338.2 | AG71: =SUM(AG67,AG68,AG69,AG70) -> 3735804.4 | AH71: =SUM(AH67,AH68,AH69,AH70) -> 3756847.7 | AI71: =SUM(AI67,AI68,AI69,AI70) -> 3777138.8 | AJ71: =SUM(AJ67,AJ68,AJ69,AJ70) -> 3796979.6 | AK71: =AJ71 -> 3796979.6 | AM71: =SUM(AM67,AM68,AM69,AM70) -> 3816410.2 | AN71: =SUM(AN67,AN68,AN69,AN70) -> 3835430.6 | AO71: =SUM(AO67,AO68,AO69,AO70) -> 3853678.5 | AP71: =SUM(AP67,AP68,AP69,AP70) -> 3871486.2 | AQ71: =AP71 -> 3871486.2
B73: Long-Term Debt | C73: 800000 | D73: 750000 | E73: 700000 | F73: 650000 | G73: =F73 -> 650000 | I73: 600000 | J73: 550000 | K73: =K184 -> 550000 | L73: =Transaction!E69 -> 0 | M73: =L73 -> 0 | O73: =O184 -> 0 | P73: =P184 -> 0 | Q73: =Q184 -> 0 | R73: =R184 -> 0 | S73: =R73 -> 0 | U73: =U184 -> 0 | V73: =V184 -> 0 | W73: =W184 -> 0 | X73: =X184 -> 0 | Y73: =X73 -> 0 | AA73: =AA184 -> 0 | AB73: =AB184 -> 0 | AC73: =AC184 -> 0 | AD73: =AD184 -> 0 | AE73: =AD73 -> 0 | AG73: =AG184 -> 0 | AH73: =AH184 -> 0 | AI73: =AI184 -> 0 | AJ73: =AJ184 -> 0 | AK73: =AJ73 -> 0 | AM73: =AM184 -> 0 | AN73: =AN184 -> 0 | AO73: =AO184 -> 0 | AP73: =AP184 -> 0 | AQ73: =AP73 -> 0
B74: Other Long-Term Liabilities | C74: 180000 | D74: 175000 | E74: 170000 | F74: 165000 | G74: =F74 -> 165000 | I74: 160000 | J74: 155000 | K74: =J74 -> 155000 | L74: =Transaction!E70 -> 155000 | M74: =L74 -> 155000 | O74: =L74 -> 155000 | P74: =O74 -> 155000 | Q74: =P74 -> 155000 | R74: =Q74 -> 155000 | S74: =R74 -> 155000 | U74: =R74 -> 155000 | V74: =U74 -> 155000 | W74: =V74 -> 155000 | X74: =W74 -> 155000 | Y74: =X74 -> 155000 | AA74: =X74 -> 155000 | AB74: =AA74 -> 155000 | AC74: =AB74 -> 155000 | AD74: =AC74 -> 155000 | AE74: =AD74 -> 155000 | AG74: =AD74 -> 155000 | AH74: =AG74 -> 155000 | AI74: =AH74 -> 155000 | AJ74: =AI74 -> 155000 | AK74: =AJ74 -> 155000 | AM74: =AJ74 -> 155000 | AN74: =AM74 -> 155000 | AO74: =AN74 -> 155000 | AP74: =AO74 -> 155000 | AQ74: =AP74 -> 155000
B75: Senior Term Debt (Net of Fees) | C75: =C76+C77 -> 0 | D75: =D76+D77 -> 0 | E75: =E76+E77 -> 0 | F75: =F76+F77 -> 0 | G75: =F75 -> 0 | I75: =I76+I77 -> 0 | J75: =J76+J77 -> 0 | K75: =K76+K77 -> 0 | L75: =L76+L77 -> 19403236 | M75: =L75 -> 19403236 | O75: =O76+O77 -> 18776418 | P75: =P76+P77 -> 17939569 | Q75: =Q76+Q77 -> 16978756 | R75: =R76+R77 -> 15842501 | S75: =R75 -> 15842501 | U75: =U76+U77 -> 14586434 | V75: =V76+V77 -> 13144388 | W75: =W76+W77 -> 11587536 | X75: =X76+X77 -> 9856408.3 | Y75: =X75 -> 9856408.3 | AA75: =AA76+AA77 -> 8005451.7 | AB75: =AB76+AB77 -> 5976369.9 | AC75: =AC76+AC77 -> 3840026.2 | AD75: =AD76+AD77 -> 1529265.2 | AE75: =AD75 -> 1529265.2 | AG75: =AG76+AG77 -> -4.4284388e-07 | AH75: =AH76+AH77 -> 0 | AI75: =AI76+AI77 -> 0 | AJ75: =AJ76+AJ77 -> 0 | AK75: =AJ75 -> 0 | AM75: =AM76+AM77 -> 0 | AN75: =AN76+AN77 -> 0 | AO75: =AO76+AO77 -> 0 | AP75: =AP76+AP77 -> 0 | AQ75: =AP75 -> 0
B76: Senior Term Debt | C76: 0 | D76: 0 | E76: 0 | F76: 0 | G76: =F76 -> 0 | I76: 0 | J76: 0 | K76: =K185 -> 0 | L76: =Transaction!E72 -> 19799221 | M76: =L76 -> 19799221 | O76: =O185 -> 19155272 | P76: =P185 -> 18297431 | Q76: =Q185 -> 17313655 | R76: =R185 -> 16151565 | S76: =R76 -> 16151565 | U76: =U185 -> 14868009 | V76: =V185 -> 13395639 | W76: =W185 -> 11807106 | X76: =X185 -> 10041870 | Y76: =X76 -> 10041870 | AA76: =AA185 -> 8155461.1 | AB76: =AB185 -> 6088454 | AC76: =AC185 -> 3912881.4 | AD76: =AD185 -> 1559533.3 | AE76: =AD76 -> 1559533.3 | AG76: =AG185 -> 1.6554259e-07 | AH76: =AH185 -> 0 | AI76: =AI185 -> 0 | AJ76: =AJ185 -> 0 | AK76: =AJ76 -> 0 | AM76: =AM185 -> 0 | AN76: =AN185 -> 0 | AO76: =AO185 -> 0 | AP76: =AP185 -> 0 | AQ76: =AP76 -> 0
B77: Capitalized Financing Fees | C77: 0 | D77: 0 | E77: 0 | F77: 0 | G77: =F77 -> 0 | I77: 0 | J77: 0 | K77: =K186 -> 0 | L77: =Transaction!E73 -> -395984.41 | M77: =L77 -> -395984.41 | O77: =O186 -> -378854.17 | P77: =P186 -> -357862.47 | Q77: =Q186 -> -334899.02 | R77: =R186 -> -309063.59 | S77: =R77 -> -309063.59 | U77: =U186 -> -281574.08 | V77: =V186 -> -251250.7 | W77: =W186 -> -219569.38 | X77: =X186 -> -185462.12 | Y77: =X77 -> -185462.12 | AA77: =AA186 -> -150009.39 | AB77: =AB186 -> -112084.14 | AC77: =AC186 -> -72855.184 | AD77: =AD186 -> -30268.145 | AE77: =AD77 -> -30268.145 | AG77: =AG186 -> -4.638423e-09 | AH77: =AH186 -> 0 | AI77: =AI186 -> 0 | AJ77: =AJ186 -> 0 | AK77: =AJ77 -> 0 | AM77: =AM186 -> 0 | AN77: =AN186 -> 0 | AO77: =AO186 -> 0 | AP77: =AP186 -> 0 | AQ77: =AP77 -> 0
B78: Seller Note Term Debt | C78: 0 | D78: 0 | E78: 0 | F78: 0 | G78: =F78 -> 0 | I78: 0 | J78: 0 | K78: =K187 -> 0 | L78: =Transaction!E74 -> 4949805.1 | M78: =L78 -> 4949805.1 | O78: =O187 -> 4787099.6 | P78: =P187 -> 4621140 | Q78: =Q187 -> 4451861.1 | R78: =R187 -> 4279196.7 | S78: =R78 -> 4279196.7 | U78: =U187 -> 4103079 | V78: =V187 -> 3923439 | W78: =W187 -> 3740206.1 | X78: =X187 -> 3553308.6 | Y78: =X78 -> 3553308.6 | AA78: =AA187 -> 3362673.2 | AB78: =AB187 -> 3168225 | AC78: =AC187 -> 2969887.9 | AD78: =AD187 -> 2767584 | AE78: =AD78 -> 2767584 | AG78: =AG187 -> 1649706.6 | AH78: =AH187 -> 2.3213215e-07 | AI78: =AI187 -> 0 | AJ78: =AJ187 -> 0 | AK78: =AJ78 -> 0 | AM78: =AM187 -> 0 | AN78: =AN187 -> 0 | AO78: =AO187 -> 0 | AP78: =AP187 -> 0 | AQ78: =AP78 -> 0
B79: Total Liabilities | C79: =C71+SUM(C73,C74,C75,C78) -> 3090000 | D79: =D71+SUM(D73,D74,D75,D78) -> 3235000 | E79: =E71+SUM(E73,E74,E75,E78) -> 3394000 | F79: =F71+SUM(F73,F74,F75,F78) -> 3568000 | G79: =F79 -> 3568000 | I79: =I71+SUM(I73,I74,I75,I78) -> 3760000 | J79: =J71+SUM(J73,J74,J75,J78) -> 3990000 | K79: =K71+SUM(K73,K74,K75,K78) -> 4064107 | L79: =L71+SUM(L73,L74,L75,L78) -> 27904337 | M79: =L79 -> 27904337 | O79: =O71+SUM(O73,O74,O75,O78) -> 27150430 | P79: =P71+SUM(P73,P74,P75,P78) -> 26180989 | Q79: =Q71+SUM(Q73,Q74,Q75,Q78) -> 25079050 | R79: =R71+SUM(R73,R74,R75,R78) -> 23797258 | S79: =R79 -> 23797258 | U79: =U71+SUM(U73,U74,U75,U78) -> 22391756 | V79: =V71+SUM(V73,V74,V75,V78) -> 20796307 | W79: =W71+SUM(W73,W74,W75,W78) -> 19081191 | X79: =X71+SUM(X73,X74,X75,X78) -> 17187668 | Y79: =X79 -> 17187668 | AA79: =AA71+SUM(AA73,AA74,AA75,AA78) -> 15170143 | AB79: =AB71+SUM(AB73,AB74,AB75,AB78) -> 12969695 | AC79: =AC71+SUM(AC73,AC74,AC75,AC78) -> 10657363 | AD79: =AD71+SUM(AD73,AD74,AD75,AD78) -> 8166187.4 | AE79: =AD79 -> 8166187.4 | AG79: =AG71+SUM(AG73,AG74,AG75,AG78) -> 5540511.1 | AH79: =AH71+SUM(AH73,AH74,AH75,AH78) -> 3911847.7 | AI79: =AI71+SUM(AI73,AI74,AI75,AI78) -> 3932138.8 | AJ79: =AJ71+SUM(AJ73,AJ74,AJ75,AJ78) -> 3951979.6 | AK79: =AJ79 -> 3951979.6 | AM79: =AM71+SUM(AM73,AM74,AM75,AM78) -> 3971410.2 | AN79: =AN71+SUM(AN73,AN74,AN75,AN78) -> 3990430.6 | AO79: =AO71+SUM(AO73,AO74,AO75,AO78) -> 4008678.5 | AP79: =AP71+SUM(AP73,AP74,AP75,AP78) -> 4026486.2 | AQ79: =AP79 -> 4026486.2
B81: Equity
B82: Common Stock | C82: 10000 | D82: 10000 | E82: 10000 | F82: 10000 | G82: =F82 -> 10000 | I82: 10000 | J82: 10000 | K82: =K211 -> 10000 | L82: =Transaction!E78 -> 0 | M82: =L82 -> 0 | O82: =O211 -> 0 | P82: =P211 -> 0 | Q82: =Q211 -> 0 | R82: =R211 -> 0 | S82: =R82 -> 0 | U82: =U211 -> 0 | V82: =V211 -> 0 | W82: =W211 -> 0 | X82: =X211 -> 0 | Y82: =X82 -> 0 | AA82: =AA211 -> 0 | AB82: =AB211 -> 0 | AC82: =AC211 -> 0 | AD82: =AD211 -> 0 | AE82: =AD82 -> 0 | AG82: =AG211 -> 0 | AH82: =AH211 -> 0 | AI82: =AI211 -> 0 | AJ82: =AJ211 -> 0 | AK82: =AJ82 -> 0 | AM82: =AM211 -> 0 | AN82: =AN211 -> 0 | AO82: =AO211 -> 0 | AP82: =AP211 -> 0 | AQ82: =AP82 -> 0
B83: Additional Paid-In Capital | C83: 2500000 | D83: 2560000 | E83: 2620000 | F83: 2680000 | G83: =F83 -> 2680000 | I83: 2740000 | J83: 2825200 | K83: =K217 -> 2825200 | L83: =Transaction!E79 -> 23680146 | M83: =L83 -> 23680146 | O83: =O217 -> 23680146 | P83: =P217 -> 23680146 | Q83: =Q217 -> 23680146 | R83: =R217 -> 23680146 | S83: =R83 -> 23680146 | U83: =U217 -> 23680146 | V83: =V217 -> 23680146 | W83: =W217 -> 23680146 | X83: =X217 -> 23680146 | Y83: =X83 -> 23680146 | AA83: =AA217 -> 23680146 | AB83: =AB217 -> 23680146 | AC83: =AC217 -> 23680146 | AD83: =AD217 -> 23680146 | AE83: =AD83 -> 23680146 | AG83: =AG217 -> 23680146 | AH83: =AH217 -> 23680146 | AI83: =AI217 -> 23680146 | AJ83: =AJ217 -> 23680146 | AK83: =AJ83 -> 23680146 | AM83: =AM217 -> 23680146 | AN83: =AN217 -> 23680146 | AO83: =AO217 -> 23680146 | AP83: =AP217 -> 23680146 | AQ83: =AP83 -> 23680146
B84: Retained Earnings | C84: 1811000 | D84: 2144600 | E84: 2568600 | F84: 3104600 | G84: =F84 -> 3104600 | I84: 3758200 | J84: 4567000 | K84: =K205 -> 5682476.4 | L84: =Transaction!E80 -> -1484941.5 | M84: =L84 -> -1484941.5 | O84: =O205 -> -537993 | P84: =P205 -> 593110.36 | Q84: =Q205 -> 1852778.8 | R84: =R205 -> 3286554.6 | S84: =R84 -> 3286554.6 | U84: =U205 -> 4841547.7 | V84: =V205 -> 6583993.7 | W84: =W205 -> 8439005 | X84: =X205 -> 10469804 | Y84: =X84 -> 10469804 | AA84: =AA205 -> 12622170 | AB84: =AB205 -> 14951941 | AC84: =AC205 -> 17389485 | AD84: =AD205 -> 20003299 | AE84: =AD84 -> 20003299 | AG84: =AG205 -> 22749244 | AH84: =AH205 -> 25696276 | AI84: =AI205 -> 28717784 | AJ84: =AJ205 -> 31863085 | AK84: =AJ84 -> 31863085 | AM84: =AM205 -> 35071325 | AN84: =AN205 -> 38400881 | AO84: =AO205 -> 41762132 | AP84: =AP205 -> 45237272 | AQ84: =AP84 -> 45237272
B85: Rolled Equity | C85: 0 | D85: 0 | E85: 0 | F85: 0 | G85: =F85 -> 0 | I85: 0 | J85: 0 | K85: =K223 -> 0 | L85: =Transaction!E81 -> 4949805.1 | M85: =L85 -> 4949805.1 | O85: =O223 -> 4949805.1 | P85: =P223 -> 4949805.1 | Q85: =Q223 -> 4949805.1 | R85: =R223 -> 4949805.1 | S85: =R85 -> 4949805.1 | U85: =U223 -> 4949805.1 | V85: =V223 -> 4949805.1 | W85: =W223 -> 4949805.1 | X85: =X223 -> 4949805.1 | Y85: =X85 -> 4949805.1 | AA85: =AA223 -> 4949805.1 | AB85: =AB223 -> 4949805.1 | AC85: =AC223 -> 4949805.1 | AD85: =AD223 -> 4949805.1 | AE85: =AD85 -> 4949805.1 | AG85: =AG223 -> 4949805.1 | AH85: =AH223 -> 4949805.1 | AI85: =AI223 -> 4949805.1 | AJ85: =AJ223 -> 4949805.1 | AK85: =AJ85 -> 4949805.1 | AM85: =AM223 -> 4949805.1 | AN85: =AN223 -> 4949805.1 | AO85: =AO223 -> 4949805.1 | AP85: =AP223 -> 4949805.1 | AQ85: =AP85 -> 4949805.1
B86: Total Equity | C86: =SUM(C82,C83,C84,C85) -> 4321000 | D86: =SUM(D82,D83,D84,D85) -> 4714600 | E86: =SUM(E82,E83,E84,E85) -> 5198600 | F86: =SUM(F82,F83,F84,F85) -> 5794600 | G86: =F86 -> 5794600 | I86: =SUM(I82,I83,I84,I85) -> 6508200 | J86: =SUM(J82,J83,J84,J85) -> 7402200 | K86: =SUM(K82,K83,K84,K85) -> 8517676.4 | L86: =SUM(L82,L83,L84,L85) -> 27145010 | M86: =L86 -> 27145010 | O86: =SUM(O82,O83,O84,O85) -> 28091959 | P86: =SUM(P82,P83,P84,P85) -> 29223062 | Q86: =SUM(Q82,Q83,Q84,Q85) -> 30482730 | R86: =SUM(R82,R83,R84,R85) -> 31916506 | S86: =R86 -> 31916506 | U86: =SUM(U82,U83,U84,U85) -> 33471499 | V86: =SUM(V82,V83,V84,V85) -> 35213945 | W86: =SUM(W82,W83,W84,W85) -> 37068957 | X86: =SUM(X82,X83,X84,X85) -> 39099756 | Y86: =X86 -> 39099756 | AA86: =SUM(AA82,AA83,AA84,AA85) -> 41252122 | AB86: =SUM(AB82,AB83,AB84,AB85) -> 43581893 | AC86: =SUM(AC82,AC83,AC84,AC85) -> 46019437 | AD86: =SUM(AD82,AD83,AD84,AD85) -> 48633250 | AE86: =AD86 -> 48633250 | AG86: =SUM(AG82,AG83,AG84,AG85) -> 51379195 | AH86: =SUM(AH82,AH83,AH84,AH85) -> 54326227 | AI86: =SUM(AI82,AI83,AI84,AI85) -> 57347736 | AJ86: =SUM(AJ82,AJ83,AJ84,AJ85) -> 60493037 | AK86: =AJ86 -> 60493037 | AM86: =SUM(AM82,AM83,AM84,AM85) -> 63701277 | AN86: =SUM(AN82,AN83,AN84,AN85) -> 67030833 | AO86: =SUM(AO82,AO83,AO84,AO85) -> 70392083 | AP86: =SUM(AP82,AP83,AP84,AP85) -> 73867223 | AQ86: =AP86 -> 73867223
B88: Total Liabilities & Equity | C88: =C79+C86 -> 7411000 | D88: =D79+D86 -> 7949600 | E88: =E79+E86 -> 8592600 | F88: =F79+F86 -> 9362600 | G88: =F88 -> 9362600 | I88: =I79+I86 -> 10268200 | J88: =J79+J86 -> 11392200 | K88: =K79+K86 -> 12581783 | L88: =L79+L86 -> 55049347 | M88: =L88 -> 55049347 | O88: =O79+O86 -> 55242389 | P88: =P79+P86 -> 55404051 | Q88: =Q79+Q86 -> 55561781 | R88: =R79+R86 -> 55713765 | S88: =R88 -> 55713765 | U88: =U79+U86 -> 55863255 | V88: =V79+V86 -> 56010252 | W88: =W79+W86 -> 56150148 | X88: =X79+X86 -> 56287423 | Y88: =X88 -> 56287423 | AA88: =AA79+AA86 -> 56422265 | AB88: =AB79+AB86 -> 56551588 | AC88: =AC79+AC86 -> 56676800 | AD88: =AD79+AD86 -> 56799438 | AE88: =AD88 -> 56799438 | AG88: =AG79+AG86 -> 56919706 | AH88: =AH79+AH86 -> 58238075 | AI88: =AI79+AI86 -> 61279875 | AJ88: =AJ79+AJ86 -> 64445017 | AK88: =AJ88 -> 64445017 | AM88: =AM79+AM86 -> 67672687 | AN88: =AN79+AN86 -> 71021263 | AO88: =AO79+AO86 -> 74400762 | AP88: =AP79+AP86 -> 77893709 | AQ88: =AP88 -> 77893709
B89: Balance Check | C89: =C64-C88 -> 0 | D89: =D64-D88 -> 0 | E89: =E64-E88 -> 0 | F89: =F64-F88 -> 0 | G89: =G64-G88 -> 0 | I89: =I64-I88 -> 0 | J89: =J64-J88 -> 0 | K89: =K64-K88 -> 0 | L89: =L64-L88 -> 0 | M89: =M64-M88 -> 0 | O89: =O64-O88 -> 0 | P89: =P64-P88 -> 0 | Q89: =Q64-Q88 -> 0 | R89: =R64-R88 -> 0 | S89: =S64-S88 -> 0 | U89: =U64-U88 -> 0 | V89: =V64-V88 -> 0 | W89: =W64-W88 -> 0 | X89: =X64-X88 -> 0 | Y89: =Y64-Y88 -> 0 | AA89: =AA64-AA88 -> 0 | AB89: =AB64-AB88 -> 0 | AC89: =AC64-AC88 -> 0 | AD89: =AD64-AD88 -> 0 | AE89: =AE64-AE88 -> 0 | AG89: =AG64-AG88 -> 0 | AH89: =AH64-AH88 -> -7.8231096e-07 | AI89: =AI64-AI88 -> -1.7285347e-06 | AJ89: =AJ64-AJ88 -> 3.233552e-06 | AK89: =AK64-AK88 -> 3.233552e-06 | AM89: =AM64-AM88 -> -8.7320805e-06 | AN89: =AN64-AN88 -> 2.2903085e-05 | AO89: =AO64-AO88 -> -5.2317977e-05 | AP89: =AP64-AP88 -> 0.00014397502 | AQ89: =AQ64-AQ88 -> 0.00014397502
B93: Income Tax Expense Detail
B95: Income Tax Expense
B96: Earnings before Tax | C96: =C43 -> 350500 | D96: =D43 -> 417000 | E96: =E43 -> 530000 | F96: =F43 -> 670000 | G96: =SUM(C96:F96) -> 1967500 | I96: =I43 -> 817000 | J96: =J43 -> 1011000 | K96: =K43 -> 1448670.7 | L96: =L43 -> 1679634.4 | M96: =SUM(I96:L96) -> 4956305.1 | O96: =O43 -> 1229803.3 | P96: =P43 -> 1468965.4 | Q96: =Q43 -> 1635933 | R96: =R43 -> 1862046.5 | S96: =SUM(O96:R96) -> 6196748.2 | U96: =U43 -> 2019471.6 | V96: =V43 -> 2262916.9 | W96: =W43 -> 2409105.6 | X96: =X43 -> 2637401.6 | Y96: =SUM(U96:X96) -> 9328895.7 | AA96: =AA43 -> 2795280.5 | AB96: =AB43 -> 3025676.4 | AC96: =AC43 -> 3165641.5 | AD96: =AD43 -> 3394563.4 | AE96: =SUM(AA96:AD96) -> 12381162 | AG96: =AG43 -> 3566162 | AH96: =AH43 -> 3827314.4 | AI96: =AI43 -> 3924037.1 | AJ96: =AJ43 -> 4084806.7 | AK96: =SUM(AG96:AJ96) -> 15402320 | AM96: =AM43 -> 4166545.1 | AN96: =AN43 -> 4324098.4 | AO96: =AO43 -> 4365260.9 | AP96: =AP43 -> 4513168.6 | AQ96: =SUM(AM96:AP96) -> 17369073
B97: Margin % | C97: =IFERROR(-C98/C96,0) -> 0.2 | D97: =IFERROR(-D98/D96,0) -> 0.2 | E97: =IFERROR(-E98/E96,0) -> 0.2 | F97: =IFERROR(-F98/F96,0) -> 0.2 | G97: =IFERROR(-G98/G96,0) -> 0.2 | I97: =IFERROR(-I98/I96,0) -> 0.2 | J97: =IFERROR(-J98/J96,0) -> 0.2 | K97: 0.23 | L97: =K97 -> 0.23 | M97: =IFERROR(-M98/M96,0) -> 0.21893531 | O97: =L97 -> 0.23 | P97: =O97 -> 0.23 | Q97: =P97 -> 0.23 | R97: =Q97 -> 0.23 | S97: =IFERROR(-S98/S96,0) -> 0.23 | U97: =R97 -> 0.23 | V97: =U97 -> 0.23 | W97: =V97 -> 0.23 | X97: =W97 -> 0.23 | Y97: =IFERROR(-Y98/Y96,0) -> 0.23 | AA97: =X97 -> 0.23 | AB97: =AA97 -> 0.23 | AC97: =AB97 -> 0.23 | AD97: =AC97 -> 0.23 | AE97: =IFERROR(-AE98/AE96,0) -> 0.23 | AG97: =AD97 -> 0.23 | AH97: =AG97 -> 0.23 | AI97: =AH97 -> 0.23 | AJ97: =AI97 -> 0.23 | AK97: =IFERROR(-AK98/AK96,0) -> 0.23 | AM97: =AJ97 -> 0.23 | AN97: =AM97 -> 0.23 | AO97: =AN97 -> 0.23 | AP97: =AO97 -> 0.23 | AQ97: =IFERROR(-AQ98/AQ96,0) -> 0.23
B98: Income Tax Expense | C98: =C45 -> -70100 | D98: =D45 -> -83400 | E98: =E45 -> -106000 | F98: =F45 -> -134000 | G98: =SUM(C98:F98) -> -393500 | I98: =I45 -> -163400 | J98: =J45 -> -202200 | K98: =-K96*K97 -> -333194.26 | L98: =-L96*L97 -> -386315.92 | M98: =SUM(I98:L98) -> -1085110.2 | O98: =-O96*O97 -> -282854.76 | P98: =-P96*P97 -> -337862.04 | Q98: =-Q96*Q97 -> -376264.6 | R98: =-R96*R97 -> -428270.68 | S98: =SUM(O98:R98) -> -1425252.1 | U98: =-U96*U97 -> -464478.46 | V98: =-V96*V97 -> -520470.9 | W98: =-W96*W97 -> -554094.29 | X98: =-X96*X97 -> -606602.36 | Y98: =SUM(U98:X98) -> -2145646 | AA98: =-AA96*AA97 -> -642914.5 | AB98: =-AB96*AB97 -> -695905.57 | AC98: =-AC96*AC97 -> -728097.55 | AD98: =-AD96*AD97 -> -780749.58 | AE98: =SUM(AA98:AD98) -> -2847667.2 | AG98: =-AG96*AG97 -> -820217.26 | AH98: =-AH96*AH97 -> -880282.32 | AI98: =-AI96*AI97 -> -902528.53 | AJ98: =-AJ96*AJ97 -> -939505.55 | AK98: =SUM(AG98:AJ98) -> -3542533.7 | AM98: =-AM96*AM97 -> -958305.37 | AN98: =-AN96*AN97 -> -994542.64 | AO98: =-AO96*AO97 -> -1004010 | AP98: =-AP96*AP97 -> -1038028.8 | AQ98: =SUM(AM98:AP98) -> -3994886.8
B102: Working Capital
B104: Current Assets
B105: Accounts Receivable | C105: =C55 -> 1560000 | D105: =D55 -> 1720000 | E105: =E55 -> 1890000 | F105: =F55 -> 2074000 | G105: =F105 -> 2074000 | I105: =I55 -> 2278000 | J105: =J55 -> 2520000 | K105: =K124 -> 2907894.5 | L105: =L124 -> 3120524.6 | M105: =L105 -> 3120524.6 | O105: =O124 -> 3313566.9 | P105: =P124 -> 3475229.2 | Q105: =Q124 -> 3632958.5 | R105: =R124 -> 3784942.6 | S105: =R105 -> 3784942.6 | U105: =U124 -> 3934433.1 | V105: =V124 -> 4081430 | W105: =W124 -> 4221325.6 | X105: =X124 -> 4358601.4 | Y105: =X105 -> 4358601.4 | AA105: =AA124 -> 4493442.5 | AB105: =AB124 -> 4622765.8 | AC105: =AC124 -> 4747977.6 | AD105: =AD124 -> 4870615.8 | AE105: =AD105 -> 4870615.8 | AG105: =AG124 -> 4990884.2 | AH105: =AH124 -> 5108782.8 | AI105: =AI124 -> 5222467 | AJ105: =AJ124 -> 5333628.6 | AK105: =AJ105 -> 5333628.6 | AM105: =AM124 -> 5442491.8 | AN105: =AN124 -> 5549056.6 | AO105: =AO124 -> 5651293.7 | AP105: =AP124 -> 5751064.4 | AQ105: =AP105 -> 5751064.4
B106: Prepaid Expenses | C106: =C56 -> 180000 | D106: =D56 -> 195000 | E106: =E56 -> 210000 | F106: =F56 -> 225000 | G106: =F106 -> 225000 | I106: =I56 -> 240000 | J106: =J56 -> 255000 | K106: =K136 -> 255000 | L106: =L136 -> 255000 | M106: =L106 -> 255000 | O106: =O136 -> 255000 | P106: =P136 -> 255000 | Q106: =Q136 -> 255000 | R106: =R136 -> 255000 | S106: =R106 -> 255000 | U106: =U136 -> 255000 | V106: =V136 -> 255000 | W106: =W136 -> 255000 | X106: =X136 -> 255000 | Y106: =X106 -> 255000 | AA106: =AA136 -> 255000 | AB106: =AB136 -> 255000 | AC106: =AC136 -> 255000 | AD106: =AD136 -> 255000 | AE106: =AD106 -> 255000 | AG106: =AG136 -> 255000 | AH106: =AH136 -> 255000 | AI106: =AI136 -> 255000 | AJ106: =AJ136 -> 255000 | AK106: =AJ106 -> 255000 | AM106: =AM136 -> 255000 | AN106: =AN136 -> 255000 | AO106: =AO136 -> 255000 | AP106: =AP136 -> 255000 | AQ106: =AP106 -> 255000
B107: Other Current Assets | C107: =C57 -> 75000 | D107: =D57 -> 80000 | E107: =E57 -> 85000 | F107: =F57 -> 90000 | G107: =F107 -> 90000 | I107: =I57 -> 95000 | J107: =J57 -> 100000 | K107: =J57 -> 100000 | L107: =K57 -> 100000 | M107: =L107 -> 100000 | O107: =L57 -> 100000 | P107: =O57 -> 100000 | Q107: =P57 -> 100000 | R107: =Q57 -> 100000 | S107: =R107 -> 100000 | U107: =R57 -> 100000 | V107: =U57 -> 100000 | W107: =V57 -> 100000 | X107: =W57 -> 100000 | Y107: =X107 -> 100000 | AA107: =X57 -> 100000 | AB107: =AA57 -> 100000 | AC107: =AB57 -> 100000 | AD107: =AC57 -> 100000 | AE107: =AD107 -> 100000 | AG107: =AD57 -> 100000 | AH107: =AG57 -> 100000 | AI107: =AH57 -> 100000 | AJ107: =AI57 -> 100000 | AK107: =AJ107 -> 100000 | AM107: =AJ57 -> 100000 | AN107: =AM57 -> 100000 | AO107: =AN57 -> 100000 | AP107: =AO57 -> 100000 | AQ107: =AP107 -> 100000
B108: Total Current Assets | C108: =SUM(C105:C107) -> 1815000 | D108: =SUM(D105:D107) -> 1995000 | E108: =SUM(E105:E107) -> 2185000 | F108: =SUM(F105:F107) -> 2389000 | G108: =F108 -> 2389000 | I108: =SUM(I105:I107) -> 2613000 | J108: =SUM(J105:J107) -> 2875000 | K108: =SUM(K105:K107) -> 3262894.5 | L108: =SUM(L105:L107) -> 3475524.6 | M108: =L108 -> 3475524.6 | O108: =SUM(O105:O107) -> 3668566.9 | P108: =SUM(P105:P107) -> 3830229.2 | Q108: =SUM(Q105:Q107) -> 3987958.5 | R108: =SUM(R105:R107) -> 4139942.6 | S108: =R108 -> 4139942.6 | U108: =SUM(U105:U107) -> 4289433.1 | V108: =SUM(V105:V107) -> 4436430 | W108: =SUM(W105:W107) -> 4576325.6 | X108: =SUM(X105:X107) -> 4713601.4 | Y108: =X108 -> 4713601.4 | AA108: =SUM(AA105:AA107) -> 4848442.5 | AB108: =SUM(AB105:AB107) -> 4977765.8 | AC108: =SUM(AC105:AC107) -> 5102977.6 | AD108: =SUM(AD105:AD107) -> 5225615.8 | AE108: =AD108 -> 5225615.8 | AG108: =SUM(AG105:AG107) -> 5345884.2 | AH108: =SUM(AH105:AH107) -> 5463782.8 | AI108: =SUM(AI105:AI107) -> 5577467 | AJ108: =SUM(AJ105:AJ107) -> 5688628.6 | AK108: =AJ108 -> 5688628.6 | AM108: =SUM(AM105:AM107) -> 5797491.8 | AN108: =SUM(AN105:AN107) -> 5904056.6 | AO108: =SUM(AO105:AO107) -> 6006293.7 | AP108: =SUM(AP105:AP107) -> 6106064.4 | AQ108: =AP108 -> 6106064.4
B110: Current Liabilities
B111: Accounts Payable | C111: =C67 -> 310000 | D111: =D67 -> 335000 | E111: =E67 -> 360000 | F111: =F67 -> 385000 | G111: =F111 -> 385000 | I111: =I67 -> 410000 | J111: =J67 -> 440000 | K111: =K129 -> 514106.98 | L111: =L129 -> 551295.41 | M111: =L111 -> 551295.41 | O111: =O129 -> 586912.83 | P111: =P129 -> 620280.8 | Q111: =Q129 -> 648433.31 | R111: =R129 -> 675560.38 | S111: =R111 -> 675560.38 | U111: =U129 -> 702242.39 | V111: =V129 -> 728479.32 | W111: =W129 -> 753448.78 | X111: =X129 -> 777950.62 | Y111: =X111 -> 777950.62 | AA111: =AA129 -> 802017.91 | AB111: =AB129 -> 825100.35 | AC111: =AC129 -> 847448.94 | AD111: =AD129 -> 869338.17 | AE111: =AD111 -> 869338.17 | AG111: =AG129 -> 890804.43 | AH111: =AH129 -> 911847.73 | AI111: =AI129 -> 932138.8 | AJ111: =AJ129 -> 951979.62 | AK111: =AJ111 -> 951979.62 | AM111: =AM129 -> 971410.2 | AN111: =AN129 -> 990430.55 | AO111: =AO129 -> 1008678.5 | AP111: =AP129 -> 1026486.2 | AQ111: =AP111 -> 1026486.2
B112: Accrued Expenses | C112: =C68 -> 280000 | D112: =D68 -> 305000 | E112: =E68 -> 330000 | F112: =F68 -> 355000 | G112: =F112 -> 355000 | I112: =I68 -> 380000 | J112: =J68 -> 410000 | K112: =J68 -> 410000 | L112: =K68 -> 410000 | M112: =L112 -> 410000 | O112: =L68 -> 410000 | P112: =O68 -> 410000 | Q112: =P68 -> 410000 | R112: =Q68 -> 410000 | S112: =R112 -> 410000 | U112: =R68 -> 410000 | V112: =U68 -> 410000 | W112: =V68 -> 410000 | X112: =W68 -> 410000 | Y112: =X112 -> 410000 | AA112: =X68 -> 410000 | AB112: =AA68 -> 410000 | AC112: =AB68 -> 410000 | AD112: =AC68 -> 410000 | AE112: =AD112 -> 410000 | AG112: =AD68 -> 410000 | AH112: =AG68 -> 410000 | AI112: =AH68 -> 410000 | AJ112: =AI68 -> 410000 | AK112: =AJ112 -> 410000 | AM112: =AJ68 -> 410000 | AN112: =AM68 -> 410000 | AO112: =AN68 -> 410000 | AP112: =AO68 -> 410000 | AQ112: =AP112 -> 410000
B113: Deferred Revenue | C113: =C69 -> 1400000 | D113: =D69 -> 1540000 | E113: =E69 -> 1694000 | F113: =F69 -> 1863000 | G113: =F113 -> 1863000 | I113: =I69 -> 2050000 | J113: =J69 -> 2265000 | K113: =K143 -> 2265000 | L113: =L143 -> 2265000 | M113: =L113 -> 2265000 | O113: =O143 -> 2265000 | P113: =P143 -> 2265000 | Q113: =Q143 -> 2265000 | R113: =R143 -> 2265000 | S113: =R113 -> 2265000 | U113: =U143 -> 2265000 | V113: =V143 -> 2265000 | W113: =W143 -> 2265000 | X113: =X143 -> 2265000 | Y113: =X113 -> 2265000 | AA113: =AA143 -> 2265000 | AB113: =AB143 -> 2265000 | AC113: =AC143 -> 2265000 | AD113: =AD143 -> 2265000 | AE113: =AD113 -> 2265000 | AG113: =AG143 -> 2265000 | AH113: =AH143 -> 2265000 | AI113: =AI143 -> 2265000 | AJ113: =AJ143 -> 2265000 | AK113: =AJ113 -> 2265000 | AM113: =AM143 -> 2265000 | AN113: =AN143 -> 2265000 | AO113: =AO143 -> 2265000 | AP113: =AP143 -> 2265000 | AQ113: =AP113 -> 2265000
B114: Other Current Liabilities | C114: =C70 -> 120000 | D114: =D70 -> 130000 | E114: =E70 -> 140000 | F114: =F70 -> 150000 | G114: =F114 -> 150000 | I114: =I70 -> 160000 | J114: =J70 -> 170000 | K114: =J70 -> 170000 | L114: =K70 -> 170000 | M114: =L114 -> 170000 | O114: =L70 -> 170000 | P114: =O70 -> 170000 | Q114: =P70 -> 170000 | R114: =Q70 -> 170000 | S114: =R114 -> 170000 | U114: =R70 -> 170000 | V114: =U70 -> 170000 | W114: =V70 -> 170000 | X114: =W70 -> 170000 | Y114: =X114 -> 170000 | AA114: =X70 -> 170000 | AB114: =AA70 -> 170000 | AC114: =AB70 -> 170000 | AD114: =AC70 -> 170000 | AE114: =AD114 -> 170000 | AG114: =AD70 -> 170000 | AH114: =AG70 -> 170000 | AI114: =AH70 -> 170000 | AJ114: =AI70 -> 170000 | AK114: =AJ114 -> 170000 | AM114: =AJ70 -> 170000 | AN114: =AM70 -> 170000 | AO114: =AN70 -> 170000 | AP114: =AO70 -> 170000 | AQ114: =AP114 -> 170000
B115: Total Current Liabilities | C115: =SUM(C111:C114) -> 2110000 | D115: =SUM(D111:D114) -> 2310000 | E115: =SUM(E111:E114) -> 2524000 | F115: =SUM(F111:F114) -> 2753000 | G115: =F115 -> 2753000 | I115: =SUM(I111:I114) -> 3000000 | J115: =SUM(J111:J114) -> 3285000 | K115: =SUM(K111:K114) -> 3359107 | L115: =SUM(L111:L114) -> 3396295.4 | M115: =L115 -> 3396295.4 | O115: =SUM(O111:O114) -> 3431912.8 | P115: =SUM(P111:P114) -> 3465280.8 | Q115: =SUM(Q111:Q114) -> 3493433.3 | R115: =SUM(R111:R114) -> 3520560.4 | S115: =R115 -> 3520560.4 | U115: =SUM(U111:U114) -> 3547242.4 | V115: =SUM(V111:V114) -> 3573479.3 | W115: =SUM(W111:W114) -> 3598448.8 | X115: =SUM(X111:X114) -> 3622950.6 | Y115: =X115 -> 3622950.6 | AA115: =SUM(AA111:AA114) -> 3647017.9 | AB115: =SUM(AB111:AB114) -> 3670100.4 | AC115: =SUM(AC111:AC114) -> 3692448.9 | AD115: =SUM(AD111:AD114) -> 3714338.2 | AE115: =AD115 -> 3714338.2 | AG115: =SUM(AG111:AG114) -> 3735804.4 | AH115: =SUM(AH111:AH114) -> 3756847.7 | AI115: =SUM(AI111:AI114) -> 3777138.8 | AJ115: =SUM(AJ111:AJ114) -> 3796979.6 | AK115: =AJ115 -> 3796979.6 | AM115: =SUM(AM111:AM114) -> 3816410.2 | AN115: =SUM(AN111:AN114) -> 3835430.6 | AO115: =SUM(AO111:AO114) -> 3853678.5 | AP115: =SUM(AP111:AP114) -> 3871486.2 | AQ115: =AP115 -> 3871486.2
B117: Net Working Capital | C117: =C108-C115 -> -295000 | D117: =D108-D115 -> -315000 | E117: =E108-E115 -> -339000 | F117: =F108-F115 -> -364000 | G117: =F117 -> -364000 | I117: =I108-I115 -> -387000 | J117: =J108-J115 -> -410000 | K117: =K108-K115 -> -96212.525 | L117: =L108-L115 -> 79229.231 | M117: =L117 -> 79229.231 | O117: =O108-O115 -> 236654.05 | P117: =P108-P115 -> 364948.45 | Q117: =Q108-Q115 -> 494525.2 | R117: =R108-R115 -> 619382.19 | S117: =R117 -> 619382.19 | U117: =U108-U115 -> 742190.67 | V117: =V108-V115 -> 862950.66 | W117: =W108-W115 -> 977876.85 | X117: =X108-X115 -> 1090650.8 | Y117: =X117 -> 1090650.8 | AA117: =AA108-AA115 -> 1201424.6 | AB117: =AB108-AB115 -> 1307665.5 | AC117: =AC108-AC115 -> 1410528.7 | AD117: =AD108-AD115 -> 1511277.6 | AE117: =AD117 -> 1511277.6 | AG117: =AG108-AG115 -> 1610079.7 | AH117: =AH108-AH115 -> 1706935.1 | AI117: =AI108-AI115 -> 1800328.2 | AJ117: =AJ108-AJ115 -> 1891649 | AK117: =AJ117 -> 1891649 | AM117: =AM108-AM115 -> 1981081.6 | AN117: =AN108-AN115 -> 2068626 | AO117: =AO108-AO115 -> 2152615.3 | AP117: =AP108-AP115 -> 2234578.2 | AQ117: =AP117 -> 2234578.2
B118: Change in Net Working Capital | C118: =C117 -> -295000 | D118: =D117-C117 -> -20000 | E118: =E117-D117 -> -24000 | F118: =F117-E117 -> -25000 | G118: =SUM(C118:F118) -> -364000 | I118: =I117-F117 -> -23000 | J118: =J117-I117 -> -23000 | K118: =K117-J117 -> 313787.48 | L118: =L117-K117 -> 175441.76 | M118: =SUM(I118:L118) -> 443229.23 | O118: =O117-L117 -> 157424.82 | P118: =P117-O117 -> 128294.4 | Q118: =Q117-P117 -> 129576.75 | R118: =R117-Q117 -> 124856.99 | S118: =SUM(O118:R118) -> 540152.96 | U118: =U117-R117 -> 122808.49 | V118: =V117-U117 -> 120759.98 | W118: =W117-V117 -> 114926.2 | X118: =X117-W117 -> 112773.9 | Y118: =SUM(U118:X118) -> 471268.57 | AA118: =AA117-X117 -> 110773.83 | AB118: =AB117-AA117 -> 106240.9 | AC118: =AC117-AB117 -> 102863.17 | AD118: =AD117-AC117 -> 100748.93 | AE118: =SUM(AA118:AD118) -> 420626.84 | AG118: =AG117-AD117 -> 98802.146 | AH118: =AH117-AG117 -> 96855.359 | AI118: =AI117-AH117 -> 93393.142 | AJ118: =AJ117-AI117 -> 91320.767 | AK118: =SUM(AG118:AJ118) -> 380371.41 | AM118: =AM117-AJ117 -> 89432.587 | AN118: =AN117-AM117 -> 87544.408 | AO118: =AO117-AN117 -> 83989.256 | AP118: =AP117-AO117 -> 81962.93 | AQ118: =SUM(AM118:AP118) -> 342929.18
B121: Accounts Receivable
B122: Trailing 4 Quarters Revenue | C122: =SUM(C12:C12) -> 3125000 | D122: =SUM(C12:D12) -> 6565000 | E122: =SUM(C12:E12) -> 10348000 | F122: =SUM(C12:F12) -> 14495000 | G122: =F122 -> 14495000 | I122: =SUM(D12:F12,I12:I12) -> 15925000 | J122: =SUM(E12:F12,I12:J12) -> 17525000 | K122: =SUM(F12:F12,I12:K12) -> 18988226 | L122: =SUM(I12:L12) -> 20376677 | M122: =L122 -> 20376677 | O122: =SUM(J12:L12,O12:O12) -> 21637221 | P122: =SUM(K12:L12,O12:P12) -> 22692858 | Q122: =SUM(L12:L12,O12:Q12) -> 23722813 | R122: =SUM(O12:R12) -> 24715252 | S122: =R122 -> 24715252 | U122: =SUM(P12:R12,U12:U12) -> 25691408 | V122: =SUM(Q12:R12,U12:V12) -> 26651281 | W122: =SUM(R12:R12,U12:W12) -> 27564784 | X122: =SUM(U12:X12) -> 28461180 | Y122: =X122 -> 28461180 | AA122: =SUM(V12:X12,AA12:AA12) -> 29341677 | AB122: =SUM(W12:X12,AA12:AB12) -> 30186144 | AC122: =SUM(X12:X12,AA12:AC12) -> 31003763 | AD122: =SUM(AA12:AD12) -> 31804576 | AE122: =AD122 -> 31804576 | AG122: =SUM(AB12:AD12,AG12:AG12) -> 32589916 | AH122: =SUM(AC12:AD12,AG12:AH12) -> 33359781 | AI122: =SUM(AD12:AD12,AG12:AI12) -> 34102126 | AJ122: =SUM(AG12:AJ12) -> 34827999 | AK122: =AJ122 -> 34827999 | AM122: =SUM(AH12:AJ12,AM12:AM12) -> 35538863 | AN122: =SUM(AI12:AJ12,AM12:AN12) -> 36234719 | AO122: =SUM(AJ12:AJ12,AM12:AO12) -> 36902316 | AP122: =SUM(AM12:AP12) -> 37553807 | AQ122: =AP122 -> 37553807
B123: Days Sales Outstanding | C123: =IFERROR(C124/C122*365,"") -> 182.208 | D123: =IFERROR(D124/D122*365,"") -> 95.628332 | E123: =IFERROR(E124/E122*365,"") -> 66.665056 | F123: =IFERROR(F124/F122*365,"") -> 52.225595 | G123: =IFERROR(G124/G122*365,"") -> 52.225595 | I123: =IFERROR(I124/I122*365,"") -> 52.211617 | J123: =IFERROR(J124/J122*365,"") -> 52.485021 | K123: =SUM(E123:F123,I123:J123)/4 -> 55.896822 | L123: =K123 -> 55.896822 | M123: =IFERROR(M124/M122*365,"") -> 55.896822 | O123: =L123*(1+0) -> 55.896822 | P123: =O123 -> 55.896822 | Q123: =P123 -> 55.896822 | R123: =Q123 -> 55.896822 | S123: =IFERROR(S124/S122*365,"") -> 55.896822 | U123: =R123*(1+0) -> 55.896822 | V123: =U123 -> 55.896822 | W123: =V123 -> 55.896822 | X123: =W123 -> 55.896822 | Y123: =IFERROR(Y124/Y122*365,"") -> 55.896822 | AA123: =X123*(1+0) -> 55.896822 | AB123: =AA123 -> 55.896822 | AC123: =AB123 -> 55.896822 | AD123: =AC123 -> 55.896822 | AE123: =IFERROR(AE124/AE122*365,"") -> 55.896822 | AG123: =AD123*(1+0) -> 55.896822 | AH123: =AG123 -> 55.896822 | AI123: =AH123 -> 55.896822 | AJ123: =AI123 -> 55.896822 | AK123: =IFERROR(AK124/AK122*365,"") -> 55.896822 | AM123: =AJ123*(1+0) -> 55.896822 | AN123: =AM123 -> 55.896822 | AO123: =AN123 -> 55.896822 | AP123: =AO123 -> 55.896822 | AQ123: =IFERROR(AQ124/AQ122*365,"") -> 55.896822
B124: Accounts Receivable Balance | C124: =C105 -> 1560000 | D124: =D105 -> 1720000 | E124: =E105 -> 1890000 | F124: =F105 -> 2074000 | G124: =F124 -> 2074000 | I124: =I105 -> 2278000 | J124: =J105 -> 2520000 | K124: =K123*K122/365 -> 2907894.5 | L124: =L123*L122/365 -> 3120524.6 | M124: =L124 -> 3120524.6 | O124: =O123*O122/365 -> 3313566.9 | P124: =P123*P122/365 -> 3475229.2 | Q124: =Q123*Q122/365 -> 3632958.5 | R124: =R123*R122/365 -> 3784942.6 | S124: =R124 -> 3784942.6 | U124: =U123*U122/365 -> 3934433.1 | V124: =V123*V122/365 -> 4081430 | W124: =W123*W122/365 -> 4221325.6 | X124: =X123*X122/365 -> 4358601.4 | Y124: =X124 -> 4358601.4 | AA124: =AA123*AA122/365 -> 4493442.5 | AB124: =AB123*AB122/365 -> 4622765.8 | AC124: =AC123*AC122/365 -> 4747977.6 | AD124: =AD123*AD122/365 -> 4870615.8 | AE124: =AD124 -> 4870615.8 | AG124: =AG123*AG122/365 -> 4990884.2 | AH124: =AH123*AH122/365 -> 5108782.8 | AI124: =AI123*AI122/365 -> 5222467 | AJ124: =AJ123*AJ122/365 -> 5333628.6 | AK124: =AJ124 -> 5333628.6 | AM124: =AM123*AM122/365 -> 5442491.8 | AN124: =AN123*AN122/365 -> 5549056.6 | AO124: =AO123*AO122/365 -> 5651293.7 | AP124: =AP123*AP122/365 -> 5751064.4 | AQ124: =AP124 -> 5751064.4
B126: Accounts Payable
B127: Trailing 4 Quarters Cost of Goods Sold | C127: =SUM(C19:C19) -> -668000 | D127: =SUM(C19:D19) -> -1394000 | E127: =SUM(C19:E19) -> -2183000 | F127: =SUM(C19:F19) -> -3024000 | G127: =F127 -> -3024000 | I127: =SUM(D19:F19,I19:I19) -> -3265000 | J127: =SUM(E19:F19,I19:J19) -> -3521000 | K127: =SUM(F19:F19,I19:K19) -> -3788805 | L127: =SUM(I19:L19) -> -4062871.9 | M127: =L127 -> -4062871.9 | O127: =SUM(J19:L19,O19:O19) -> -4325361 | P127: =SUM(K19:L19,O19:P19) -> -4571272.2 | Q127: =SUM(L19:L19,O19:Q19) -> -4778747.3 | R127: =SUM(O19:R19) -> -4978665.2 | S127: =R127 -> -4978665.2 | U127: =SUM(P19:R19,U19:U19) -> -5175303.1 | V127: =SUM(Q19:R19,U19:V19) -> -5368661 | W127: =SUM(R19:R19,U19:W19) -> -5552677.9 | X127: =SUM(U19:X19) -> -5733248.7 | Y127: =X127 -> -5733248.7 | AA127: =SUM(V19:X19,AA19:AA19) -> -5910617 | AB127: =SUM(W19:X19,AA19:AB19) -> -6080727.2 | AC127: =SUM(X19:X19,AA19:AC19) -> -6245429.2 | AD127: =SUM(AA19:AD19) -> -6406745.9 | AE127: =AD127 -> -6406745.9 | AG127: =SUM(AB19:AD19,AG19:AG19) -> -6564945.4 | AH127: =SUM(AC19:AD19,AG19:AH19) -> -6720027.8 | AI127: =SUM(AD19:AD19,AG19:AI19) -> -6869566.5 | AJ127: =SUM(AG19:AJ19) -> -7015787.1 | AK127: =AJ127 -> -7015787.1 | AM127: =SUM(AH19:AJ19,AM19:AM19) -> -7158984.3 | AN127: =SUM(AI19:AJ19,AM19:AN19) -> -7299158.2 | AO127: =SUM(AJ19:AJ19,AM19:AO19) -> -7433639.7 | AP127: =SUM(AM19:AP19) -> -7564876.7 | AQ127: =AP127 -> -7564876.7
B128: Days Payable Outstanding | C128: =IFERROR(C129/-C127*365,"") -> 169.38623 | D128: =IFERROR(D129/-D127*365,"") -> 87.715208 | E128: =IFERROR(E129/-E127*365,"") -> 60.192396 | F128: =IFERROR(F129/-F127*365,"") -> 46.469907 | G128: =IFERROR(G129/-G127*365,"") -> 46.469907 | I128: =IFERROR(I129/-I127*365,"") -> 45.834609 | J128: =IFERROR(J129/-J127*365,"") -> 45.612042 | K128: =SUM(E128:F128,I128:J128)/4 -> 49.527239 | L128: =K128 -> 49.527239 | M128: =IFERROR(M129/-M127*365,"") -> 49.527239 | O128: =L128*(1+0) -> 49.527239 | P128: =O128 -> 49.527239 | Q128: =P128 -> 49.527239 | R128: =Q128 -> 49.527239 | S128: =IFERROR(S129/-S127*365,"") -> 49.527239 | U128: =R128*(1+0) -> 49.527239 | V128: =U128 -> 49.527239 | W128: =V128 -> 49.527239 | X128: =W128 -> 49.527239 | Y128: =IFERROR(Y129/-Y127*365,"") -> 49.527239 | AA128: =X128*(1+0) -> 49.527239 | AB128: =AA128 -> 49.527239 | AC128: =AB128 -> 49.527239 | AD128: =AC128 -> 49.527239 | AE128: =IFERROR(AE129/-AE127*365,"") -> 49.527239 | AG128: =AD128*(1+0) -> 49.527239 | AH128: =AG128 -> 49.527239 | AI128: =AH128 -> 49.527239 | AJ128: =AI128 -> 49.527239 | AK128: =IFERROR(AK129/-AK127*365,"") -> 49.527239 | AM128: =AJ128*(1+0) -> 49.527239 | AN128: =AM128 -> 49.527239 | AO128: =AN128 -> 49.527239 | AP128: =AO128 -> 49.527239 | AQ128: =IFERROR(AQ129/-AQ127*365,"") -> 49.527239
B129: Accounts Payable Balance | C129: =C111 -> 310000 | D129: =D111 -> 335000 | E129: =E111 -> 360000 | F129: =F111 -> 385000 | G129: =F129 -> 385000 | I129: =I111 -> 410000 | J129: =J111 -> 440000 | K129: =-K128*K127/365 -> 514106.98 | L129: =-L128*L127/365 -> 551295.41 | M129: =L129 -> 551295.41 | O129: =-O128*O127/365 -> 586912.83 | P129: =-P128*P127/365 -> 620280.8 | Q129: =-Q128*Q127/365 -> 648433.31 | R129: =-R128*R127/365 -> 675560.38 | S129: =R129 -> 675560.38 | U129: =-U128*U127/365 -> 702242.39 | V129: =-V128*V127/365 -> 728479.32 | W129: =-W128*W127/365 -> 753448.78 | X129: =-X128*X127/365 -> 777950.62 | Y129: =X129 -> 777950.62 | AA129: =-AA128*AA127/365 -> 802017.91 | AB129: =-AB128*AB127/365 -> 825100.35 | AC129: =-AC128*AC127/365 -> 847448.94 | AD129: =-AD128*AD127/365 -> 869338.17 | AE129: =AD129 -> 869338.17 | AG129: =-AG128*AG127/365 -> 890804.43 | AH129: =-AH128*AH127/365 -> 911847.73 | AI129: =-AI128*AI127/365 -> 932138.8 | AJ129: =-AJ128*AJ127/365 -> 951979.62 | AK129: =AJ129 -> 951979.62 | AM129: =-AM128*AM127/365 -> 971410.2 | AN129: =-AN128*AN127/365 -> 990430.55 | AO129: =-AO128*AO127/365 -> 1008678.5 | AP129: =-AP128*AP127/365 -> 1026486.2 | AQ129: =AP129 -> 1026486.2
B132: Prepaid Expenses
B133: Beginning Balance | K133: =J56 -> 255000 | L133: =K56 -> 255000 | M133: =I133 -> 0 | O133: =L56 -> 255000 | P133: =O56 -> 255000 | Q133: =P56 -> 255000 | R133: =Q56 -> 255000 | S133: =O133 -> 255000 | U133: =R56 -> 255000 | V133: =U56 -> 255000 | W133: =V56 -> 255000 | X133: =W56 -> 255000 | Y133: =U133 -> 255000 | AA133: =X56 -> 255000 | AB133: =AA56 -> 255000 | AC133: =AB56 -> 255000 | AD133: =AC56 -> 255000 | AE133: =AA133 -> 255000 | AG133: =AD56 -> 255000 | AH133: =AG56 -> 255000 | AI133: =AH56 -> 255000 | AJ133: =AI56 -> 255000 | AK133: =AG133 -> 255000 | AM133: =AJ56 -> 255000 | AN133: =AM56 -> 255000 | AO133: =AN56 -> 255000 | AP133: =AO56 -> 255000 | AQ133: =AM133 -> 255000
...

Sheet IS
A1: SaaS Example Co - Income Statement
A2: $USD
A3: Projection Set: "Base Case" | C3: 2025 | G3: 2025 | I3: 2026 | M3: 2026 | O3: 2027 | S3: 2027 | U3: 2028 | Y3: 2028 | AA3: 2029 | AE3: 2029 | AG3: 2030 | AK3: 2030 | AM3: 2031 | AQ3: 2031
A4: Actuals Through: Q2 2026 | C4: Q1 | D4: Q2 | E4: Q3 | F4: Q4 | G4: Full Year | I4: Q1 | J4: Q2 | K4: Q3 | L4: Q4 | M4: Full Year | O4: Q1 | P4: Q2 | Q4: Q3 | R4: Q4 | S4: Full Year | U4: Q1 | V4: Q2 | W4: Q3 | X4: Q4 | Y4: Full Year | AA4: Q1 | AB4: Q2 | AC4: Q3 | AD4: Q4 | AE4: Full Year | AG4: Q1 | AH4: Q2 | AI4: Q3 | AJ4: Q4 | AK4: Full Year | AM4: Q1 | AN4: Q2 | AO4: Q3 | AP4: Q4 | AQ4: Full Year
B6: Income Statement
B8: Revenue
B9: Subscription Revenue | C9: 2800000 | D9: 3080000 | E9: 3388000 | F9: 3727000 | G9: =SUM(C9:F9) -> 12995000 | I9: 4100000 | J9: 4550000 | K9: ='Forecast Logic'!K21 -> 4811725.7 | L9: ='Forecast Logic'!L21 -> 5073451.3 | M9: =SUM(I9:L9) -> 18535177 | O9: ='Forecast Logic'!O21 -> 5315044.2 | P9: ='Forecast Logic'!P21 -> 5556637.2 | Q9: ='Forecast Logic'!Q21 -> 5798230.1 | R9: ='Forecast Logic'!R21 -> 6019690.3 | S9: =SUM(O9:R9) -> 22689602 | U9: ='Forecast Logic'!U21 -> 6241150.4 | V9: ='Forecast Logic'!V21 -> 6462610.6 | W9: ='Forecast Logic'!W21 -> 6663938.1 | X9: ='Forecast Logic'!X21 -> 6865265.5 | Y9: =SUM(U9:X9) -> 26232965 | AA9: ='Forecast Logic'!AA21 -> 7066592.9 | AB9: ='Forecast Logic'!AB21 -> 7247787.6 | AC9: ='Forecast Logic'!AC21 -> 7428982.3 | AD9: ='Forecast Logic'!AD21 -> 7610177 | AE9: =SUM(AA9:AD9) -> 29353540 | AG9: ='Forecast Logic'!AG21 -> 7791371.7 | AH9: ='Forecast Logic'!AH21 -> 7952433.6 | AI9: ='Forecast Logic'!AI21 -> 8113495.6 | AJ9: ='Forecast Logic'!AJ21 -> 8274557.5 | AK9: =SUM(AG9:AJ9) -> 32131858 | AM9: ='Forecast Logic'!AM21 -> 8435619.5 | AN9: ='Forecast Logic'!AN21 -> 8576548.7 | AO9: ='Forecast Logic'!AO21 -> 8717477.9 | AP9: ='Forecast Logic'!AP21 -> 8858407.1 | AQ9: =SUM(AM9:AP9) -> 34588053
B10: Professional Services | C10: 280000 | D10: 310000 | E10: 340000 | F10: 360000 | G10: 1290000 | I10: 390000 | J10: 420000 | K10: =K53 -> 374000 | L10: =L53 -> 396000 | M10: =SUM(I10:L10) -> 1580000 | O10: =O53 -> 429000 | P10: =P53 -> 462000 | Q10: =Q53 -> 411400 | R10: =R53 -> 435600 | S10: =SUM(O10:R10) -> 1738000 | U10: =U53 -> 471900 | V10: =V53 -> 508200 | W10: =W53 -> 452540 | X10: =X53 -> 479160 | Y10: =SUM(U10:X10) -> 1911800 | AA10: =AA53 -> 519090 | AB10: =AB53 -> 559020 | AC10: =AC53 -> 497794 | AD10: =AD53 -> 527076 | AE10: =SUM(AA10:AD10) -> 2102980 | AG10: =AG53 -> 570999 | AH10: =AH53 -> 614922 | AI10: =AI53 -> 547573.4 | AJ10: =AJ53 -> 579783.6 | AK10: =SUM(AG10:AJ10) -> 2313278 | AM10: =AM53 -> 628098.9 | AN10: =AN53 -> 676414.2 | AO10: =AO53 -> 602330.74 | AP10: =AP53 -> 637761.96 | AQ10: =SUM(AM10:AP10) -> 2544605.8
B11: Other Revenue | C11: 45000 | D11: 50000 | E11: 55000 | F11: 60000 | G11: 210000 | I11: 65000 | J11: 70000 | K11: =K60 -> 60500 | L11: =L60 -> 66000 | M11: =SUM(I11:L11) -> 261500 | O11: =O60 -> 71500 | P11: =P60 -> 77000 | Q11: =Q60 -> 66550 | R11: =R60 -> 72600 | S11: =SUM(O11:R11) -> 287650 | U11: =U60 -> 78650 | V11: =V60 -> 84700 | W11: =W60 -> 73205 | X11: =X60 -> 79860 | Y11: =SUM(U11:X11) -> 316415 | AA11: =AA60 -> 86515 | AB11: =AB60 -> 93170 | AC11: =AC60 -> 80525.5 | AD11: =AD60 -> 87846 | AE11: =SUM(AA11:AD11) -> 348056.5 | AG11: =AG60 -> 95166.5 | AH11: =AH60 -> 102487 | AI11: =AI60 -> 88578.05 | AJ11: =AJ60 -> 96630.6 | AK11: =SUM(AG11:AJ11) -> 382862.15 | AM11: =AM60 -> 104683.15 | AN11: =AN60 -> 112735.7 | AO11: =AO60 -> 97435.855 | AP11: =AP60 -> 106293.66 | AQ11: =SUM(AM11:AP11) -> 421148.37
B12: Total Revenue | C12: =SUM(C9,C10,C11) -> 3125000 | D12: =SUM(D9,D10,D11) -> 3440000 | E12: =SUM(E9,E10,E11) -> 3783000 | F12: =SUM(F9,F10,F11) -> 4147000 | G12: =SUM(C12:F12) -> 14495000 | I12: =SUM(I9,I10,I11) -> 4555000 | J12: =SUM(J9,J10,J11) -> 5040000 | K12: =SUM(K9,K10,K11) -> 5246225.7 | L12: =SUM(L9,L10,L11) -> 5535451.3 | M12: =SUM(I12:L12) -> 20376677 | O12: =SUM(O9,O10,O11) -> 5815544.2 | P12: =SUM(P9,P10,P11) -> 6095637.2 | Q12: =SUM(Q9,Q10,Q11) -> 6276180.1 | R12: =SUM(R9,R10,R11) -> 6527890.3 | S12: =SUM(O12:R12) -> 24715252 | U12: =SUM(U9,U10,U11) -> 6791700.4 | V12: =SUM(V9,V10,V11) -> 7055510.6 | W12: =SUM(W9,W10,W11) -> 7189683.1 | X12: =SUM(X9,X10,X11) -> 7424285.5 | Y12: =SUM(U12:X12) -> 28461180 | AA12: =SUM(AA9,AA10,AA11) -> 7672197.9 | AB12: =SUM(AB9,AB10,AB11) -> 7899977.6 | AC12: =SUM(AC9,AC10,AC11) -> 8007301.8 | AD12: =SUM(AD9,AD10,AD11) -> 8225099 | AE12: =SUM(AA12:AD12) -> 31804576 | AG12: =SUM(AG9,AG10,AG11) -> 8457537.2 | AH12: =SUM(AH9,AH10,AH11) -> 8669842.6 | AI12: =SUM(AI9,AI10,AI11) -> 8749647 | AJ12: =SUM(AJ9,AJ10,AJ11) -> 8950971.7 | AK12: =SUM(AG12:AJ12) -> 34827999 | AM12: =SUM(AM9,AM10,AM11) -> 9168401.5 | AN12: =SUM(AN9,AN10,AN11) -> 9365698.6 | AO12: =SUM(AO9,AO10,AO11) -> 9417244.5 | AP12: =SUM(AP9,AP10,AP11) -> 9602462.7 | AQ12: =SUM(AM12:AP12) -> 37553807
B13: Growth (y-o-y) % | C13: =IFERROR(C12/0-1,0) -> 0 | D13: =IFERROR(D12/0-1,0) -> 0 | E13: =IFERROR(E12/0-1,0) -> 0 | F13: =IFERROR(F12/0-1,0) -> 0 | G13: =IFERROR(G12/0-1,0) -> 0 | I13: =IFERROR(I12/C12-1,0) -> 0.4576 | J13: =IFERROR(J12/D12-1,0) -> 0.46511628 | K13: =IFERROR(K12/E12-1,0) -> 0.38678976 | L13: =IFERROR(L12/F12-1,0) -> 0.33480862 | M13: =IFERROR(M12/G12-1,0) -> 0.40577282 | O13: =IFERROR(O12/I12-1,0) -> 0.27673858 | P13: =IFERROR(P12/J12-1,0) -> 0.20945182 | Q13: =IFERROR(Q12/K12-1,0) -> 0.19632294 | R13: =IFERROR(R12/L12-1,0) -> 0.17928781 | S13: =IFERROR(S12/M12-1,0) -> 0.21291866 | U13: =IFERROR(U12/O12-1,0) -> 0.16785294 | V13: =IFERROR(V12/P12-1,0) -> 0.15746893 | W13: =IFERROR(W12/Q12-1,0) -> 0.14555079 | X13: =IFERROR(X12/R12-1,0) -> 0.13731775 | Y13: =IFERROR(Y12/S12-1,0) -> 0.15156341 | AA13: =IFERROR(AA12/U12-1,0) -> 0.12964316 | AB13: =IFERROR(AB12/V12-1,0) -> 0.119689 | AC13: =IFERROR(AC12/W12-1,0) -> 0.11372111 | AD13: =IFERROR(AD12/X12-1,0) -> 0.10786405 | AE13: =IFERROR(AE12/Y12-1,0) -> 0.11747218 | AG13: =IFERROR(AG12/AA12-1,0) -> 0.10236171 | AH13: =IFERROR(AH12/AB12-1,0) -> 0.097451544 | AI13: =IFERROR(AI12/AC12-1,0) -> 0.092708536 | AJ13: =IFERROR(AJ12/AD12-1,0) -> 0.088250942 | AK13: =IFERROR(AK12/AE12-1,0) -> 0.09506249 | AM13: =IFERROR(AM12/AG12-1,0) -> 0.084050986 | AN13: =IFERROR(AN12/AH12-1,0) -> 0.080261658 | AO13: =IFERROR(AO12/AI12-1,0) -> 0.076299929 | AP13: =IFERROR(AP12/AJ12-1,0) -> 0.072784386 | AQ13: =IFERROR(AQ12/AK12-1,0) -> 0.078264868
B15: Cost of Goods Sold
B16: Hosting & Infrastructure | C16: -312500 | D16: -340000 | E16: -370000 | F16: -395000 | G16: -1417500 | I16: -425000 | J16: -460000 | K16: =K70 -> -495282.33 | L16: =L70 -> -522587.37 | M16: =SUM(I16:L16) -> -1902869.7 | O16: =O70 -> -549030.2 | P16: =P70 -> -575473.04 | Q16: =Q70 -> -592517.62 | R16: =R70 -> -616280.91 | S16: =SUM(O16:R16) -> -2333301.8 | U16: =U70 -> -641186.53 | V16: =V70 -> -666092.16 | W16: =W70 -> -678759.02 | X16: =X70 -> -700907.22 | Y16: =SUM(U16:X16) -> -2686944.9 | AA16: =AA70 -> -724311.98 | AB16: =AB70 -> -745816.06 | AC16: =AC70 -> -755948.25 | AD16: =AD70 -> -776509.91 | AE16: =SUM(AA16:AD16) -> -3002586.2 | AG16: =AG70 -> -798453.79 | AH16: =AH70 -> -818496.99 | AI16: =AI70 -> -826031.11 | AJ16: =AJ70 -> -845037.64 | AK16: =SUM(AG16:AJ16) -> -3288019.5 | AM16: =AM70 -> -865564.62 | AN16: =AN70 -> -884190.91 | AO16: =AO70 -> -889057.22 | AP16: =AP70 -> -906543.19 | AQ16: =SUM(AM16:AP16) -> -3545355.9
B17: Customer Support | C17: -187500 | D17: -200000 | E17: -215000 | F17: -230000 | G17: -832500 | I17: -250000 | J17: -270000 | K17: =K79 -> -289527.59 | L17: =L79 -> -305489.31 | M17: =SUM(I17:L17) -> -1115016.9 | O17: =O79 -> -320947.02 | P17: =P79 -> -336404.73 | Q17: =Q79 -> -346368.5 | R17: =R79 -> -360259.82 | S17: =SUM(O17:R17) -> -1363980.1 | U17: =U79 -> -374818.92 | V17: =V79 -> -389378.02 | W17: =W79 -> -396782.7 | X17: =X79 -> -409729.89 | Y17: =SUM(U17:X17) -> -1570709.5 | AA17: =AA79 -> -423411.63 | AB17: =AB79 -> -435982.29 | AC17: =AC79 -> -441905.27 | AD17: =AD79 -> -453925.02 | AE17: =SUM(AA17:AD17) -> -1755224.2 | AG17: =AG79 -> -466752.77 | AH17: =AH79 -> -478469.44 | AI17: =AI79 -> -482873.66 | AJ17: =AJ79 -> -493984.33 | AK17: =SUM(AG17:AJ17) -> -1922080.2 | AM17: =AM79 -> -505983.8 | AN17: =AN79 -> -516872.19 | AO17: =AO79 -> -519716.89 | AP17: =AP79 -> -529938.67 | AQ17: =SUM(AM17:AP17) -> -2072511.5
B18: Professional Services COGS | C18: -168000 | D18: -186000 | E18: -204000 | F18: -216000 | G18: -774000 | I18: -234000 | J18: -252000 | K18: =K88 -> -271995.05 | L18: =L88 -> -286990.21 | M18: =SUM(I18:L18) -> -1044985.3 | O18: =O88 -> -301511.86 | P18: =P88 -> -316033.52 | Q18: =Q88 -> -325393.92 | R18: =R88 -> -338444.05 | S18: =SUM(O18:R18) -> -1281383.4 | U18: =U88 -> -352121.52 | V18: =V88 -> -365798.98 | W18: =W88 -> -372755.26 | X18: =X88 -> -384918.43 | Y18: =SUM(U18:X18) -> -1475594.2 | AA18: =AA88 -> -397771.66 | AB18: =AB88 -> -409581.09 | AC18: =AC88 -> -415145.41 | AD18: =AD88 -> -426437.29 | AE18: =SUM(AA18:AD18) -> -1648935.5 | AG18: =AG88 -> -438488.25 | AH18: =AH88 -> -449495.4 | AI18: =AI88 -> -453632.93 | AJ18: =AJ88 -> -464070.78 | AK18: =SUM(AG18:AJ18) -> -1805687.4 | AM18: =AM88 -> -475343.62 | AN18: =AN88 -> -485572.65 | AO18: =AO88 -> -488245.09 | AP18: =AP88 -> -497847.89 | AQ18: =SUM(AM18:AP18) -> -1947009.2
B19: Total Cost of Goods Sold | C19: =SUM(C16,C17,C18) -> -668000 | D19: =SUM(D16,D17,D18) -> -726000 | E19: =SUM(E16,E17,E18) -> -789000 | F19: =SUM(F16,F17,F18) -> -841000 | G19: =SUM(C19:F19) -> -3024000 | I19: =SUM(I16,I17,I18) -> -909000 | J19: =SUM(J16,J17,J18) -> -982000 | K19: =SUM(K16,K17,K18) -> -1056805 | L19: =SUM(L16,L17,L18) -> -1115066.9 | M19: =SUM(I19:L19) -> -4062871.9 | O19: =SUM(O16,O17,O18) -> -1171489.1 | P19: =SUM(P16,P17,P18) -> -1227911.3 | Q19: =SUM(Q16,Q17,Q18) -> -1264280 | R19: =SUM(R16,R17,R18) -> -1314984.8 | S19: =SUM(O19:R19) -> -4978665.2 | U19: =SUM(U16,U17,U18) -> -1368127 | V19: =SUM(V16,V17,V18) -> -1421269.2 | W19: =SUM(W16,W17,W18) -> -1448297 | X19: =SUM(X16,X17,X18) -> -1495555.5 | Y19: =SUM(U19:X19) -> -5733248.7 | AA19: =SUM(AA16,AA17,AA18) -> -1545495.3 | AB19: =SUM(AB16,AB17,AB18) -> -1591379.4 | AC19: =SUM(AC16,AC17,AC18) -> -1612998.9 | AD19: =SUM(AD16,AD17,AD18) -> -1656872.2 | AE19: =SUM(AA19:AD19) -> -6406745.9 | AG19: =SUM(AG16,AG17,AG18) -> -1703694.8 | AH19: =SUM(AH16,AH17,AH18) -> -1746461.8 | AI19: =SUM(AI16,AI17,AI18) -> -1762537.7 | AJ19: =SUM(AJ16,AJ17,AJ18) -> -1803092.8 | AK19: =SUM(AG19:AJ19) -> -7015787.1 | AM19: =SUM(AM16,AM17,AM18) -> -1846892 | AN19: =SUM(AN16,AN17,AN18) -> -1886635.7 | AO19: =SUM(AO16,AO17,AO18) -> -1897019.2 | AP19: =SUM(AP16,AP17,AP18) -> -1934329.8 | AQ19: =SUM(AM19:AP19) -> -7564876.7
B21: Gross Profit | C21: =C12+C19 -> 2457000 | D21: =D12+D19 -> 2714000 | E21: =E12+E19 -> 2994000 | F21: =F12+F19 -> 3306000 | G21: =SUM(C21:F21) -> 11471000 | I21: =I12+I19 -> 3646000 | J21: =J12+J19 -> 4058000 | K21: =K12+K19 -> 4189420.7 | L21: =L12+L19 -> 4420384.4 | M21: =SUM(I21:L21) -> 16313805 | O21: =O12+O19 -> 4644055.2 | P21: =P12+P19 -> 4867725.9 | Q21: =Q12+Q19 -> 5011900.1 | R21: =R12+R19 -> 5212905.5 | S21: =SUM(O21:R21) -> 19736587 | U21: =U12+U19 -> 5423573.5 | V21: =V12+V19 -> 5634241.5 | W21: =W12+W19 -> 5741386.1 | X21: =X12+X19 -> 5928729.9 | Y21: =SUM(U21:X21) -> 22727931 | AA21: =AA12+AA19 -> 6126702.6 | AB21: =AB12+AB19 -> 6308598.2 | AC21: =AC12+AC19 -> 6394302.9 | AD21: =AD12+AD19 -> 6568226.8 | AE21: =SUM(AA21:AD21) -> 25397830 | AG21: =AG12+AG19 -> 6753842.4 | AH21: =AH12+AH19 -> 6923380.8 | AI21: =AI12+AI19 -> 6987109.3 | AJ21: =AJ12+AJ19 -> 7147879 | AK21: =SUM(AG21:AJ21) -> 27812211 | AM21: =AM12+AM19 -> 7321509.5 | AN21: =AN12+AN19 -> 7479062.8 | AO21: =AO12+AO19 -> 7520225.3 | AP21: =AP12+AP19 -> 7668132.9 | AQ21: =SUM(AM21:AP21) -> 29988931
B22: Margin % | C22: =IFERROR(C21/C12,0) -> 0.78624 | D22: =IFERROR(D21/D12,0) -> 0.78895349 | E22: =IFERROR(E21/E12,0) -> 0.79143537 | F22: =IFERROR(F21/F12,0) -> 0.7972028 | G22: =IFERROR(G21/G12,0) -> 0.79137634 | I22: =IFERROR(I21/I12,0) -> 0.80043908 | J22: =IFERROR(J21/J12,0) -> 0.80515873 | K22: =IFERROR(K21/K12,0) -> 0.79855899 | L22: =IFERROR(L21/L12,0) -> 0.79855899 | M22: =IFERROR(M21/M12,0) -> 0.80061166 | O22: =IFERROR(O21/O12,0) -> 0.79855899 | P22: =IFERROR(P21/P12,0) -> 0.79855899 | Q22: =IFERROR(Q21/Q12,0) -> 0.79855899 | R22: =IFERROR(R21/R12,0) -> 0.79855899 | S22: =IFERROR(S21/S12,0) -> 0.79855899 | U22: =IFERROR(U21/U12,0) -> 0.79855899 | V22: =IFERROR(V21/V12,0) -> 0.79855899 | W22: =IFERROR(W21/W12,0) -> 0.79855899 | X22: =IFERROR(X21/X12,0) -> 0.79855899 | Y22: =IFERROR(Y21/Y12,0) -> 0.79855899 | AA22: =IFERROR(AA21/AA12,0) -> 0.79855899 | AB22: =IFERROR(AB21/AB12,0) -> 0.79855899 | AC22: =IFERROR(AC21/AC12,0) -> 0.79855899 | AD22: =IFERROR(AD21/AD12,0) -> 0.79855899 | AE22: =IFERROR(AE21/AE12,0) -> 0.79855899 | AG22: =IFERROR(AG21/AG12,0) -> 0.79855899 | AH22: =IFERROR(AH21/AH12,0) -> 0.79855899 | AI22: =IFERROR(AI21/AI12,0) -> 0.79855899 | AJ22: =IFERROR(AJ21/AJ12,0) -> 0.79855899 | AK22: =IFERROR(AK21/AK12,0) -> 0.79855899 | AM22: =IFERROR(AM21/AM12,0) -> 0.79855899 | AN22: =IFERROR(AN21/AN12,0) -> 0.79855899 | AO22: =IFERROR(AO21/AO12,0) -> 0.79855899 | AP22: =IFERROR(AP21/AP12,0) -> 0.79855899 | AQ22: =IFERROR(AQ21/AQ12,0) -> 0.79855899
B24: Operating Expenses
B25: Sales & Marketing | C25: -937500 | D25: -1032000 | E25: -1097000 | F25: -1161000 | G25: =SUM(C25:F25) -> -4227500 | I25: -1230000 | J25: -1310000 | K25: =SUM(E25:F25,I25:J25)/4 -> -1199500 | L25: =K25 -> -1199500 | M25: =SUM(I25:L25) -> -4939000 | O25: =L25*(1+0.03) -> -1235485 | P25: =O25 -> -1235485 | Q25: =P25 -> -1235485 | R25: =Q25 -> -1235485 | S25: =SUM(O25:R25) -> -4941940 | U25: =R25*(1+0.03) -> -1272549.6 | V25: =U25 -> -1272549.6 | W25: =V25 -> -1272549.6 | X25: =W25 -> -1272549.6 | Y25: =SUM(U25:X25) -> -5090198.2 | AA25: =X25*(1+0.03) -> -1310726 | AB25: =AA25 -> -1310726 | AC25: =AB25 -> -1310726 | AD25: =AC25 -> -1310726 | AE25: =SUM(AA25:AD25) -> -5242904.1 | AG25: =AD25*(1+0.03) -> -1350047.8 | AH25: =AG25 -> -1350047.8 | AI25: =AH25 -> -1350047.8 | AJ25: =AI25 -> -1350047.8 | AK25: =SUM(AG25:AJ25) -> -5400191.3 | AM25: =AJ25*(1+0.03) -> -1390549.3 | AN25: =AM25 -> -1390549.3 | AO25: =AN25 -> -1390549.3 | AP25: =AO25 -> -1390549.3 | AQ25: =SUM(AM25:AP25) -> -5562197
B26: Research & Development | C26: -781000 | D26: -860000 | E26: -946000 | F26: -1037000 | G26: =SUM(C26:F26) -> -3624000 | I26: -1139000 | J26: -1252000 | K26: =SUM(E26:F26,I26:J26)/4 -> -1093500 | L26: =K26 -> -1093500 | M26: =SUM(I26:L26) -> -4578000 | O26: =L26*(1+0.03) -> -1126305 | P26: =O26 -> -1126305 | Q26: =P26 -> -1126305 | R26: =Q26 -> -1126305 | S26: =SUM(O26:R26) -> -4505220 | U26: =R26*(1+0.03) -> -1160094.2 | V26: =U26 -> -1160094.2 | W26: =V26 -> -1160094.2 | X26: =W26 -> -1160094.2 | Y26: =SUM(U26:X26) -> -4640376.6 | AA26: =X26*(1+0.03) -> -1194897 | AB26: =AA26 -> -1194897 | AC26: =AB26 -> -1194897 | AD26: =AC26 -> -1194897 | AE26: =SUM(AA26:AD26) -> -4779587.9 | AG26: =AD26*(1+0.03) -> -1230743.9 | AH26: =AG26 -> -1230743.9 | AI26: =AH26 -> -1230743.9 | AJ26: =AI26 -> -1230743.9 | AK26: =SUM(AG26:AJ26) -> -4922975.5 | AM26: =AJ26*(1+0.03) -> -1267666.2 | AN26: =AM26 -> -1267666.2 | AO26: =AN26 -> -1267666.2 | AP26: =AO26 -> -1267666.2 | AQ26: =SUM(AM26:AP26) -> -5070664.8
B27: General & Administrative | C27: -375000 | D27: -395000 | E27: -415000 | F27: -435000 | G27: =SUM(C27:F27) -> -1620000 | I27: -460000 | J27: -488000 | K27: =SUM(E27:F27,I27:J27)/4 -> -449500 | L27: =K27 -> -449500 | M27: =SUM(I27:L27) -> -1847000 | O27: =L27*(1+0.03) -> -462985 | P27: =O27 -> -462985 | Q27: =P27 -> -462985 | R27: =Q27 -> -462985 | S27: =SUM(O27:R27) -> -1851940 | U27: =R27*(1+0.03) -> -476874.55 | V27: =U27 -> -476874.55 | W27: =V27 -> -476874.55 | X27: =W27 -> -476874.55 | Y27: =SUM(U27:X27) -> -1907498.2 | AA27: =X27*(1+0.03) -> -491180.79 | AB27: =AA27 -> -491180.79 | AC27: =AB27 -> -491180.79 | AD27: =AC27 -> -491180.79 | AE27: =SUM(AA27:AD27) -> -1964723.1 | AG27: =AD27*(1+0.03) -> -505916.21 | AH27: =AG27 -> -505916.21 | AI27: =AH27 -> -505916.21 | AJ27: =AI27 -> -505916.21 | AK27: =SUM(AG27:AJ27) -> -2023664.8 | AM27: =AJ27*(1+0.03) -> -521093.7 | AN27: =AM27 -> -521093.7 | AO27: =AN27 -> -521093.7 | AP27: =AO27 -> -521093.7 | AQ27: =SUM(AM27:AP27) -> -2084374.8
B28: Depreciation & Amortization | C28: 0 | D28: 0 | E28: 0 | F28: 0 | G28: =SUM(C28:F28) -> 0 | I28: 0 | J28: 0 | K28: =Model!K28 -> 0 | L28: =Model!L28 -> 0 | M28: =SUM(I28:L28) -> 0 | O28: =Model!O28 -> 0 | P28: =Model!P28 -> 0 | Q28: =Model!Q28 -> 0 | R28: =Model!R28 -> 0 | S28: =SUM(O28:R28) -> 0 | U28: =Model!U28 -> 0 | V28: =Model!V28 -> 0 | W28: =Model!W28 -> 0 | X28: =Model!X28 -> 0 | Y28: =SUM(U28:X28) -> 0 | AA28: =Model!AA28 -> 0 | AB28: =Model!AB28 -> 0 | AC28: =Model!AC28 -> 0 | AD28: =Model!AD28 -> 0 | AE28: =SUM(AA28:AD28) -> 0 | AG28: =Model!AG28 -> 0 | AH28: =Model!AH28 -> 0 | AI28: =Model!AI28 -> 0 | AJ28: =Model!AJ28 -> 0 | AK28: =SUM(AG28:AJ28) -> 0 | AM28: =Model!AM28 -> 0 | AN28: =Model!AN28 -> 0 | AO28: =Model!AO28 -> 0 | AP28: =Model!AP28 -> 0 | AQ28: =SUM(AM28:AP28) -> 0
B29: Total Operating Expenses | C29: =SUM(C25,C26,C27,C28) -> -2093500 | D29: =SUM(D25,D26,D27,D28) -> -2287000 | E29: =SUM(E25,E26,E27,E28) -> -2458000 | F29: =SUM(F25,F26,F27,F28) -> -2633000 | G29: =SUM(C29:F29) -> -9471500 | I29: =SUM(I25,I26,I27,I28) -> -2829000 | J29: =SUM(J25,J26,J27,J28) -> -3050000 | K29: =SUM(K25,K26,K27,K28) -> -2742500 | L29: =SUM(L25,L26,L27,L28) -> -2742500 | M29: =SUM(I29:L29) -> -11364000 | O29: =SUM(O25,O26,O27,O28) -> -2824775 | P29: =SUM(P25,P26,P27,P28) -> -2824775 | Q29: =SUM(Q25,Q26,Q27,Q28) -> -2824775 | R29: =SUM(R25,R26,R27,R28) -> -2824775 | S29: =SUM(O29:R29) -> -11299100 | U29: =SUM(U25,U26,U27,U28) -> -2909518.2 | V29: =SUM(V25,V26,V27,V28) -> -2909518.2 | W29: =SUM(W25,W26,W27,W28) -> -2909518.2 | X29: =SUM(X25,X26,X27,X28) -> -2909518.2 | Y29: =SUM(U29:X29) -> -11638073 | AA29: =SUM(AA25,AA26,AA27,AA28) -> -2996803.8 | AB29: =SUM(AB25,AB26,AB27,AB28) -> -2996803.8 | AC29: =SUM(AC25,AC26,AC27,AC28) -> -2996803.8 | AD29: =SUM(AD25,AD26,AD27,AD28) -> -2996803.8 | AE29: =SUM(AA29:AD29) -> -11987215 | AG29: =SUM(AG25,AG26,AG27,AG28) -> -3086707.9 | AH29: =SUM(AH25,AH26,AH27,AH28) -> -3086707.9 | AI29: =SUM(AI25,AI26,AI27,AI28) -> -3086707.9 | AJ29: =SUM(AJ25,AJ26,AJ27,AJ28) -> -3086707.9 | AK29: =SUM(AG29:AJ29) -> -12346832 | AM29: =SUM(AM25,AM26,AM27,AM28) -> -3179309.1 | AN29: =SUM(AN25,AN26,AN27,AN28) -> -3179309.1 | AO29: =SUM(AO25,AO26,AO27,AO28) -> -3179309.1 | AP29: =SUM(AP25,AP26,AP27,AP28) -> -3179309.1 | AQ29: =SUM(AM29:AP29) -> -12717237
B31: Operating Income | C31: =C21+C29 -> 363500 | D31: =D21+D29 -> 427000 | E31: =E21+E29 -> 536000 | F31: =F21+F29 -> 673000 | G31: =SUM(C31:F31) -> 1999500 | I31: =I21+I29 -> 817000 | J31: =J21+J29 -> 1008000 | K31: =K21+K29 -> 1446920.7 | L31: =L21+L29 -> 1677884.4 | M31: =SUM(I31:L31) -> 4949805.1 | O31: =O21+O29 -> 1819280.2 | P31: =P21+P29 -> 2042950.9 | Q31: =Q21+Q29 -> 2187125.1 | R31: =R21+R29 -> 2388130.5 | S31: =SUM(O31:R31) -> 8437486.6 | U31: =U21+U29 -> 2514055.2 | V31: =V21+V29 -> 2724723.2 | W31: =W21+W29 -> 2831867.8 | X31: =X21+X29 -> 3019211.7 | Y31: =SUM(U31:X31) -> 11089858 | AA31: =AA21+AA29 -> 3129898.9 | AB31: =AB21+AB29 -> 3311794.4 | AC31: =AC21+AC29 -> 3397499.1 | AD31: =AD21+AD29 -> 3571423 | AE31: =SUM(AA31:AD31) -> 13410615 | AG31: =AG21+AG29 -> 3667134.5 | AH31: =AH21+AH29 -> 3836672.9 | AI31: =AI21+AI29 -> 3900401.4 | AJ31: =AJ21+AJ29 -> 4061171.1 | AK31: =SUM(AG31:AJ31) -> 15465380 | AM31: =AM21+AM29 -> 4142200.3 | AN31: =AN21+AN29 -> 4299753.7 | AO31: =AO21+AO29 -> 4340916.1 | AP31: =AP21+AP29 -> 4488823.8 | AQ31: =SUM(AM31:AP31) -> 17271694
B32: Margin % | C32: =IFERROR(C31/C12,0) -> 0.11632 | D32: =IFERROR(D31/D12,0) -> 0.12412791 | E32: =IFERROR(E31/E12,0) -> 0.14168649 | F32: =IFERROR(F31/F12,0) -> 0.16228599 | G32: =IFERROR(G31/G12,0) -> 0.13794412 | I32: =IFERROR(I31/I12,0) -> 0.17936334 | J32: =IFERROR(J31/J12,0) -> 0.2 | K32: =IFERROR(K31/K12,0) -> 0.27580222 | L32: =IFERROR(L31/L12,0) -> 0.3031161 | M32: =IFERROR(M31/M12,0) -> 0.24291523 | O32: =IFERROR(O31/O12,0) -> 0.31283059 | P32: =IFERROR(P31/P12,0) -> 0.33514969 | Q32: =IFERROR(Q31/Q12,0) -> 0.34848029 | R32: =IFERROR(R31/R12,0) -> 0.36583496 | S32: =IFERROR(S31/S12,0) -> 0.34138785 | U32: =IFERROR(U31/U12,0) -> 0.3701658 | V32: =IFERROR(V31/V12,0) -> 0.3861837 | W32: =IFERROR(W31/W12,0) -> 0.39387937 | X32: =IFERROR(X31/X12,0) -> 0.40666697 | Y32: =IFERROR(Y31/Y12,0) -> 0.38964857 | AA32: =IFERROR(AA31/AA12,0) -> 0.40795335 | AB32: =IFERROR(AB31/AB12,0) -> 0.41921567 | AC32: =IFERROR(AC31/AC12,0) -> 0.42430011 | AD32: =IFERROR(AD31/AD12,0) -> 0.43421033 | AE32: =IFERROR(AE31/AE12,0) -> 0.42165678 | AG32: =IFERROR(AG31/AG12,0) -> 0.43359366 | AH32: =IFERROR(AH31/AH12,0) -> 0.44253086 | AI32: =IFERROR(AI31/AI12,0) -> 0.44577814 | AJ32: =IFERROR(AJ31/AJ12,0) -> 0.45371287 | AK32: =IFERROR(AK31/AK12,0) -> 0.4440502 | AM32: =IFERROR(AM31/AM12,0) -> 0.4517909 | AN32: =IFERROR(AN31/AN12,0) -> 0.45909589 | AO32: =IFERROR(AO31/AO12,0) -> 0.46095396 | AP32: =IFERROR(AP31/AP12,0) -> 0.46746589 | AQ32: =IFERROR(AQ31/AQ12,0) -> 0.45991859
B34: Other Income / (Expense)
B35: Interest Expense | C35: -25000 | D35: -25000 | E35: -24000 | F35: -23000 | G35: =SUM(C35:F35) -> -97000 | I35: -22000 | J35: -21000 | K35: =Model!K35 -> -19250 | L35: =Model!L35 -> -19250 | M35: =SUM(I35:L35) -> -81500 | O35: =Model!O35 -> 0 | P35: =Model!P35 -> 0 | Q35: =Model!Q35 -> 0 | R35: =Model!R35 -> 0 | S35: =SUM(O35:R35) -> 0 | U35: =Model!U35 -> 0 | V35: =Model!V35 -> 0 | W35: =Model!W35 -> 0 | X35: =Model!X35 -> 0 | Y35: =SUM(U35:X35) -> 0 | AA35: =Model!AA35 -> 0 | AB35: =Model!AB35 -> 0 | AC35: =Model!AC35 -> 0 | AD35: =Model!AD35 -> 0 | AE35: =SUM(AA35:AD35) -> 0 | AG35: =Model!AG35 -> 0 | AH35: =Model!AH35 -> 0 | AI35: =Model!AI35 -> 0 | AJ35: =Model!AJ35 -> 0 | AK35: =SUM(AG35:AJ35) -> 0 | AM35: =Model!AM35 -> 0 | AN35: =Model!AN35 -> 0 | AO35: =Model!AO35 -> 0 | AP35: =Model!AP35 -> 0 | AQ35: =SUM(AM35:AP35) -> 0
B36: Other Income (Expense) | C36: 12000 | D36: 15000 | E36: 18000 | F36: 20000 | G36: =SUM(C36:F36) -> 65000 | I36: 22000 | J36: 24000 | K36: =SUM(E36:F36,I36:J36)/4 -> 21000 | L36: =K36 -> 21000 | M36: =SUM(I36:L36) -> 88000 | O36: =L36*(1+0.03) -> 21630 | P36: =O36 -> 21630 | Q36: =P36 -> 21630 | R36: =Q36 -> 21630 | S36: =SUM(O36:R36) -> 86520 | U36: =R36*(1+0.03) -> 22278.9 | V36: =U36 -> 22278.9 | W36: =V36 -> 22278.9 | X36: =W36 -> 22278.9 | Y36: =SUM(U36:X36) -> 89115.6 | AA36: =X36*(1+0.03) -> 22947.267 | AB36: =AA36 -> 22947.267 | AC36: =AB36 -> 22947.267 | AD36: =AC36 -> 22947.267 | AE36: =SUM(AA36:AD36) -> 91789.068 | AG36: =AD36*(1+0.03) -> 23635.685 | AH36: =AG36 -> 23635.685 | AI36: =AH36 -> 23635.685 | AJ36: =AI36 -> 23635.685 | AK36: =SUM(AG36:AJ36) -> 94542.74 | AM36: =AJ36*(1+0.03) -> 24344.756 | AN36: =AM36 -> 24344.756 | AO36: =AN36 -> 24344.756 | AP36: =AO36 -> 24344.756 | AQ36: =SUM(AM36:AP36) -> 97379.022
B37: Interest Expense (Senior Term Debt) | C37: =C38+C39 -> 0 | D37: =D38+D39 -> 0 | E37: =E38+E39 -> 0 | F37: =F38+F39 -> 0 | G37: =SUM(C37:F37) -> 0 | I37: =I38+I39 -> 0 | J37: =J38+J39 -> 0 | K37: =K38+K39 -> 0 | L37: =L38+L39 -> 0 | M37: =SUM(I37:L37) -> 0 | O37: =O38+O39 -> -512110.76 | P37: =P38+P39 -> -499873.5 | Q37: =Q38+Q39 -> -480399.22 | R37: =R38+R39 -> -458676.81 | S37: =SUM(O37:R37) -> -1951060.3 | U37: =U38+U39 -> -431278.63 | V37: =V38+V39 -> -402023.59 | W37: =W38+W39 -> -366572.3 | X37: =X38+X39 -> -329284.9 | Y37: =SUM(U37:X37) -> -1529159.4 | AA37: =AA38+AA39 -> -286499.49 | AB37: =AB38+AB39 -> -241811.78 | AC37: =AC38+AC39 -> -191440.3 | AD37: =AD38+AD39 -> -140409.07 | AE37: =SUM(AA37:AD37) -> -860160.65 | AG37: =AG38+AG39 -> -69256.479 | AH37: =AH38+AH39 -> -4.3137625e-07 | AI37: =AI38+AI39 -> 0 | AJ37: =AJ38+AJ39 -> 0 | AK37: =SUM(AG37:AJ37) -> -69256.479 | AM37: =AM38+AM39 -> 0 | AN37: =AN38+AN39 -> 0 | AO37: =AO38+AO39 -> 0 | AP37: =AP38+AP39 -> 0 | AQ37: =SUM(AM37:AP37) -> 0
B38: Cash Interest | C38: 0 | D38: 0 | E38: 0 | F38: 0 | G38: =SUM(C38:F38) -> 0 | I38: 0 | J38: 0 | K38: =Model!K38 -> 0 | L38: =Model!L38 -> 0 | M38: =SUM(I38:L38) -> 0 | O38: =Model!O38 -> -494980.51 | P38: =Model!P38 -> -478881.8 | Q38: =Model!Q38 -> -457435.78 | R38: =Model!R38 -> -432841.37 | S38: =SUM(O38:R38) -> -1864139.5 | U38: =Model!U38 -> -403789.12 | V38: =Model!V38 -> -371700.21 | W38: =Model!W38 -> -334890.98 | X38: =Model!X38 -> -295177.64 | Y38: =SUM(U38:X38) -> -1405558 | AA38: =Model!AA38 -> -251046.76 | AB38: =Model!AB38 -> -203886.53 | AC38: =Model!AC38 -> -152211.35 | AD38: =Model!AD38 -> -97822.035 | AE38: =SUM(AA38:AD38) -> -704966.67 | AG38: =Model!AG38 -> -38988.334 | AH38: =Model!AH38 -> 7.7782897e-08 | AI38: =Model!AI38 -> 0 | AJ38: =Model!AJ38 -> 0 | AK38: =SUM(AG38:AJ38) -> -38988.334 | AM38: =Model!AM38 -> 0 | AN38: =Model!AN38 -> 0 | AO38: =Model!AO38 -> 0 | AP38: =Model!AP38 -> 0 | AQ38: =SUM(AM38:AP38) -> 0
B39: Amortized Financing Fees | C39: 0 | D39: 0 | E39: 0 | F39: 0 | G39: =SUM(C39:F39) -> 0 | I39: 0 | J39: 0 | K39: =Model!K39 -> 0 | L39: =Model!L39 -> 0 | M39: =SUM(I39:L39) -> 0 | O39: =Model!O39 -> -17130.245 | P39: =Model!P39 -> -20991.694 | Q39: =Model!Q39 -> -22963.449 | R39: =Model!R39 -> -25835.437 | S39: =SUM(O39:R39) -> -86920.824 | U39: =Model!U39 -> -27489.507 | V39: =Model!V39 -> -30323.376 | W39: =Model!W39 -> -31681.327 | X39: =Model!X39 -> -34107.258 | Y39: =SUM(U39:X39) -> -123601.47 | AA39: =Model!AA39 -> -35452.731 | AB39: =Model!AB39 -> -37925.251 | AC39: =Model!AC39 -> -39228.952 | AD39: =Model!AD39 -> -42587.039 | AE39: =SUM(AA39:AD39) -> -155193.97 | AG39: =Model!AG39 -> -30268.145 | AH39: =Model!AH39 -> 0 | AI39: =Model!AI39 -> 0 | AJ39: =Model!AJ39 -> 0 | AK39: =SUM(AG39:AJ39) -> -30268.145 | AM39: =Model!AM39 -> 0 | AN39: =Model!AN39 -> 0 | AO39: =Model!AO39 -> 0 | AP39: =Model!AP39 -> 0 | AQ39: =SUM(AM39:AP39) -> 0
B40: Interest Expense (Seller Note) | C40: 0 | D40: 0 | E40: 0 | F40: 0 | G40: =SUM(C40:F40) -> 0 | I40: 0 | J40: 0 | K40: =Model!K40 -> 0 | L40: =Model!L40 -> 0 | M40: =SUM(I40:L40) -> 0 | O40: =Model!O40 -> -98996.103 | P40: =Model!P40 -> -95741.992 | Q40: =Model!Q40 -> -92422.799 | R40: =Model!R40 -> -89037.223 | S40: =SUM(O40:R40) -> -376198.12 | U40: =Model!U40 -> -85583.935 | V40: =Model!V40 -> -82061.581 | W40: =Model!W40 -> -78468.78 | X40: =Model!X40 -> -74804.123 | Y40: =SUM(U40:X40) -> -320918.42 | AA40: =Model!AA40 -> -71066.173 | AB40: =Model!AB40 -> -67253.464 | AC40: =Model!AC40 -> -63364.5 | AD40: =Model!AD40 -> -59397.758 | AE40: =SUM(AA40:AD40) -> -261081.89 | AG40: =Model!AG40 -> -55351.68 | AH40: =Model!AH40 -> -32994.133 | AI40: =Model!AI40 -> 6.4852647e-08 | AJ40: =Model!AJ40 -> 0 | AK40: =SUM(AG40:AJ40) -> -88345.813 | AM40: =Model!AM40 -> 0 | AN40: =Model!AN40 -> 0 | AO40: =Model!AO40 -> 0 | AP40: =Model!AP40 -> 0 | AQ40: =SUM(AM40:AP40) -> 0
B41: Total Other Income / (Expense) | C41: =SUM(C35,C36,C37,C40) -> -13000 | D41: =SUM(D35,D36,D37,D40) -> -10000 | E41: =SUM(E35,E36,E37,E40) -> -6000 | F41: =SUM(F35,F36,F37,F40) -> -3000 | G41: =SUM(C41:F41) -> -32000 | I41: =SUM(I35,I36,I37,I40) -> 0 | J41: =SUM(J35,J36,J37,J40) -> 3000 | K41: =SUM(K35,K36,K37,K40) -> 1750 | L41: =SUM(L35,L36,L37,L40) -> 1750 | M41: =SUM(I41:L41) -> 6500 | O41: =SUM(O35,O36,O37,O40) -> -589476.86 | P41: =SUM(P35,P36,P37,P40) -> -573985.49 | Q41: =SUM(Q35,Q36,Q37,Q40) -> -551192.02 | R41: =SUM(R35,R36,R37,R40) -> -526084.03 | S41: =SUM(O41:R41) -> -2240738.4 | U41: =SUM(U35,U36,U37,U40) -> -494583.67 | V41: =SUM(V35,V36,V37,V40) -> -461806.27 | W41: =SUM(W35,W36,W37,W40) -> -422762.18 | X41: =SUM(X35,X36,X37,X40) -> -381810.12 | Y41: =SUM(U41:X41) -> -1760962.2 | AA41: =SUM(AA35,AA36,AA37,AA40) -> -334618.4 | AB41: =SUM(AB35,AB36,AB37,AB40) -> -286117.97 | AC41: =SUM(AC35,AC36,AC37,AC40) -> -231857.54 | AD41: =SUM(AD35,AD36,AD37,AD40) -> -176859.56 | AE41: =SUM(AA41:AD41) -> -1029453.5 | AG41: =SUM(AG35,AG36,AG37,AG40) -> -100972.47 | AH41: =SUM(AH35,AH36,AH37,AH40) -> -9358.4475 | AI41: =SUM(AI35,AI36,AI37,AI40) -> 23635.685 | AJ41: =SUM(AJ35,AJ36,AJ37,AJ40) -> 23635.685 | AK41: =SUM(AG41:AJ41) -> -63059.552 | AM41: =SUM(AM35,AM36,AM37,AM40) -> 24344.756 | AN41: =SUM(AN35,AN36,AN37,AN40) -> 24344.756 | AO41: =SUM(AO35,AO36,AO37,AO40) -> 24344.756 | AP41: =SUM(AP35,AP36,AP37,AP40) -> 24344.756 | AQ41: =SUM(AM41:AP41) -> 97379.022
B43: Earnings before Tax | C43: =C31+C41 -> 350500 | D43: =D31+D41 -> 417000 | E43: =E31+E41 -> 530000 | F43: =F31+F41 -> 670000 | G43: =SUM(C43:F43) -> 1967500 | I43: =I31+I41 -> 817000 | J43: =J31+J41 -> 1011000 | K43: =K31+K41 -> 1448670.7 | L43: =L31+L41 -> 1679634.4 | M43: =SUM(I43:L43) -> 4956305.1 | O43: =O31+O41 -> 1229803.3 | P43: =P31+P41 -> 1468965.4 | Q43: =Q31+Q41 -> 1635933 | R43: =R31+R41 -> 1862046.5 | S43: =SUM(O43:R43) -> 6196748.2 | U43: =U31+U41 -> 2019471.6 | V43: =V31+V41 -> 2262916.9 | W43: =W31+W41 -> 2409105.6 | X43: =X31+X41 -> 2637401.6 | Y43: =SUM(U43:X43) -> 9328895.7 | AA43: =AA31+AA41 -> 2795280.5 | AB43: =AB31+AB41 -> 3025676.4 | AC43: =AC31+AC41 -> 3165641.5 | AD43: =AD31+AD41 -> 3394563.4 | AE43: =SUM(AA43:AD43) -> 12381162 | AG43: =AG31+AG41 -> 3566162 | AH43: =AH31+AH41 -> 3827314.4 | AI43: =AI31+AI41 -> 3924037.1 | AJ43: =AJ31+AJ41 -> 4084806.7 | AK43: =SUM(AG43:AJ43) -> 15402320 | AM43: =AM31+AM41 -> 4166545.1 | AN43: =AN31+AN41 -> 4324098.4 | AO43: =AO31+AO41 -> 4365260.9 | AP43: =AP31+AP41 -> 4513168.6 | AQ43: =SUM(AM43:AP43) -> 17369073
B45: Income Tax Expense | C45: -70100 | D45: -83400 | E45: -106000 | F45: -134000 | G45: =SUM(C45:F45) -> -393500 | I45: -163400 | J45: -202200 | K45: =Model!K45 -> -333194.26 | L45: =Model!L45 -> -386315.92 | M45: =SUM(I45:L45) -> -1085110.2 | O45: =Model!O45 -> -282854.76 | P45: =Model!P45 -> -337862.04 | Q45: =Model!Q45 -> -376264.6 | R45: =Model!R45 -> -428270.68 | S45: =SUM(O45:R45) -> -1425252.1 | U45: =Model!U45 -> -464478.46 | V45: =Model!V45 -> -520470.9 | W45: =Model!W45 -> -554094.29 | X45: =Model!X45 -> -606602.36 | Y45: =SUM(U45:X45) -> -2145646 | AA45: =Model!AA45 -> -642914.5 | AB45: =Model!AB45 -> -695905.57 | AC45: =Model!AC45 -> -728097.55 | AD45: =Model!AD45 -> -780749.58 | AE45: =SUM(AA45:AD45) -> -2847667.2 | AG45: =Model!AG45 -> -820217.26 | AH45: =Model!AH45 -> -880282.32 | AI45: =Model!AI45 -> -902528.53 | AJ45: =Model!AJ45 -> -939505.55 | AK45: =SUM(AG45:AJ45) -> -3542533.7 | AM45: =Model!AM45 -> -958305.37 | AN45: =Model!AN45 -> -994542.64 | AO45: =Model!AO45 -> -1004010 | AP45: =Model!AP45 -> -1038028.8 | AQ45: =SUM(AM45:AP45) -> -3994886.8
B46: Net Income | C46: =C43+SUM(C45) -> 280400 | D46: =D43+SUM(D45) -> 333600 | E46: =E43+SUM(E45) -> 424000 | F46: =F43+SUM(F45) -> 536000 | G46: =SUM(C46:F46) -> 1574000 | I46: =I43+SUM(I45) -> 653600 | J46: =J43+SUM(J45) -> 808800 | K46: =K43+SUM(K45) -> 1115476.4 | L46: =L43+SUM(L45) -> 1293318.5 | M46: =SUM(I46:L46) -> 3871194.9 | O46: =O43+SUM(O45) -> 946948.54 | P46: =P43+SUM(P45) -> 1131103.4 | Q46: =Q43+SUM(Q45) -> 1259668.4 | R46: =R43+SUM(R45) -> 1433775.8 | S46: =SUM(O46:R46) -> 4771496.1 | U46: =U43+SUM(U45) -> 1554993.1 | V46: =V43+SUM(V45) -> 1742446 | W46: =W43+SUM(W45) -> 1855011.3 | X46: =X43+SUM(X45) -> 2030799.2 | Y46: =SUM(U46:X46) -> 7183249.7 | AA46: =AA43+SUM(AA45) -> 2152365.9 | AB46: =AB43+SUM(AB45) -> 2329770.8 | AC46: =AC43+SUM(AC45) -> 2437544 | AD46: =AD43+SUM(AD45) -> 2613813.8 | AE46: =SUM(AA46:AD46) -> 9533494.6 | AG46: =AG43+SUM(AG45) -> 2745944.7 | AH46: =AH43+SUM(AH45) -> 2947032.1 | AI46: =AI43+SUM(AI45) -> 3021508.6 | AJ46: =AJ43+SUM(AJ45) -> 3145301.2 | AK46: =SUM(AG46:AJ46) -> 11859787 | AM46: =AM43+SUM(AM45) -> 3208239.7 | AN46: =AN43+SUM(AN45) -> 3329555.8 | AO46: =AO43+SUM(AO45) -> 3361250.9 | AP46: =AP43+SUM(AP45) -> 3475139.8 | AQ46: =SUM(AM46:AP46) -> 13374186
B47: Margin % | C47: =IFERROR(C46/C12,0) -> 0.089728 | D47: =IFERROR(D46/D12,0) -> 0.096976744 | E47: =IFERROR(E46/E12,0) -> 0.11208036 | F47: =IFERROR(F46/F12,0) -> 0.12925006 | G47: =IFERROR(G46/G12,0) -> 0.10858917 | I47: =IFERROR(I46/I12,0) -> 0.14349067 | J47: =IFERROR(J46/J12,0) -> 0.16047619 | K47: =IFERROR(K46/K12,0) -> 0.21262456 | L47: =IFERROR(L46/L12,0) -> 0.23364283 | M47: =IFERROR(M46/M12,0) -> 0.18998166 | O47: =IFERROR(O46/O12,0) -> 0.1628306 | P47: =IFERROR(P46/P12,0) -> 0.18555949 | Q47: =IFERROR(Q46/Q12,0) -> 0.20070623 | R47: =IFERROR(R46/R12,0) -> 0.21963846 | S47: =IFERROR(S46/S12,0) -> 0.19305877 | U47: =IFERROR(U46/U12,0) -> 0.2289549 | V47: =IFERROR(V46/V12,0) -> 0.24696243 | W47: =IFERROR(W46/W12,0) -> 0.25801017 | X47: =IFERROR(X46/X12,0) -> 0.27353463 | Y47: =IFERROR(Y46/Y12,0) -> 0.25238763 | AA47: =IFERROR(AA46/AA12,0) -> 0.28054098 | AB47: =IFERROR(AB46/AB12,0) -> 0.29490854 | AC47: =IFERROR(AC46/AC12,0) -> 0.30441515 | AD47: =IFERROR(AD46/AD12,0) -> 0.31778509 | AE47: =IFERROR(AE46/AE12,0) -> 0.29975229 | AG47: =IFERROR(AG46/AG12,0) -> 0.32467427 | AH47: =IFERROR(AH46/AH12,0) -> 0.3399176 | AI47: =IFERROR(AI46/AI12,0) -> 0.34532919 | AJ47: =IFERROR(AJ46/AJ12,0) -> 0.35139215 | AK47: =IFERROR(AK46/AK12,0) -> 0.34052449 | AM47: =IFERROR(AM46/AM12,0) -> 0.34992356 | AN47: =IFERROR(AN46/AN12,0) -> 0.35550533 | AO47: =IFERROR(AO46/AO12,0) -> 0.35692509 | AP47: =IFERROR(AP46/AP12,0) -> 0.36190089 | AQ47: =IFERROR(AQ46/AQ12,0) -> 0.35613396
B51: Professional Services Detail
B53: Professional Services | C53: =C10 -> 280000 | D53: =D10 -> 310000 | E53: =E10 -> 340000 | F53: =F10 -> 360000 | G53: =SUM(C53:F53) -> 1290000 | I53: =I10 -> 390000 | J53: =J10 -> 420000 | K53: =E53*(1+K54) -> 374000 | L53: =F53*(1+L54) -> 396000 | M53: =SUM(I53:L53) -> 1580000 | O53: =I53*(1+O54) -> 429000 | P53: =J53*(1+P54) -> 462000 | Q53: =K53*(1+Q54) -> 411400 | R53: =L53*(1+R54) -> 435600 | S53: =SUM(O53:R53) -> 1738000 | U53: =O53*(1+U54) -> 471900 | V53: =P53*(1+V54) -> 508200 | W53: =Q53*(1+W54) -> 452540 | X53: =R53*(1+X54) -> 479160 | Y53: =SUM(U53:X53) -> 1911800 | AA53: =U53*(1+AA54) -> 519090 | AB53: =V53*(1+AB54) -> 559020 | AC53: =W53*(1+AC54) -> 497794 | AD53: =X53*(1+AD54) -> 527076 | AE53: =SUM(AA53:AD53) -> 2102980 | AG53: =AA53*(1+AG54) -> 570999 | AH53: =AB53*(1+AH54) -> 614922 | AI53: =AC53*(1+AI54) -> 547573.4 | AJ53: =AD53*(1+AJ54) -> 579783.6 | AK53: =SUM(AG53:AJ53) -> 2313278 | AM53: =AG53*(1+AM54) -> 628098.9 | AN53: =AH53*(1+AN54) -> 676414.2 | AO53: =AI53*(1+AO54) -> 602330.74 | AP53: =AJ53*(1+AP54) -> 637761.96 | AQ53: =SUM(AM53:AP53) -> 2544605.8
B54: Growth Rate (y-o-y) % | C54: =IFERROR(C53/0-1,0) -> 0 | D54: =IFERROR(D53/0-1,0) -> 0 | E54: =IFERROR(E53/0-1,0) -> 0 | F54: =IFERROR(F53/0-1,0) -> 0 | G54: =SUM(C54:F54) -> 0 | I54: =IFERROR(I53/C53-1,0) -> 0.39285714 | J54: =IFERROR(J53/D53-1,0) -> 0.35483871 | K54: 0.1 | L54: =K54 -> 0.1 | M54: =SUM(I54:L54) -> 0.94769585 | O54: =L54 -> 0.1 | P54: =O54 -> 0.1 | Q54: =P54 -> 0.1 | R54: =Q54 -> 0.1 | S54: =SUM(O54:R54) -> 0.4 | U54: =R54 -> 0.1 | V54: =U54 -> 0.1 | W54: =V54 -> 0.1 | X54: =W54 -> 0.1 | Y54: =SUM(U54:X54) -> 0.4 | AA54: =X54 -> 0.1 | AB54: =AA54 -> 0.1 | AC54: =AB54 -> 0.1 | AD54: =AC54 -> 0.1 | AE54: =SUM(AA54:AD54) -> 0.4 | AG54: =AD54 -> 0.1 | AH54: =AG54 -> 0.1 | AI54: =AH54 -> 0.1 | AJ54: =AI54 -> 0.1 | AK54: =SUM(AG54:AJ54) -> 0.4 | AM54: =AJ54 -> 0.1 | AN54: =AM54 -> 0.1 | AO54: =AN54 -> 0.1 | AP54: =AO54 -> 0.1 | AQ54: =SUM(AM54:AP54) -> 0.4
B58: Other Revenue Detail
B60: Other Revenue | C60: =C11 -> 45000 | D60: =D11 -> 50000 | E60: =E11 -> 55000 | F60: =F11 -> 60000 | G60: =SUM(C60:F60) -> 210000 | I60: =I11 -> 65000 | J60: =J11 -> 70000 | K60: =E60*(1+K61) -> 60500 | L60: =F60*(1+L61) -> 66000 | M60: =SUM(I60:L60) -> 261500 | O60: =I60*(1+O61) -> 71500 | P60: =J60*(1+P61) -> 77000 | Q60: =K60*(1+Q61) -> 66550 | R60: =L60*(1+R61) -> 72600 | S60: =SUM(O60:R60) -> 287650 | U60: =O60*(1+U61) -> 78650 | V60: =P60*(1+V61) -> 84700 | W60: =Q60*(1+W61) -> 73205 | X60: =R60*(1+X61) -> 79860 | Y60: =SUM(U60:X60) -> 316415 | AA60: =U60*(1+AA61) -> 86515 | AB60: =V60*(1+AB61) -> 93170 | AC60: =W60*(1+AC61) -> 80525.5 | AD60: =X60*(1+AD61) -> 87846 | AE60: =SUM(AA60:AD60) -> 348056.5 | AG60: =AA60*(1+AG61) -> 95166.5 | AH60: =AB60*(1+AH61) -> 102487 | AI60: =AC60*(1+AI61) -> 88578.05 | AJ60: =AD60*(1+AJ61) -> 96630.6 | AK60: =SUM(AG60:AJ60) -> 382862.15 | AM60: =AG60*(1+AM61) -> 104683.15 | AN60: =AH60*(1+AN61) -> 112735.7 | AO60: =AI60*(1+AO61) -> 97435.855 | AP60: =AJ60*(1+AP61) -> 106293.66 | AQ60: =SUM(AM60:AP60) -> 421148.37
B61: Growth Rate (y-o-y) % | C61: =IFERROR(C60/0-1,0) -> 0 | D61: =IFERROR(D60/0-1,0) -> 0 | E61: =IFERROR(E60/0-1,0) -> 0 | F61: =IFERROR(F60/0-1,0) -> 0 | G61: =SUM(C61:F61) -> 0 | I61: =IFERROR(I60/C60-1,0) -> 0.44444444 | J61: =IFERROR(J60/D60-1,0) -> 0.4 | K61: 0.1 | L61: =K61 -> 0.1 | M61: =SUM(I61:L61) -> 1.0444444 | O61: =L61 -> 0.1 | P61: =O61 -> 0.1 | Q61: =P61 -> 0.1 | R61: =Q61 -> 0.1 | S61: =SUM(O61:R61) -> 0.4 | U61: =R61 -> 0.1 | V61: =U61 -> 0.1 | W61: =V61 -> 0.1 | X61: =W61 -> 0.1 | Y61: =SUM(U61:X61) -> 0.4 | AA61: =X61 -> 0.1 | AB61: =AA61 -> 0.1 | AC61: =AB61 -> 0.1 | AD61: =AC61 -> 0.1 | AE61: =SUM(AA61:AD61) -> 0.4 | AG61: =AD61 -> 0.1 | AH61: =AG61 -> 0.1 | AI61: =AH61 -> 0.1 | AJ61: =AI61 -> 0.1 | AK61: =SUM(AG61:AJ61) -> 0.4 | AM61: =AJ61 -> 0.1 | AN61: =AM61 -> 0.1 | AO61: =AN61 -> 0.1 | AP61: =AO61 -> 0.1 | AQ61: =SUM(AM61:AP61) -> 0.4
B65: Hosting & Infrastructure Detail
B67: Hosting & Infrastructure
B68: Total Revenue | C68: =C12 -> 3125000 | D68: =D12 -> 3440000 | E68: =E12 -> 3783000 | F68: =F12 -> 4147000 | G68: =SUM(C68:F68) -> 14495000 | I68: =I12 -> 4555000 | J68: =J12 -> 5040000 | K68: =K12 -> 5246225.7 | L68: =L12 -> 5535451.3 | M68: =SUM(I68:L68) -> 20376677 | O68: =O12 -> 5815544.2 | P68: =P12 -> 6095637.2 | Q68: =Q12 -> 6276180.1 | R68: =R12 -> 6527890.3 | S68: =SUM(O68:R68) -> 24715252 | U68: =U12 -> 6791700.4 | V68: =V12 -> 7055510.6 | W68: =W12 -> 7189683.1 | X68: =X12 -> 7424285.5 | Y68: =SUM(U68:X68) -> 28461180 | AA68: =AA12 -> 7672197.9 | AB68: =AB12 -> 7899977.6 | AC68: =AC12 -> 8007301.8 | AD68: =AD12 -> 8225099 | AE68: =SUM(AA68:AD68) -> 31804576 | AG68: =AG12 -> 8457537.2 | AH68: =AH12 -> 8669842.6 | AI68: =AI12 -> 8749647 | AJ68: =AJ12 -> 8950971.7 | AK68: =SUM(AG68:AJ68) -> 34827999 | AM68: =AM12 -> 9168401.5 | AN68: =AN12 -> 9365698.6 | AO68: =AO12 -> 9417244.5 | AP68: =AP12 -> 9602462.7 | AQ68: =SUM(AM68:AP68) -> 37553807
B69: Hosting & Infrastructure (% of Revenue) | C69: =IFERROR(-C70/C68,0) -> 0.1 | D69: =IFERROR(-D70/D68,0) -> 0.098837209 | E69: =IFERROR(-E70/E68,0) -> 0.097805974 | F69: =IFERROR(-F70/F68,0) -> 0.095249578 | G69: =SUM(C69:F69) -> 0.39189276 | I69: =IFERROR(-I70/I68,0) -> 0.093304061 | J69: =IFERROR(-J70/J68,0) -> 0.091269841 | K69: =SUM(E69:F69,I69:J69)/4 -> 0.094407364 | L69: =K69 -> 0.094407364 | M69: =IFERROR(-M70/M68,0) -> 0.093384692 | O69: =L69*(1+0) -> 0.094407364 | P69: =O69 -> 0.094407364 | Q69: =P69 -> 0.094407364 | R69: =Q69 -> 0.094407364 | S69: =IFERROR(-S70/S68,0) -> 0.094407364 | U69: =R69*(1+0) -> 0.094407364 | V69: =U69 -> 0.094407364 | W69: =V69 -> 0.094407364 | X69: =W69 -> 0.094407364 | Y69: =IFERROR(-Y70/Y68,0) -> 0.094407364 | AA69: =X69*(1+0) -> 0.094407364 | AB69: =AA69 -> 0.094407364 | AC69: =AB69 -> 0.094407364 | AD69: =AC69 -> 0.094407364 | AE69: =IFERROR(-AE70/AE68,0) -> 0.094407364 | AG69: =AD69*(1+0) -> 0.094407364 | AH69: =AG69 -> 0.094407364 | AI69: =AH69 -> 0.094407364 | AJ69: =AI69 -> 0.094407364 | AK69: =IFERROR(-AK70/AK68,0) -> 0.094407364 | AM69: =AJ69*(1+0) -> 0.094407364 | AN69: =AM69 -> 0.094407364 | AO69: =AN69 -> 0.094407364 | AP69: =AO69 -> 0.094407364 | AQ69: =IFERROR(-AQ70/AQ68,0) -> 0.094407364
B70: Hosting & Infrastructure | C70: =C16 -> -312500 | D70: =D16 -> -340000 | E70: =E16 -> -370000 | F70: =F16 -> -395000 | G70: =SUM(C70:F70) -> -1417500 | I70: =I16 -> -425000 | J70: =J16 -> -460000 | K70: =-K68*K69 -> -495282.33 | L70: =-L68*L69 -> -522587.37 | M70: =SUM(I70:L70) -> -1902869.7 | O70: =-O68*O69 -> -549030.2 | P70: =-P68*P69 -> -575473.04 | Q70: =-Q68*Q69 -> -592517.62 | R70: =-R68*R69 -> -616280.91 | S70: =SUM(O70:R70) -> -2333301.8 | U70: =-U68*U69 -> -641186.53 | V70: =-V68*V69 -> -666092.16 | W70: =-W68*W69 -> -678759.02 | X70: =-X68*X69 -> -700907.22 | Y70: =SUM(U70:X70) -> -2686944.9 | AA70: =-AA68*AA69 -> -724311.98 | AB70: =-AB68*AB69 -> -745816.06 | AC70: =-AC68*AC69 -> -755948.25 | AD70: =-AD68*AD69 -> -776509.91 | AE70: =SUM(AA70:AD70) -> -3002586.2 | AG70: =-AG68*AG69 -> -798453.79 | AH70: =-AH68*AH69 -> -818496.99 | AI70: =-AI68*AI69 -> -826031.11 | AJ70: =-AJ68*AJ69 -> -845037.64 | AK70: =SUM(AG70:AJ70) -> -3288019.5 | AM70: =-AM68*AM69 -> -865564.62 | AN70: =-AN68*AN69 -> -884190.91 | AO70: =-AO68*AO69 -> -889057.22 | AP70: =-AP68*AP69 -> -906543.19 | AQ70: =SUM(AM70:AP70) -> -3545355.9
B74: Customer Support Detail
B76: Customer Support
B77: Total Revenue | C77: =C12 -> 3125000 | D77: =D12 -> 3440000 | E77: =E12 -> 3783000 | F77: =F12 -> 4147000 | G77: =SUM(C77:F77) -> 14495000 | I77: =I12 -> 4555000 | J77: =J12 -> 5040000 | K77: =K12 -> 5246225.7 | L77: =L12 -> 5535451.3 | M77: =SUM(I77:L77) -> 20376677 | O77: =O12 -> 5815544.2 | P77: =P12 -> 6095637.2 | Q77: =Q12 -> 6276180.1 | R77: =R12 -> 6527890.3 | S77: =SUM(O77:R77) -> 24715252 | U77: =U12 -> 6791700.4 | V77: =V12 -> 7055510.6 | W77: =W12 -> 7189683.1 | X77: =X12 -> 7424285.5 | Y77: =SUM(U77:X77) -> 28461180 | AA77: =AA12 -> 7672197.9 | AB77: =AB12 -> 7899977.6 | AC77: =AC12 -> 8007301.8 | AD77: =AD12 -> 8225099 | AE77: =SUM(AA77:AD77) -> 31804576 | AG77: =AG12 -> 8457537.2 | AH77: =AH12 -> 8669842.6 | AI77: =AI12 -> 8749647 | AJ77: =AJ12 -> 8950971.7 | AK77: =SUM(AG77:AJ77) -> 34827999 | AM77: =AM12 -> 9168401.5 | AN77: =AN12 -> 9365698.6 | AO77: =AO12 -> 9417244.5 | AP77: =AP12 -> 9602462.7 | AQ77: =SUM(AM77:AP77) -> 37553807
B78: Customer Support (% of Revenue) | C78: =IFERROR(-C79/C77,0) -> 0.06 | D78: =IFERROR(-D79/D77,0) -> 0.058139535 | E78: =IFERROR(-E79/E77,0) -> 0.056833201 | F78: =IFERROR(-F79/F77,0) -> 0.05546178 | G78: =SUM(C78:F78) -> 0.23043452 | I78: =IFERROR(-I79/I77,0) -> 0.054884742 | J78: =IFERROR(-J79/J77,0) -> 0.053571429 | K78: =SUM(E78:F78,I78:J78)/4 -> 0.055187788 | L78: =K78 -> 0.055187788 | M78: =IFERROR(-M79/M77,0) -> 0.054720252 | O78: =L78*(1+0) -> 0.055187788 | P78: =O78 -> 0.055187788 | Q78: =P78 -> 0.055187788 | R78: =Q78 -> 0.055187788 | S78: =IFERROR(-S79/S77,0) -> 0.055187788 | U78: =R78*(1+0) -> 0.055187788 | V78: =U78 -> 0.055187788 | W78: =V78 -> 0.055187788 | X78: =W78 -> 0.055187788 | Y78: =IFERROR(-Y79/Y77,0) -> 0.055187788 | AA78: =X78*(1+0) -> 0.055187788 | AB78: =AA78 -> 0.055187788 | AC78: =AB78 -> 0.055187788 | AD78: =AC78 -> 0.055187788 | AE78: =IFERROR(-AE79/AE77,0) -> 0.055187788 | AG78: =AD78*(1+0) -> 0.055187788 | AH78: =AG78 -> 0.055187788 | AI78: =AH78 -> 0.055187788 | AJ78: =AI78 -> 0.055187788 | AK78: =IFERROR(-AK79/AK77,0) -> 0.055187788 | AM78: =AJ78*(1+0) -> 0.055187788 | AN78: =AM78 -> 0.055187788 | AO78: =AN78 -> 0.055187788 | AP78: =AO78 -> 0.055187788 | AQ78: =IFERROR(-AQ79/AQ77,0) -> 0.055187788
B79: Customer Support | C79: =C17 -> -187500 | D79: =D17 -> -200000 | E79: =E17 -> -215000 | F79: =F17 -> -230000 | G79: =SUM(C79:F79) -> -832500 | I79: =I17 -> -250000 | J79: =J17 -> -270000 | K79: =-K77*K78 -> -289527.59 | L79: =-L77*L78 -> -305489.31 | M79: =SUM(I79:L79) -> -1115016.9 | O79: =-O77*O78 -> -320947.02 | P79: =-P77*P78 -> -336404.73 | Q79: =-Q77*Q78 -> -346368.5 | R79: =-R77*R78 -> -360259.82 | S79: =SUM(O79:R79) -> -1363980.1 | U79: =-U77*U78 -> -374818.92 | V79: =-V77*V78 -> -389378.02 | W79: =-W77*W78 -> -396782.7 | X79: =-X77*X78 -> -409729.89 | Y79: =SUM(U79:X79) -> -1570709.5 | AA79: =-AA77*AA78 -> -423411.63 | AB79: =-AB77*AB78 -> -435982.29 | AC79: =-AC77*AC78 -> -441905.27 | AD79: =-AD77*AD78 -> -453925.02 | AE79: =SUM(AA79:AD79) -> -1755224.2 | AG79: =-AG77*AG78 -> -466752.77 | AH79: =-AH77*AH78 -> -478469.44 | AI79: =-AI77*AI78 -> -482873.66 | AJ79: =-AJ77*AJ78 -> -493984.33 | AK79: =SUM(AG79:AJ79) -> -1922080.2 | AM79: =-AM77*AM78 -> -505983.8 | AN79: =-AN77*AN78 -> -516872.19 | AO79: =-AO77*AO78 -> -519716.89 | AP79: =-AP77*AP78 -> -529938.67 | AQ79: =SUM(AM79:AP79) -> -2072511.5
B83: Professional Services COGS Detail
B85: Professional Services COGS
B86: Total Revenue | C86: =C12 -> 3125000 | D86: =D12 -> 3440000 | E86: =E12 -> 3783000 | F86: =F12 -> 4147000 | G86: =SUM(C86:F86) -> 14495000 | I86: =I12 -> 4555000 | J86: =J12 -> 5040000 | K86: =K12 -> 5246225.7 | L86: =L12 -> 5535451.3 | M86: =SUM(I86:L86) -> 20376677 | O86: =O12 -> 5815544.2 | P86: =P12 -> 6095637.2 | Q86: =Q12 -> 6276180.1 | R86: =R12 -> 6527890.3 | S86: =SUM(O86:R86) -> 24715252 | U86: =U12 -> 6791700.4 | V86: =V12 -> 7055510.6 | W86: =W12 -> 7189683.1 | X86: =X12 -> 7424285.5 | Y86: =SUM(U86:X86) -> 28461180 | AA86: =AA12 -> 7672197.9 | AB86: =AB12 -> 7899977.6 | AC86: =AC12 -> 8007301.8 | AD86: =AD12 -> 8225099 | AE86: =SUM(AA86:AD86) -> 31804576 | AG86: =AG12 -> 8457537.2 | AH86: =AH12 -> 8669842.6 | AI86: =AI12 -> 8749647 | AJ86: =AJ12 -> 8950971.7 | AK86: =SUM(AG86:AJ86) -> 34827999 | AM86: =AM12 -> 9168401.5 | AN86: =AN12 -> 9365698.6 | AO86: =AO12 -> 9417244.5 | AP86: =AP12 -> 9602462.7 | AQ86: =SUM(AM86:AP86) -> 37553807
B87: Professional Services COGS (% of Revenue) | C87: =IFERROR(-C88/C86,0) -> 0.05376 | D87: =IFERROR(-D88/D86,0) -> 0.054069767 | E87: =IFERROR(-E88/E86,0) -> 0.053925456 | F87: =IFERROR(-F88/F86,0) -> 0.052085845 | G87: =SUM(C87:F87) -> 0.21384107 | I87: =IFERROR(-I88/I86,0) -> 0.051372119 | J87: =IFERROR(-J88/J86,0) -> 0.05 | K87: =SUM(E87:F87,I87:J87)/4 -> 0.051845855 | L87: =K87 -> 0.051845855 | M87: =IFERROR(-M88/M86,0) -> 0.051283399 | O87: =L87*(1+0) -> 0.051845855 | P87: =O87 -> 0.051845855 | Q87: =P87 -> 0.051845855 | R87: =Q87 -> 0.051845855 | S87: =IFERROR(-S88/S86,0) -> 0.051845855 | U87: =R87*(1+0) -> 0.051845855 | V87: =U87 -> 0.051845855 | W87: =V87 -> 0.051845855 | X87: =W87 -> 0.051845855 | Y87: =IFERROR(-Y88/Y86,0) -> 0.051845855 | AA87: =X87*(1+0) -> 0.051845855 | AB87: =AA87 -> 0.051845855 | AC87: =AB87 -> 0.051845855 | AD87: =AC87 -> 0.051845855 | AE87: =IFERROR(-AE88/AE86,0) -> 0.051845855 | AG87: =AD87*(1+0) -> 0.051845855 | AH87: =AG87 -> 0.051845855 | AI87: =AH87 -> 0.051845855 | AJ87: =AI87 -> 0.051845855 | AK87: =IFERROR(-AK88/AK86,0) -> 0.051845855 | AM87: =AJ87*(1+0) -> 0.051845855 | AN87: =AM87 -> 0.051845855 | AO87: =AN87 -> 0.051845855 | AP87: =AO87 -> 0.051845855 | AQ87: =IFERROR(-AQ88/AQ86,0) -> 0.051845855
B88: Professional Services COGS | C88: =C18 -> -168000 | D88: =D18 -> -186000 | E88: =E18 -> -204000 | F88: =F18 -> -216000 | G88: =SUM(C88:F88) -> -774000 | I88: =I18 -> -234000 | J88: =J18 -> -252000 | K88: =-K86*K87 -> -271995.05 | L88: =-L86*L87 -> -286990.21 | M88: =SUM(I88:L88) -> -1044985.3 | O88: =-O86*O87 -> -301511.86 | P88: =-P86*P87 -> -316033.52 | Q88: =-Q86*Q87 -> -325393.92 | R88: =-R86*R87 -> -338444.05 | S88: =SUM(O88:R88) -> -1281383.4 | U88: =-U86*U87 -> -352121.52 | V88: =-V86*V87 -> -365798.98 | W88: =-W86*W87 -> -372755.26 | X88: =-X86*X87 -> -384918.43 | Y88: =SUM(U88:X88) -> -1475594.2 | AA88: =-AA86*AA87 -> -397771.66 | AB88: =-AB86*AB87 -> -409581.09 | AC88: =-AC86*AC87 -> -415145.41 | AD88: =-AD86*AD87 -> -426437.29 | AE88: =SUM(AA88:AD88) -> -1648935.5 | AG88: =-AG86*AG87 -> -438488.25 | AH88: =-AH86*AH87 -> -449495.4 | AI88: =-AI86*AI87 -> -453632.93 | AJ88: =-AJ86*AJ87 -> -464070.78 | AK88: =SUM(AG88:AJ88) -> -1805687.4 | AM88: =-AM86*AM87 -> -475343.62 | AN88: =-AN86*AN87 -> -485572.65 | AO88: =-AO86*AO87 -> -488245.09 | AP88: =-AP86*AP87 -> -497847.89 | AQ88: =SUM(AM88:AP88) -> -1947009.2

Sheet DATES
B1: -1
A2: Q1 2025 | B2: 0
A3: Q2 2025 | B3: 1
A4: Q3 2025 | B4: 2
A5: Q4 2025 | B5: 3
A6: Q1 2026 | B6: 4
A7: Q2 2026 | B7: 5
A8: Q3 2026 | B8: 6
A9: Q4 2026 | B9: 7
A10: Q1 2027 | B10: 8
A11: Q2 2027 | B11: 9
A12: Q3 2027 | B12: 10
A13: Q4 2027 | B13: 11
... A29: Q4 2031 | B29: 27

Sheet Forecast Logic
A1: SaaS Example Co - Forecast Logic | C1: 0 | D1: 1 | E1: 2 | F1: 3 | I1: 0 | J1: 1 | K1: 2 | L1: 3 | O1: 0 | P1: 1 | Q1: 2 | R1: 3 | U1: 0 | V1: 1 | W1: 2 | X1: 3 | AA1: 0 | AB1: 1 | AC1: 2 | AD1: 3 | AG1: 0 | AH1: 1 | AI1: 2 | AJ1: 3 | AM1: 0 | AN1: 1 | AO1: 2 | AP1: 3
A2: $USD
A3: Projection Set: "Base Case" | C3: 2025 | G3: 2025 | I3: 2026 | M3: 2026 | O3: 2027 | S3: 2027 | U3: 2028 | Y3: 2028 | AA3: 2029 | AE3: 2029 | AG3: 2030 | AK3: 2030 | AM3: 2031 | AQ3: 2031
A4: Actuals Through: Q2 2026 | C4: Q1 | D4: Q2 | E4: Q3 | F4: Q4 | G4: Full Year | I4: Q1 | J4: Q2 | K4: Q3 | L4: Q4 | M4: Full Year | O4: Q1 | P4: Q2 | Q4: Q3 | R4: Q4 | S4: Full Year | U4: Q1 | V4: Q2 | W4: Q3 | X4: Q4 | Y4: Full Year | AA4: Q1 | AB4: Q2 | AC4: Q3 | AD4: Q4 | AE4: Full Year | AG4: Q1 | AH4: Q2 | AI4: Q3 | AJ4: Q4 | AK4: Full Year | AM4: Q1 | AN4: Q2 | AO4: Q3 | AP4: Q4 | AQ4: Full Year
B6: SaaS Revenue
B8: SaaS Revenue
B10: Churn Rate (Quarterly) % | C10: 0 | D10: 0 | E10: 0 | F10: 0 | G10: =F10 -> 0 | I10: 0 | J10: 0 | K10: -0.03 | L10: =K10 -> -0.03 | M10: =L10 -> -0.03 | O10: =L10 -> -0.03 | P10: =O10 -> -0.03 | Q10: =P10 -> -0.03 | R10: =Q10 -> -0.03 | S10: =R10 -> -0.03 | U10: =R10 -> -0.03 | V10: =U10 -> -0.03 | W10: =V10 -> -0.03 | X10: =W10 -> -0.03 | Y10: =X10 -> -0.03 | AA10: =X10 -> -0.03 | AB10: =AA10 -> -0.03 | AC10: =AB10 -> -0.03 | AD10: =AC10 -> -0.03 | AE10: =AD10 -> -0.03 | AG10: =AD10 -> -0.03 | AH10: =AG10 -> -0.03 | AI10: =AH10 -> -0.03 | AJ10: =AI10 -> -0.03 | AK10: =AJ10 -> -0.03 | AM10: =AJ10 -> -0.03 | AN10: =AM10 -> -0.03 | AO10: =AN10 -> -0.03 | AP10: =AO10 -> -0.03 | AQ10: =AP10 -> -0.03
B12: # of Subscribers
B13: Beginning # of Subscribers | C13: 0 | D13: 0 | E13: 0 | F13: 0 | G13: =C13 -> 0 | I13: 0 | J13: 0 | K13: =J16 -> 226 | L13: =K16 -> 239 | M13: =I13 -> 0 | O13: =L16 -> 252 | P13: =O16 -> 264 | Q13: =P16 -> 276 | R13: =Q16 -> 288 | S13: =O13 -> 252 | U13: =R16 -> 299 | V13: =U16 -> 310 | W13: =V16 -> 321 | X13: =W16 -> 331 | Y13: =U13 -> 299 | AA13: =X16 -> 341 | AB13: =AA16 -> 351 | AC13: =AB16 -> 360 | AD13: =AC16 -> 369 | AE13: =AA13 -> 341 | AG13: =AD16 -> 378 | AH13: =AG16 -> 387 | AI13: =AH16 -> 395 | AJ13: =AI16 -> 403 | AK13: =AG13 -> 378 | AM13: =AJ16 -> 411 | AN13: =AM16 -> 419 | AO13: =AN16 -> 426 | AP13: =AO16 -> 433 | AQ13: =AM13 -> 411
B14: Plus: New Subscribers | C14: 0 | D14: 0 | E14: 0 | F14: 0 | G14: =SUM(C14:F14) -> 0 | I14: 0 | J14: 0 | K14: 20 | L14: =K14 -> 20 | M14: =SUM(I14:L14) -> 40 | O14: =L14 -> 20 | P14: =O14 -> 20 | Q14: =P14 -> 20 | R14: =Q14 -> 20 | S14: =SUM(O14:R14) -> 80 | U14: =R14 -> 20 | V14: =U14 -> 20 | W14: =V14 -> 20 | X14: =W14 -> 20 | Y14: =SUM(U14:X14) -> 80 | AA14: =X14 -> 20 | AB14: =AA14 -> 20 | AC14: =AB14 -> 20 | AD14: =AC14 -> 20 | AE14: =SUM(AA14:AD14) -> 80 | AG14: =AD14 -> 20 | AH14: =AG14 -> 20 | AI14: =AH14 -> 20 | AJ14: =AI14 -> 20 | AK14: =SUM(AG14:AJ14) -> 80 | AM14: =AJ14 -> 20 | AN14: =AM14 -> 20 | AO14: =AN14 -> 20 | AP14: =AO14 -> 20 | AQ14: =SUM(AM14:AP14) -> 80
B15: Less: Churned Subscribers | C15: 0 | D15: 0 | E15: 0 | F15: 0 | G15: =SUM(C15:F15) -> 0 | I15: 0 | J15: 0 | K15: =ROUND(K13*K10,0) -> -7 | L15: =ROUND(L13*L10,0) -> -7 | M15: =SUM(I15:L15) -> -14 | O15: =ROUND(O13*O10,0) -> -8 | P15: =ROUND(P13*P10,0) -> -8 | Q15: =ROUND(Q13*Q10,0) -> -8 | R15: =ROUND(R13*R10,0) -> -9 | S15: =SUM(O15:R15) -> -33 | U15: =ROUND(U13*U10,0) -> -9 | V15: =ROUND(V13*V10,0) -> -9 | W15: =ROUND(W13*W10,0) -> -10 | X15: =ROUND(X13*X10,0) -> -10 | Y15: =SUM(U15:X15) -> -38 | AA15: =ROUND(AA13*AA10,0) -> -10 | AB15: =ROUND(AB13*AB10,0) -> -11 | AC15: =ROUND(AC13*AC10,0) -> -11 | AD15: =ROUND(AD13*AD10,0) -> -11 | AE15: =SUM(AA15:AD15) -> -43 | AG15: =ROUND(AG13*AG10,0) -> -11 | AH15: =ROUND(AH13*AH10,0) -> -12 | AI15: =ROUND(AI13*AI10,0) -> -12 | AJ15: =ROUND(AJ13*AJ10,0) -> -12 | AK15: =SUM(AG15:AJ15) -> -47 | AM15: =ROUND(AM13*AM10,0) -> -12 | AN15: =ROUND(AN13*AN10,0) -> -13 | AO15: =ROUND(AO13*AO10,0) -> -13 | AP15: =ROUND(AP13*AP10,0) -> -13 | AQ15: =SUM(AM15:AP15) -> -51
B16: Ending # of Subscribers | C16: 150 | D16: 162 | E16: 176 | F16: 194 | G16: =F16 -> 194 | I16: 204 | J16: 226 | K16: =SUM(K13,K14,K15) -> 239 | L16: =SUM(L13,L14,L15) -> 252 | M16: =L16 -> 252 | O16: =SUM(O13,O14,O15) -> 264 | P16: =SUM(P13,P14,P15) -> 276 | Q16: =SUM(Q13,Q14,Q15) -> 288 | R16: =SUM(R13,R14,R15) -> 299 | S16: =R16 -> 299 | U16: =SUM(U13,U14,U15) -> 310 | V16: =SUM(V13,V14,V15) -> 321 | W16: =SUM(W13,W14,W15) -> 331 | X16: =SUM(X13,X14,X15) -> 341 | Y16: =X16 -> 341 | AA16: =SUM(AA13,AA14,AA15) -> 351 | AB16: =SUM(AB13,AB14,AB15) -> 360 | AC16: =SUM(AC13,AC14,AC15) -> 369 | AD16: =SUM(AD13,AD14,AD15) -> 378 | AE16: =AD16 -> 378 | AG16: =SUM(AG13,AG14,AG15) -> 387 | AH16: =SUM(AH13,AH14,AH15) -> 395 | AI16: =SUM(AI13,AI14,AI15) -> 403 | AJ16: =SUM(AJ13,AJ14,AJ15) -> 411 | AK16: =AJ16 -> 411 | AM16: =SUM(AM13,AM14,AM15) -> 419 | AN16: =SUM(AN13,AN14,AN15) -> 426 | AO16: =SUM(AO13,AO14,AO15) -> 433 | AP16: =SUM(AP13,AP14,AP15) -> 440 | AQ16: =AP16 -> 440
B18: Subscription Revenue
B19: # of Subscribers | C19: =C16 -> 150 | D19: =D16 -> 162 | E19: =E16 -> 176 | F19: =F16 -> 194 | G19: =G16 -> 194 | I19: =I16 -> 204 | J19: =J16 -> 226 | K19: =K16 -> 239 | L19: =L16 -> 252 | M19: =M16 -> 252 | O19: =O16 -> 264 | P19: =P16 -> 276 | Q19: =Q16 -> 288 | R19: =R16 -> 299 | S19: =S16 -> 299 | U19: =U16 -> 310 | V19: =V16 -> 321 | W19: =W16 -> 331 | X19: =X16 -> 341 | Y19: =Y16 -> 341 | AA19: =AA16 -> 351 | AB19: =AB16 -> 360 | AC19: =AC16 -> 369 | AD19: =AD16 -> 378 | AE19: =AE16 -> 378 | AG19: =AG16 -> 387 | AH19: =AH16 -> 395 | AI19: =AI16 -> 403 | AJ19: =AJ16 -> 411 | AK19: =AK16 -> 411 | AM19: =AM16 -> 419 | AN19: =AN16 -> 426 | AO19: =AO16 -> 433 | AP19: =AP16 -> 440 | AQ19: =AQ16 -> 440
B20: Revenue / Subscriber / Quarter ($) | C20: =IFERROR(C21/C19,0) -> 18666.667 | D20: =IFERROR(D21/D19,0) -> 19012.346 | E20: =IFERROR(E21/E19,0) -> 19250 | F20: =IFERROR(F21/F19,0) -> 19211.34 | G20: =F20 -> 19211.34 | I20: =IFERROR(I21/I19,0) -> 20098.039 | J20: =IFERROR(J21/J19,0) -> 20132.743 | K20: =J20 -> 20132.743 | L20: =K20 -> 20132.743 | M20: =L20 -> 20132.743 | O20: =L20 -> 20132.743 | P20: =O20 -> 20132.743 | Q20: =P20 -> 20132.743 | R20: =Q20 -> 20132.743 | S20: =R20 -> 20132.743 | U20: =R20 -> 20132.743 | V20: =U20 -> 20132.743 | W20: =V20 -> 20132.743 | X20: =W20 -> 20132.743 | Y20: =X20 -> 20132.743 | AA20: =X20 -> 20132.743 | AB20: =AA20 -> 20132.743 | AC20: =AB20 -> 20132.743 | AD20: =AC20 -> 20132.743 | AE20: =AD20 -> 20132.743 | AG20: =AD20 -> 20132.743 | AH20: =AG20 -> 20132.743 | AI20: =AH20 -> 20132.743 | AJ20: =AI20 -> 20132.743 | AK20: =AJ20 -> 20132.743 | AM20: =AJ20 -> 20132.743 | AN20: =AM20 -> 20132.743 | AO20: =AN20 -> 20132.743 | AP20: =AO20 -> 20132.743 | AQ20: =AP20 -> 20132.743
B21: Subscription Revenue | C21: =IS!C9 -> 2800000 | D21: =IS!D9 -> 3080000 | E21: =IS!E9 -> 3388000 | F21: =IS!F9 -> 3727000 | G21: =SUM(C21:F21) -> 12995000 | I21: =IS!I9 -> 4100000 | J21: =IS!J9 -> 4550000 | K21: =K19*K20 -> 4811725.7 | L21: =L19*L20 -> 5073451.3 | M21: =SUM(I21:L21) -> 18535177 | O21: =O19*O20 -> 5315044.2 | P21: =P19*P20 -> 5556637.2 | Q21: =Q19*Q20 -> 5798230.1 | R21: =R19*R20 -> 6019690.3 | S21: =SUM(O21:R21) -> 22689602 | U21: =U19*U20 -> 6241150.4 | V21: =V19*V20 -> 6462610.6 | W21: =W19*W20 -> 6663938.1 | X21: =X19*X20 -> 6865265.5 | Y21: =SUM(U21:X21) -> 26232965 | AA21: =AA19*AA20 -> 7066592.9 | AB21: =AB19*AB20 -> 7247787.6 | AC21: =AC19*AC20 -> 7428982.3 | AD21: =AD19*AD20 -> 7610177 | AE21: =SUM(AA21:AD21) -> 29353540 | AG21: =AG19*AG20 -> 7791371.7 | AH21: =AH19*AH20 -> 7952433.6 | AI21: =AI19*AI20 -> 8113495.6 | AJ21: =AJ19*AJ20 -> 8274557.5 | AK21: =SUM(AG21:AJ21) -> 32131858 | AM21: =AM19*AM20 -> 8435619.5 | AN21: =AN19*AN20 -> 8576548.7 | AO21: =AO19*AO20 -> 8717477.9 | AP21: =AP19*AP20 -> 8858407.1 | AQ21: =SUM(AM21:AP21) -> 34588053
B25: Debt Schedule
B27: Excess Cash Sweep
B29: Minimum Cash Balance | C29: 0 | D29: 0 | E29: 0 | F29: 0 | G29: =F29 -> 0 | I29: 0 | J29: 0 | K29: 2000000 | L29: =K29 -> 2000000 | M29: =L29 -> 2000000 | O29: =L29 -> 2000000 | P29: =O29 -> 2000000 | Q29: =P29 -> 2000000 | R29: =Q29 -> 2000000 | S29: =R29 -> 2000000 | U29: =R29 -> 2000000 | V29: =U29 -> 2000000 | W29: =V29 -> 2000000 | X29: =W29 -> 2000000 | Y29: =X29 -> 2000000 | AA29: =X29 -> 2000000 | AB29: =AA29 -> 2000000 | AC29: =AB29 -> 2000000 | AD29: =AC29 -> 2000000 | AE29: =AD29 -> 2000000 | AG29: =AD29 -> 2000000 | AH29: =AG29 -> 2000000 | AI29: =AH29 -> 2000000 | AJ29: =AI29 -> 2000000 | AK29: =AJ29 -> 2000000 | AM29: =AJ29 -> 2000000 | AN29: =AM29 -> 2000000 | AO29: =AN29 -> 2000000 | AP29: =AO29 -> 2000000 | AQ29: =AP29 -> 2000000
B31: Non-Debt Financing Cash Flows
B32: Other Long-Term Financing Activities | C32: =Model!C251 -> 0 | D32: =Model!D251 -> -5000 | E32: =Model!E251 -> -5000 | F32: =Model!F251 -> -5000 | G32: =SUM(C32:F32) -> -15000 | I32: =Model!I251 -> -5000 | J32: =Model!J251 -> 13200 | K32: =Model!K251 -> 0 | L32: =Model!L251 -> 0 | M32: =SUM(I32:L32) -> 8200 | O32: =Model!O251 -> 0 | P32: =Model!P251 -> 0 | Q32: =Model!Q251 -> 0 | R32: =Model!R251 -> 0 | S32: =SUM(O32:R32) -> 0 | U32: =Model!U251 -> 0 | V32: =Model!V251 -> 0 | W32: =Model!W251 -> 0 | X32: =Model!X251 -> 0 | Y32: =SUM(U32:X32) -> 0 | AA32: =Model!AA251 -> 0 | AB32: =Model!AB251 -> 0 | AC32: =Model!AC251 -> 0 | AD32: =Model!AD251 -> 0 | AE32: =SUM(AA32:AD32) -> 0 | AG32: =Model!AG251 -> 0 | AH32: =Model!AH251 -> 0 | AI32: =Model!AI251 -> 0 | AJ32: =Model!AJ251 -> 0 | AK32: =SUM(AG32:AJ32) -> 0 | AM32: =Model!AM251 -> 0 | AN32: =Model!AN251 -> 0 | AO32: =Model!AO251 -> 0 | AP32: =Model!AP251 -> 0 | AQ32: =SUM(AM32:AP32) -> 0
B33: Equity Financing Activities | C33: =Model!C250 -> 10000 | D33: =Model!D250 -> 10000 | E33: =Model!E250 -> 10000 | F33: =Model!F250 -> 10000 | G33: =SUM(C33:F33) -> 40000 | I33: =Model!I250 -> 10000 | J33: =Model!J250 -> 12000 | K33: =Model!K250 -> 0 | L33: =Model!L250 -> 0 | M33: =SUM(I33:L33) -> 22000 | O33: =Model!O250 -> 0 | P33: =Model!P250 -> 0 | Q33: =Model!Q250 -> 0 | R33: =Model!R250 -> 0 | S33: =SUM(O33:R33) -> 0 | U33: =Model!U250 -> 0 | V33: =Model!V250 -> 0 | W33: =Model!W250 -> 0 | X33: =Model!X250 -> 0 | Y33: =SUM(U33:X33) -> 0 | AA33: =Model!AA250 -> 0 | AB33: =Model!AB250 -> 0 | AC33: =Model!AC250 -> 0 | AD33: =Model!AD250 -> 0 | AE33: =SUM(AA33:AD33) -> 0 | AG33: =Model!AG250 -> 0 | AH33: =Model!AH250 -> 0 | AI33: =Model!AI250 -> 0 | AJ33: =Model!AJ250 -> 0 | AK33: =SUM(AG33:AJ33) -> 0 | AM33: =Model!AM250 -> 0 | AN33: =Model!AN250 -> 0 | AO33: =Model!AO250 -> 0 | AP33: =Model!AP250 -> 0 | AQ33: =SUM(AM33:AP33) -> 0
B34: Dividend Cash Flows | C34: =Model!C253 -> 0 | D34: =Model!D253 -> 0 | E34: =Model!E253 -> 0 | F34: =Model!F253 -> 0 | G34: =SUM(C34:F34) -> 0 | I34: =Model!I253 -> 0 | J34: =Model!J253 -> 0 | K34: =Model!K253 -> 0 | L34: =Model!L253 -> 0 | M34: =SUM(I34:L34) -> 0 | O34: =Model!O253 -> 0 | P34: =Model!P253 -> 0 | Q34: =Model!Q253 -> 0 | R34: =Model!R253 -> 0 | S34: =SUM(O34:R34) -> 0 | U34: =Model!U253 -> 0 | V34: =Model!V253 -> 0 | W34: =Model!W253 -> 0 | X34: =Model!X253 -> 0 | Y34: =SUM(U34:X34) -> 0 | AA34: =Model!AA253 -> 0 | AB34: =Model!AB253 -> 0 | AC34: =Model!AC253 -> 0 | AD34: =Model!AD253 -> 0 | AE34: =SUM(AA34:AD34) -> 0 | AG34: =Model!AG253 -> 0 | AH34: =Model!AH253 -> 0 | AI34: =Model!AI253 -> 0 | AJ34: =Model!AJ253 -> 0 | AK34: =SUM(AG34:AJ34) -> 0 | AM34: =Model!AM253 -> 0 | AN34: =Model!AN253 -> 0 | AO34: =Model!AO253 -> 0 | AP34: =Model!AP253 -> 0 | AQ34: =SUM(AM34:AP34) -> 0
B35: Rolled Equity Contributions | C35: =Model!C256 -> 0 | D35: =Model!D256 -> 0 | E35: =Model!E256 -> 0 | F35: =Model!F256 -> 0 | G35: =SUM(C35:F35) -> 0 | I35: =Model!I256 -> 0 | J35: =Model!J256 -> 0 | K35: =Model!K256 -> 0 | L35: =Model!L256 -> 0 | M35: =SUM(I35:L35) -> 0 | O35: =Model!O256 -> 0 | P35: =Model!P256 -> 0 | Q35: =Model!Q256 -> 0 | R35: =Model!R256 -> 0 | S35: =SUM(O35:R35) -> 0 | U35: =Model!U256 -> 0 | V35: =Model!V256 -> 0 | W35: =Model!W256 -> 0 | X35: =Model!X256 -> 0 | Y35: =SUM(U35:X35) -> 0 | AA35: =Model!AA256 -> 0 | AB35: =Model!AB256 -> 0 | AC35: =Model!AC256 -> 0 | AD35: =Model!AD256 -> 0 | AE35: =SUM(AA35:AD35) -> 0 | AG35: =Model!AG256 -> 0 | AH35: =Model!AH256 -> 0 | AI35: =Model!AI256 -> 0 | AJ35: =Model!AJ256 -> 0 | AK35: =SUM(AG35:AJ35) -> 0 | AM35: =Model!AM256 -> 0 | AN35: =Model!AN256 -> 0 | AO35: =Model!AO256 -> 0 | AP35: =Model!AP256 -> 0 | AQ35: =SUM(AM35:AP35) -> 0
B36: Capitalized Financing Fee Cash Flows | C36: =Model!C254 -> 0 | D36: =Model!D254 -> 0 | E36: =Model!E254 -> 0 | F36: =Model!F254 -> 0 | G36: =SUM(C36:F36) -> 0 | I36: =Model!I254 -> 0 | J36: =Model!J254 -> 0 | K36: =Model!K254 -> 0 | L36: =Model!L254 -> 0 | M36: =SUM(I36:L36) -> 0 | O36: =Model!O254 -> 17130.245 | P36: =Model!P254 -> 20991.694 | Q36: =Model!Q254 -> 22963.449 | R36: =Model!R254 -> 25835.437 | S36: =SUM(O36:R36) -> 86920.824 | U36: =Model!U254 -> 27489.507 | V36: =Model!V254 -> 30323.376 | W36: =Model!W254 -> 31681.327 | X36: =Model!X254 -> 34107.258 | Y36: =SUM(U36:X36) -> 123601.47 | AA36: =Model!AA254 -> 35452.731 | AB36: =Model!AB254 -> 37925.251 | AC36: =Model!AC254 -> 39228.952 | AD36: =Model!AD254 -> 42587.039 | AE36: =SUM(AA36:AD36) -> 155193.97 | AG36: =Model!AG254 -> 30268.145 | AH36: =Model!AH254 -> 0 | AI36: =Model!AI254 -> 0 | AJ36: =Model!AJ254 -> 0 | AK36: =SUM(AG36:AJ36) -> 30268.145 | AM36: =Model!AM254 -> 0 | AN36: =Model!AN254 -> 0 | AO36: =Model!AO254 -> 0 | AP36: =Model!AP254 -> 0 | AQ36: =SUM(AM36:AP36) -> 0
B37: Non-Debt Financing Cash Flows | C37: =SUM(C32,C33,C34,C35,C36) -> 10000 | D37: =SUM(D32,D33,D34,D35,D36) -> 5000 | E37: =SUM(E32,E33,E34,E35,E36) -> 5000 | F37: =SUM(F32,F33,F34,F35,F36) -> 5000 | G37: =SUM(C37:F37) -> 25000 | I37: =SUM(I32,I33,I34,I35,I36) -> 5000 | J37: =SUM(J32,J33,J34,J35,J36) -> 25200 | K37: =SUM(K32,K33,K34,K35,K36) -> 0 | L37: =SUM(L32,L33,L34,L35,L36) -> 0 | M37: =SUM(I37:L37) -> 30200 | O37: =SUM(O32,O33,O34,O35,O36) -> 17130.245 | P37: =SUM(P32,P33,P34,P35,P36) -> 20991.694 | Q37: =SUM(Q32,Q33,Q34,Q35,Q36) -> 22963.449 | R37: =SUM(R32,R33,R34,R35,R36) -> 25835.437 | S37: =SUM(O37:R37) -> 86920.824 | U37: =SUM(U32,U33,U34,U35,U36) -> 27489.507 | V37: =SUM(V32,V33,V34,V35,V36) -> 30323.376 | W37: =SUM(W32,W33,W34,W35,W36) -> 31681.327 | X37: =SUM(X32,X33,X34,X35,X36) -> 34107.258 | Y37: =SUM(U37:X37) -> 123601.47 | AA37: =SUM(AA32,AA33,AA34,AA35,AA36) -> 35452.731 | AB37: =SUM(AB32,AB33,AB34,AB35,AB36) -> 37925.251 | AC37: =SUM(AC32,AC33,AC34,AC35,AC36) -> 39228.952 | AD37: =SUM(AD32,AD33,AD34,AD35,AD36) -> 42587.039 | AE37: =SUM(AA37:AD37) -> 155193.97 | AG37: =SUM(AG32,AG33,AG34,AG35,AG36) -> 30268.145 | AH37: =SUM(AH32,AH33,AH34,AH35,AH36) -> 0 | AI37: =SUM(AI32,AI33,AI34,AI35,AI36) -> 0 | AJ37: =SUM(AJ32,AJ33,AJ34,AJ35,AJ36) -> 0 | AK37: =SUM(AG37:AJ37) -> 30268.145 | AM37: =SUM(AM32,AM33,AM34,AM35,AM36) -> 0 | AN37: =SUM(AN32,AN33,AN34,AN35,AN36) -> 0 | AO37: =SUM(AO32,AO33,AO34,AO35,AO36) -> 0 | AP37: =SUM(AP32,AP33,AP34,AP35,AP36) -> 0 | AQ37: =SUM(AM37:AP37) -> 0
B39: Cash Available for Sweep
B40: Beginning Cash Balance | C40: =Model!C263 -> 0 | D40: =Model!D263 -> 4626000 | E40: =Model!E263 -> 4979600 | F40: =Model!F263 -> 5427600 | G40: =C40 -> 0 | I40: =Model!I263 -> 5988600 | J40: =Model!J263 -> 6665200 | K40: =Model!K263 -> 7522200 | L40: =Model!L263 -> 8323889 | M40: =I40 -> 5988600 | O40: =Model!O263 -> 2000000 | P40: =Model!P263 -> 2000000 | Q40: =Model!Q263 -> 2000000 | R40: =Model!R263 -> 2000000 | S40: =O40 -> 2000000 | U40: =Model!U263 -> 2000000 | V40: =Model!V263 -> 2000000 | W40: =Model!W263 -> 2000000 | X40: =Model!X263 -> 2000000 | Y40: =U40 -> 2000000 | AA40: =Model!AA263 -> 2000000 | AB40: =Model!AB263 -> 2000000 | AC40: =Model!AC263 -> 2000000 | AD40: =Model!AD263 -> 2000000 | AE40: =AA40 -> 2000000 | AG40: =Model!AG263 -> 2000000 | AH40: =Model!AH263 -> 2000000 | AI40: =Model!AI263 -> 3200470.1 | AJ40: =Model!AJ263 -> 6128585.6 | AK40: =AG40 -> 2000000 | AM40: =Model!AM263 -> 9182566 | AN40: =Model!AN263 -> 12301373 | AO40: =Model!AO263 -> 15543385 | AP40: =Model!AP263 -> 18820646 | AQ40: =AM40 -> 9182566
B41: Plus: Cash Flow from Operations | C41: =Model!C240 -> 395400 | D41: =Model!D240 -> 403600 | E41: =Model!E240 -> 498000 | F41: =Model!F240 -> 611000 | G41: =SUM(C41:F41) -> 1908000 | I41: =Model!I240 -> 726600 | J41: =Model!J240 -> 886800 | K41: =Model!K240 -> 801688.95 | L41: =Model!L240 -> 1117876.8 | M41: =SUM(I41:L41) -> 3532965.7 | O41: =Model!O240 -> 789523.72 | P41: =Model!P240 -> 1002809 | Q41: =Model!Q240 -> 1130091.7 | R41: =Model!R240 -> 1308918.8 | S41: =SUM(O41:R41) -> 4231343.1 | U41: =Model!U240 -> 1432184.6 | V41: =Model!V240 -> 1621686.1 | W41: =Model!W240 -> 1740085.1 | X41: =Model!X240 -> 1918025.3 | Y41: =SUM(U41:X41) -> 6711981.1 | AA41: =Model!AA240 -> 2041592.1 | AB41: =Model!AB240 -> 2223529.9 | AC41: =Model!AC240 -> 2334680.8 | AD41: =Model!AD240 -> 2513064.9 | AE41: =SUM(AA41:AD41) -> 9112867.7 | AG41: =Model!AG240 -> 2647142.6 | AH41: =Model!AH240 -> 2850176.8 | AI41: =Model!AI240 -> 2928115.4 | AJ41: =Model!AJ240 -> 3053980.4 | AK41: =SUM(AG41:AJ41) -> 11479415 | AM41: =Model!AM240 -> 3118807.1 | AN41: =Model!AN240 -> 3242011.4 | AO41: =Model!AO240 -> 3277261.6 | AP41: =Model!AP240 -> 3393176.9 | AQ41: =SUM(AM41:AP41) -> 13031257
B42: Plus: Cash Flow from Investing | C42: =Model!C246 -> -5000 | D42: =Model!D246 -> -5000 | E42: =Model!E246 -> -5000 | F42: =Model!F246 -> -5000 | G42: =SUM(C42:F42) -> -20000 | I42: =Model!I246 -> -5000 | J42: =Model!J246 -> -5000 | K42: =Model!K246 -> 0 | L42: =Model!L246 -> 0 | M42: =SUM(I42:L42) -> -10000 | O42: =Model!O246 -> 0 | P42: =Model!P246 -> 0 | Q42: =Model!Q246 -> 0 | R42: =Model!R246 -> 0 | S42: =SUM(O42:R42) -> 0 | U42: =Model!U246 -> 0 | V42: =Model!V246 -> 0 | W42: =Model!W246 -> 0 | X42: =Model!X246 -> 0 | Y42: =SUM(U42:X42) -> 0 | AA42: =Model!AA246 -> 0 | AB42: =Model!AB246 -> 0 | AC42: =Model!AC246 -> 0 | AD42: =Model!AD246 -> 0 | AE42: =SUM(AA42:AD42) -> 0 | AG42: =Model!AG246 -> 0 | AH42: =Model!AH246 -> 0 | AI42: =Model!AI246 -> 0 | AJ42: =Model!AJ246 -> 0 | AK42: =SUM(AG42:AJ42) -> 0 | AM42: =Model!AM246 -> 0 | AN42: =Model!AN246 -> 0 | AO42: =Model!AO246 -> 0 | AP42: =Model!AP246 -> 0 | AQ42: =SUM(AM42:AP42) -> 0
B43: Plus: Non-Debt Financing Cash Flows | C43: =C37 -> 10000 | D43: =D37 -> 5000 | E43: =E37 -> 5000 | F43: =F37 -> 5000 | G43: =G37 -> 25000 | I43: =I37 -> 5000 | J43: =J37 -> 25200 | K43: =K37 -> 0 | L43: =L37 -> 0 | M43: =M37 -> 30200 | O43: =O37 -> 17130.245 | P43: =P37 -> 20991.694 | Q43: =Q37 -> 22963.449 | R43: =R37 -> 25835.437 | S43: =S37 -> 86920.824 | U43: =U37 -> 27489.507 | V43: =V37 -> 30323.376 | W43: =W37 -> 31681.327 | X43: =X37 -> 34107.258 | Y43: =Y37 -> 123601.47 | AA43: =AA37 -> 35452.731 | AB43: =AB37 -> 37925.251 | AC43: =AC37 -> 39228.952 | AD43: =AD37 -> 42587.039 | AE43: =AE37 -> 155193.97 | AG43: =AG37 -> 30268.145 | AH43: =AH37 -> 0 | AI43: =AI37 -> 0 | AJ43: =AJ37 -> 0 | AK43: =AK37 -> 30268.145 | AM43: =AM37 -> 0 | AN43: =AN37 -> 0 | AO43: =AO37 -> 0 | AP43: =AP37 -> 0 | AQ43: =AQ37 -> 0
B44: Less: Mandatory Principal Repayment | C44: 0 | D44: 0 | E44: 0 | F44: 0 | G44: =SUM(C44:F44) -> 0 | I44: 0 | J44: 0 | K44: =SUM(K64,K108) -> 0 | L44: =SUM(L64,L108) -> 0 | M44: =SUM(I44:L44) -> 0 | O44: =SUM(O64,O108) -> -774755.27 | P44: =SUM(P64,P108) -> -794108.09 | Q44: =SUM(Q64,Q108) -> -818873.31 | R44: =SUM(R64,R108) -> -846853.3 | S44: =SUM(O44:R44) -> -3234590 | U44: =SUM(U64,U108) -> -879358.83 | V44: =SUM(V64,V108) -> -914970.09 | W44: =SUM(W64,W108) -> -955372.13 | X44: =SUM(X64,X108) -> -998750.13 | Y44: =SUM(U44:X44) -> -3748451.2 | AA44: =SUM(AA64,AA108) -> -1046619 | AB44: =SUM(AB64,AB108) -> -1097591.9 | AC44: =SUM(AC64,AC108) -> -1153156 | AD44: =SUM(AD64,AD108) -> -1211512.1 | AE44: =SUM(AA44:AD44) -> -4508879 | AG44: =SUM(AG64,AG108) -> -1274391.9 | AH44: =SUM(AH64,AH108) -> -228707.5 | AI44: =SUM(AI64,AI108) -> -1.5180558e-06 | AJ44: =SUM(AJ64,AJ108) -> 0 | AK44: =SUM(AG44:AJ44) -> -1503099.4 | AM44: =SUM(AM64,AM108) -> 0 | AN44: =SUM(AN64,AN108) -> 0 | AO44: =SUM(AO64,AO108) -> 0 | AP44: =SUM(AP64,AP108) -> 0 | AQ44: =SUM(AM44:AP44) -> 0
B45: Less: Minimum Cash Balance | C45: 0 | D45: 0 | E45: 0 | F45: 0 | G45: =F45 -> 0 | I45: 0 | J45: 0 | K45: =-K29 -> -2000000 | L45: =-L29 -> -2000000 | M45: =L45 -> -2000000 | O45: =-O29 -> -2000000 | P45: =-P29 -> -2000000 | Q45: =-Q29 -> -2000000 | R45: =-R29 -> -2000000 | S45: =R45 -> -2000000 | U45: =-U29 -> -2000000 | V45: =-V29 -> -2000000 | W45: =-W29 -> -2000000 | X45: =-X29 -> -2000000 | Y45: =X45 -> -2000000 | AA45: =-AA29 -> -2000000 | AB45: =-AB29 -> -2000000 | AC45: =-AC29 -> -2000000 | AD45: =-AD29 -> -2000000 | AE45: =AD45 -> -2000000 | AG45: =-AG29 -> -2000000 | AH45: =-AH29 -> -2000000 | AI45: =-AI29 -> -2000000 | AJ45: =-AJ29 -> -2000000 | AK45: =AJ45 -> -2000000 | AM45: =-AM29 -> -2000000 | AN45: =-AN29 -> -2000000 | AO45: =-AO29 -> -2000000 | AP45: =-AP29 -> -2000000 | AQ45: =AP45 -> -2000000
B46: Excess Cash Available for Sweep | C46: 0 | D46: 0 | E46: 0 | F46: 0 | G46: =SUM(C46:F46) -> 0 | I46: 0 | J46: 0 | K46: =MAX(SUM(K40,K41,K42,K43,K44,K45),0) -> 6323889 | L46: =MAX(SUM(L40,L41,L42,L43,L44,L45),0) -> 7441765.7 | M46: =SUM(I46:L46) -> 13765655 | O46: =MAX(SUM(O40,O41,O42,O43,O44,O45),0) -> 31898.697 | P46: =MAX(SUM(P40,P41,P42,P43,P44,P45),0) -> 229692.55 | Q46: =MAX(SUM(Q40,Q41,Q42,Q43,Q44,Q45),0) -> 334181.82 | R46: =MAX(SUM(R40,R41,R42,R43,R44,R45),0) -> 487900.92 | S46: =SUM(O46:R46) -> 1083674 | U46: =MAX(SUM(U40,U41,U42,U43,U44,U45),0) -> 580315.29 | V46: =MAX(SUM(V40,V41,V42,V43,V44,V45),0) -> 737039.34 | W46: =MAX(SUM(W40,W41,W42,W43,W44,W45),0) -> 816394.34 | X46: =MAX(SUM(X40,X41,X42,X43,X44,X45),0) -> 953382.45 | Y46: =SUM(U46:X46) -> 3087131.4 | AA46: =MAX(SUM(AA40,AA41,AA42,AA43,AA44,AA45),0) -> 1030425.9 | AB46: =MAX(SUM(AB40,AB41,AB42,AB43,AB44,AB45),0) -> 1163863.3 | AC46: =MAX(SUM(AC40,AC41,AC42,AC43,AC44,AC45),0) -> 1220753.7 | AD46: =MAX(SUM(AD40,AD41,AD42,AD43,AD44,AD45),0) -> 1344139.8 | AE46: =SUM(AA46:AD46) -> 4759182.7 | AG46: =MAX(SUM(AG40,AG41,AG42,AG43,AG44,AG45),0) -> 1403018.9 | AH46: =MAX(SUM(AH40,AH41,AH42,AH43,AH44,AH45),0) -> 2621469.3 | AI46: =MAX(SUM(AI40,AI41,AI42,AI43,AI44,AI45),0) -> 4128585.6 | AJ46: =MAX(SUM(AJ40,AJ41,AJ42,AJ43,AJ44,AJ45),0) -> 7182566 | AK46: =SUM(AG46:AJ46) -> 15335640 | AM46: =MAX(SUM(AM40,AM41,AM42,AM43,AM44,AM45),0) -> 10301373 | AN46: =MAX(SUM(AN40,AN41,AN42,AN43,AN44,AN45),0) -> 13543385 | AO46: =MAX(SUM(AO40,AO41,AO42,AO43,AO44,AO45),0) -> 16820646 | AP46: =MAX(SUM(AP40,AP41,AP42,AP43,AP44,AP45),0) -> 20213823 | AQ46: =SUM(AM46:AP46) -> 60879227
B48: Sweep Application
B49: Senior Debt Sweep | C49: 0 | D49: 0 | E49: 0 | F49: 0 | G49: =SUM(C49:F49) -> 0 | I49: 0 | J49: 0 | K49: =-MIN(K46,MAX(SUM(K63,K64),0)) -> 0 | L49: =-MIN(L46,MAX(SUM(L63,L64),0)) -> 0 | M49: =SUM(I49:L49) -> 0 | O49: =-MIN(O46,MAX(SUM(O63,O64),0)) -> -31898.697 | P49: =-MIN(P46,MAX(SUM(P63,P64),0)) -> -229692.55 | Q49: =-MIN(Q46,MAX(SUM(Q63,Q64),0)) -> -334181.82 | R49: =-MIN(R46,MAX(SUM(R63,R64),0)) -> -487900.92 | S49: =SUM(O49:R49) -> -1083674 | U49: =-MIN(U46,MAX(SUM(U63,U64),0)) -> -580315.29 | V49: =-MIN(V46,MAX(SUM(V63,V64),0)) -> -737039.34 | W49: =-MIN(W46,MAX(SUM(W63,W64),0)) -> -816394.34 | X49: =-MIN(X46,MAX(SUM(X63,X64),0)) -> -953382.45 | Y49: =SUM(U49:X49) -> -3087131.4 | AA49: =-MIN(AA46,MAX(SUM(AA63,AA64),0)) -> -1030425.9 | AB49: =-MIN(AB46,MAX(SUM(AB63,AB64),0)) -> -1163863.3 | AC49: =-MIN(AC46,MAX(SUM(AC63,AC64),0)) -> -1220753.7 | AD49: =-MIN(AD46,MAX(SUM(AD63,AD64),0)) -> -1344139.8 | AE49: =SUM(AA49:AD49) -> -4759182.7 | AG49: =-MIN(AG46,MAX(SUM(AG63,AG64),0)) -> -491491.42 | AH49: =-MIN(AH46,MAX(SUM(AH63,AH64),0)) -> 0 | AI49: =-MIN(AI46,MAX(SUM(AI63,AI64),0)) -> 0 | AJ49: =-MIN(AJ46,MAX(SUM(AJ63,AJ64),0)) -> 0 | AK49: =SUM(AG49:AJ49) -> -491491.42 | AM49: =-MIN(AM46,MAX(SUM(AM63,AM64),0)) -> 0 | AN49: =-MIN(AN46,MAX(SUM(AN63,AN64),0)) -> 0 | AO49: =-MIN(AO46,MAX(SUM(AO63,AO64),0)) -> 0 | AP49: =-MIN(AP46,MAX(SUM(AP63,AP64),0)) -> 0 | AQ49: =SUM(AM49:AP49) -> 0
B50: Seller Note Sweep | C50: 0 | D50: 0 | E50: 0 | F50: 0 | G50: =SUM(C50:F50) -> 0 | I50: 0 | J50: 0 | K50: =-MIN(MAX(SUM(K46,K49),0),MAX(SUM(K105,K108),0)) -> 0 | L50: =-MIN(MAX(SUM(L46,L49),0),MAX(SUM(L105,L108),0)) -> 0 | M50: =SUM(I50:L50) -> 0 | O50: =-MIN(MAX(SUM(O46,O49),0),MAX(SUM(O105,O108),0)) -> 0 | P50: =-MIN(MAX(SUM(P46,P49),0),MAX(SUM(P105,P108),0)) -> 0 | Q50: =-MIN(MAX(SUM(Q46,Q49),0),MAX(SUM(Q105,Q108),0)) -> 0 | R50: =-MIN(MAX(SUM(R46,R49),0),MAX(SUM(R105,R108),0)) -> 0 | S50: =SUM(O50:R50) -> 0 | U50: =-MIN(MAX(SUM(U46,U49),0),MAX(SUM(U105,U108),0)) -> 0 | V50: =-MIN(MAX(SUM(V46,V49),0),MAX(SUM(V105,V108),0)) -> 0 | W50: =-MIN(MAX(SUM(W46,W49),0),MAX(SUM(W105,W108),0)) -> 0 | X50: =-MIN(MAX(SUM(X46,X49),0),MAX(SUM(X105,X108),0)) -> 0 | Y50: =SUM(U50:X50) -> 0 | AA50: =-MIN(MAX(SUM(AA46,AA49),0),MAX(SUM(AA105,AA108),0)) -> 0 | AB50: =-MIN(MAX(SUM(AB46,AB49),0),MAX(SUM(AB105,AB108),0)) -> 0 | AC50: =-MIN(MAX(SUM(AC46,AC49),0),MAX(SUM(AC105,AC108),0)) -> 0 | AD50: =-MIN(MAX(SUM(AD46,AD49),0),MAX(SUM(AD105,AD108),0)) -> 0 | AE50: =SUM(AA50:AD50) -> 0 | AG50: =-MIN(MAX(SUM(AG46,AG49),0),MAX(SUM(AG105,AG108),0)) -> -911527.44 | AH50: =-MIN(MAX(SUM(AH46,AH49),0),MAX(SUM(AH105,AH108),0)) -> -1420999.1 | AI50: =-MIN(MAX(SUM(AI46,AI49),0),MAX(SUM(AI105,AI108),0)) -> 0 | AJ50: =-MIN(MAX(SUM(AJ46,AJ49),0),MAX(SUM(AJ105,AJ108),0)) -> 0 | AK50: =SUM(AG50:AJ50) -> -2332526.6 | AM50: =-MIN(MAX(SUM(AM46,AM49),0),MAX(SUM(AM105,AM108),0)) -> 0 | AN50: =-MIN(MAX(SUM(AN46,AN49),0),MAX(SUM(AN105,AN108),0)) -> 0 | AO50: =-MIN(MAX(SUM(AO46,AO49),0),MAX(SUM(AO105,AO108),0)) -> 0 | AP50: =-MIN(MAX(SUM(AP46,AP49),0),MAX(SUM(AP105,AP108),0)) -> 0 | AQ50: =SUM(AM50:AP50) -> 0
B51: Total Excess Cash Sweep | C51: 0 | D51: 0 | E51: 0 | F51: 0 | G51: =SUM(C51:F51) -> 0 | I51: 0 | J51: 0 | K51: =SUM(K49,K50) -> 0 | L51: =SUM(L49,L50) -> 0 | M51: =SUM(I51:L51) -> 0 | O51: =SUM(O49,O50) -> -31898.697 | P51: =SUM(P49,P50) -> -229692.55 | Q51: =SUM(Q49,Q50) -> -334181.82 | R51: =SUM(R49,R50) -> -487900.92 | S51: =SUM(O51:R51) -> -1083674 | U51: =SUM(U49,U50) -> -580315.29 | V51: =SUM(V49,V50) -> -737039.34 | W51: =SUM(W49,W50) -> -816394.34 | X51: =SUM(X49,X50) -> -953382.45 | Y51: =SUM(U51:X51) -> -3087131.4 | AA51: =SUM(AA49,AA50) -> -1030425.9 | AB51: =SUM(AB49,AB50) -> -1163863.3 | AC51: =SUM(AC49,AC50) -> -1220753.7 | AD51: =SUM(AD49,AD50) -> -1344139.8 | AE51: =SUM(AA51:AD51) -> -4759182.7 | AG51: =SUM(AG49,AG50) -> -1403018.9 | AH51: =SUM(AH49,AH50) -> -1420999.1 | AI51: =SUM(AI49,AI50) -> 0 | AJ51: =SUM(AJ49,AJ50) -> 0 | AK51: =SUM(AG51:AJ51) -> -2824018 | AM51: =SUM(AM49,AM50) -> 0 | AN51: =SUM(AN49,AN50) -> 0 | AO51: =SUM(AO49,AO50) -> 0 | AP51: =SUM(AP49,AP50) -> 0 | AQ51: =SUM(AM51:AP51) -> 0
B54: Senior Debt Schedule
B56: Senior Debt Payment Amount
B57: Original Senior Debt Principal | C57: =IF(AND(0=0,C66>0),C66,0) -> 0 | D57: =IF(AND(C66=0,D66>0),D66,C57) -> 0 | E57: =IF(AND(D66=0,E66>0),E66,D57) -> 0 | F57: =IF(AND(E66=0,F66>0),F66,E57) -> 0 | G57: =F57 -> 0 | I57: =IF(AND(F66=0,I66>0),I66,F57) -> 0 | J57: =IF(AND(I66=0,J66>0),J66,I57) -> 0 | K57: =MAX(J57,K63) -> 0 | L57: =MAX(K57,L63) -> 0 | M57: =L57 -> 0 | O57: =MAX(L57,O63) -> 19799221 | P57: =MAX(O57,P63) -> 19799221 | Q57: =MAX(P57,Q63) -> 19799221 | R57: =MAX(Q57,R63) -> 19799221 | S57: =R57 -> 19799221 | U57: =MAX(R57,U63) -> 19799221 | V57: =MAX(U57,V63) -> 19799221 | W57: =MAX(V57,W63) -> 19799221 | X57: =MAX(W57,X63) -> 19799221 | Y57: =X57 -> 19799221 | AA57: =MAX(X57,AA63) -> 19799221 | AB57: =MAX(AA57,AB63) -> 19799221 | AC57: =MAX(AB57,AC63) -> 19799221 | AD57: =MAX(AC57,AD63) -> 19799221 | AE57: =AD57 -> 19799221 | AG57: =MAX(AD57,AG63) -> 19799221 | AH57: =MAX(AG57,AH63) -> 19799221 | AI57: =MAX(AH57,AI63) -> 19799221 | AJ57: =MAX(AI57,AJ63) -> 19799221 | AK57: =AJ57 -> 19799221 | AM57: =MAX(AJ57,AM63) -> 19799221 | AN57: =MAX(AM57,AN63) -> 19799221 | AO57: =MAX(AN57,AO63) -> 19799221 | AP57: =MAX(AO57,AP63) -> 19799221 | AQ57: =AP57 -> 19799221
B58: Senior Debt Term (Quarters) | C58: 0 | D58: 0 | E58: 0 | F58: 0 | G58: =F58 -> 0 | I58: 0 | J58: 0 | K58: 24 | L58: =K58 -> 24 | M58: =L58 -> 24 | O58: =L58 -> 24 | P58: =O58 -> 24 | Q58: =P58 -> 24 | R58: =Q58 -> 24 | S58: =R58 -> 24 | U58: =R58 -> 24 | V58: =U58 -> 24 | W58: =V58 -> 24 | X58: =W58 -> 24 | Y58: =X58 -> 24 | AA58: =X58 -> 24 | AB58: =AA58 -> 24 | AC58: =AB58 -> 24 | AD58: =AC58 -> 24 | AE58: =AD58 -> 24 | AG58: =AD58 -> 24 | AH58: =AG58 -> 24 | AI58: =AH58 -> 24 | AJ58: =AI58 -> 24 | AK58: =AJ58 -> 24 | AM58: =AJ58 -> 24 | AN58: =AM58 -> 24 | AO58: =AN58 -> 24 | AP58: =AO58 -> 24 | AQ58: =AP58 -> 24
B59: Senior Debt Annual Interest Rate % | C59: 0 | D59: 0 | E59: 0 | F59: 0 | G59: =F59 -> 0 | I59: 0 | J59: 0 | K59: -0.1 | L59: =K59 -> -0.1 | M59: =L59 -> -0.1 | O59: =L59 -> -0.1 | P59: =O59 -> -0.1 | Q59: =P59 -> -0.1 | R59: =Q59 -> -0.1 | S59: =R59 -> -0.1 | U59: =R59 -> -0.1 | V59: =U59 -> -0.1 | W59: =V59 -> -0.1 | X59: =W59 -> -0.1 | Y59: =X59 -> -0.1 | AA59: =X59 -> -0.1 | AB59: =AA59 -> -0.1 | AC59: =AB59 -> -0.1 | AD59: =AC59 -> -0.1 | AE59: =AD59 -> -0.1 | AG59: =AD59 -> -0.1 | AH59: =AG59 -> -0.1 | AI59: =AH59 -> -0.1 | AJ59: =AI59 -> -0.1 | AK59: =AJ59 -> -0.1 | AM59: =AJ59 -> -0.1 | AN59: =AM59 -> -0.1 | AO59: =AN59 -> -0.1 | AP59: =AO59 -> -0.1 | AQ59: =AP59 -> -0.1
B60: Senior Debt Fixed Payment | C60: 0 | D60: 0 | E60: 0 | F60: 0 | G60: =F60 -> 0 | I60: 0 | J60: 0 | K60: =IFERROR(K57*K59/4/(1-(1-K59/4)^-K58),0) -> 0 | L60: =IFERROR(L57*L59/4/(1-(1-L59/4)^-L58),0) -> 0 | M60: =L60 -> 0 | O60: =IFERROR(O57*O59/4/(1-(1-O59/4)^-O58),0) -> -1107030.3 | P60: =IFERROR(P57*P59/4/(1-(1-P59/4)^-P58),0) -> -1107030.3 | Q60: =IFERROR(Q57*Q59/4/(1-(1-Q59/4)^-Q58),0) -> -1107030.3 | R60: =IFERROR(R57*R59/4/(1-(1-R59/4)^-R58),0) -> -1107030.3 | S60: =R60 -> -1107030.3 | U60: =IFERROR(U57*U59/4/(1-(1-U59/4)^-U58),0) -> -1107030.3 | V60: =IFERROR(V57*V59/4/(1-(1-V59/4)^-V58),0) -> -1107030.3 | W60: =IFERROR(W57*W59/4/(1-(1-W59/4)^-W58),0) -> -1107030.3 | X60: =IFERROR(X57*X59/4/(1-(1-X59/4)^-X58),0) -> -1107030.3 | Y60: =X60 -> -1107030.3 | AA60: =IFERROR(AA57*AA59/4/(1-(1-AA59/4)^-AA58),0) -> -1107030.3 | AB60: =IFERROR(AB57*AB59/4/(1-(1-AB59/4)^-AB58),0) -> -1107030.3 | AC60: =IFERROR(AC57*AC59/4/(1-(1-AC59/4)^-AC58),0) -> -1107030.3 | AD60: =IFERROR(AD57*AD59/4/(1-(1-AD59/4)^-AD58),0) -> -1107030.3 | AE60: =AD60 -> -1107030.3 | AG60: =IFERROR(AG57*AG59/4/(1-(1-AG59/4)^-AG58),0) -> -1107030.3 | AH60: =IFERROR(AH57*AH59/4/(1-(1-AH59/4)^-AH58),0) -> -1107030.3 | AI60: =IFERROR(AI57*AI59/4/(1-(1-AI59/4)^-AI58),0) -> -1107030.3 | AJ60: =IFERROR(AJ57*AJ59/4/(1-(1-AJ59/4)^-AJ58),0) -> -1107030.3 | AK60: =AJ60 -> -1107030.3 | AM60: =IFERROR(AM57*AM59/4/(1-(1-AM59/4)^-AM58),0) -> -1107030.3 | AN60: =IFERROR(AN57*AN59/4/(1-(1-AN59/4)^-AN58),0) -> -1107030.3 | AO60: =IFERROR(AO57*AO59/4/(1-(1-AO59/4)^-AO58),0) -> -1107030.3 | AP60: =IFERROR(AP57*AP59/4/(1-(1-AP59/4)^-AP58),0) -> -1107030.3 | AQ60: =AP60 -> -1107030.3
B62: Senior Debt Balance
B63: Beginning Senior Debt Balance | C63: 0 | D63: 0 | E63: 0 | F63: 0 | G63: =C63 -> 0 | I63: 0 | J63: 0 | K63: =Model!J76 -> 0 | L63: =Model!K76 -> 0 | M63: =I63 -> 0 | O63: =Model!L76 -> 19799221 | P63: =Model!O76 -> 19155272 | Q63: =Model!P76 -> 18297431 | R63: =Model!Q76 -> 17313655 | S63: =O63 -> 19799221 | U63: =Model!R76 -> 16151565 | V63: =Model!U76 -> 14868009 | W63: =Model!V76 -> 13395639 | X63: =Model!W76 -> 11807106 | Y63: =U63 -> 16151565 | AA63: =Model!X76 -> 10041870 | AB63: =Model!AA76 -> 8155461.1 | AC63: =Model!AB76 -> 6088454 | AD63: =Model!AC76 -> 3912881.4 | AE63: =AA63 -> 10041870 | AG63: =Model!AD76 -> 1559533.3 | AH63: =Model!AG76 -> -4.4284388e-07 | AI63: =Model!AH76 -> 0 | AJ63: =Model!AI76 -> 0 | AK63: =AG63 -> 1559533.3 | AM63: =Model!AJ76 -> 0 | AN63: =Model!AM76 -> 0 | AO63: =Model!AN76 -> 0 | AP63: =Model!AO76 -> 0 | AQ63: =AM63 -> 0
B64: Less: Senior Debt Mandatory Principal Payment | C64: 0 | D64: 0 | E64: 0 | F64: 0 | G64: =SUM(C64:F64) -> 0 | I64: 0 | J64: 0 | K64: =MAX(K60-K68,-K63) -> 0 | L64: =MAX(L60-L68,-L63) -> 0 | M64: =SUM(I64:L64) -> 0 | O64: =MAX(O60-O68,-O63) -> -612049.75 | P64: =MAX(P60-P68,-P63) -> -628148.46 | Q64: =MAX(Q60-Q68,-Q63) -> -649594.48 | R64: =MAX(R60-R68,-R63) -> -674188.89 | S64: =SUM(O64:R64) -> -2563981.6 | U64: =MAX(U60-U68,-U63) -> -703241.14 | V64: =MAX(V60-V68,-V63) -> -735330.05 | W64: =MAX(W60-W68,-W63) -> -772139.28 | X64: =MAX(X60-X68,-X63) -> -811852.62 | Y64: =SUM(U64:X64) -> -3022563.1 | AA64: =MAX(AA60-AA68,-AA63) -> -855983.5 | AB64: =MAX(AB60-AB68,-AB63) -> -903143.73 | AC64: =MAX(AC60-AC68,-AC63) -> -954818.91 | AD64: =MAX(AD60-AD68,-AD63) -> -1009208.2 | AE64: =SUM(AA64:AD64) -> -3723154.4 | AG64: =MAX(AG60-AG68,-AG63) -> -1068041.9 | AH64: =MAX(AH60-AH68,-AH63) -> 4.4284388e-07 | AI64: =MAX(AI60-AI68,-AI63) -> 0 | AJ64: =MAX(AJ60-AJ68,-AJ63) -> 0 | AK64: =SUM(AG64:AJ64) -> -1068041.9 | AM64: =MAX(AM60-AM68,-AM63) -> 0 | AN64: =MAX(AN60-AN68,-AN63) -> 0 | AO64: =MAX(AO60-AO68,-AO63) -> 0 | AP64: =MAX(AP60-AP68,-AP63) -> 0 | AQ64: =SUM(AM64:AP64) -> 0
B65: Less: Senior Debt Sweep | C65: =C49 -> 0 | D65: =D49 -> 0 | E65: =E49 -> 0 | F65: =F49 -> 0 | G65: =G49 -> 0 | I65: =I49 -> 0 | J65: =J49 -> 0 | K65: =K49 -> 0 | L65: =L49 -> 0 | M65: =M49 -> 0 | O65: =O49 -> -31898.697 | P65: =P49 -> -229692.55 | Q65: =Q49 -> -334181.82 | R65: =R49 -> -487900.92 | S65: =S49 -> -1083674 | U65: =U49 -> -580315.29 | V65: =V49 -> -737039.34 | W65: =W49 -> -816394.34 | X65: =X49 -> -953382.45 | Y65: =Y49 -> -3087131.4 | AA65: =AA49 -> -1030425.9 | AB65: =AB49 -> -1163863.3 | AC65: =AC49 -> -1220753.7 | AD65: =AD49 -> -1344139.8 | AE65: =AE49 -> -4759182.7 | AG65: =AG49 -> -491491.42 | AH65: =AH49 -> 0 | AI65: =AI49 -> 0 | AJ65: =AJ49 -> 0 | AK65: =AK49 -> -491491.42 | AM65: =AM49 -> 0 | AN65: =AN49 -> 0 | AO65: =AO49 -> 0 | AP65: =AP49 -> 0 | AQ65: =AQ49 -> 0
B66: Ending Senior Debt Balance | C66: =Model!C76 -> 0 | D66: =Model!D76 -> 0 | E66: =Model!E76 -> 0 | F66: =Model!F76 -> 0 | G66: =F66 -> 0 | I66: =Model!I76 -> 0 | J66: =Model!J76 -> 0 | K66: =SUM(K63,K64,K65) -> 0 | L66: =SUM(L63,L64,L65) -> 0 | M66: =L66 -> 0 | O66: =SUM(O63,O64,O65) -> 19155272 | P66: =SUM(P63,P64,P65) -> 18297431 | Q66: =SUM(Q63,Q64,Q65) -> 17313655 | R66: =SUM(R63,R64,R65) -> 16151565 | S66: =R66 -> 16151565 | U66: =SUM(U63,U64,U65) -> 14868009 | V66: =SUM(V63,V64,V65) -> 13395639 | W66: =SUM(W63,W64,W65) -> 11807106 | X66: =SUM(X63,X64,X65) -> 10041870 | Y66: =X66 -> 10041870 | AA66: =SUM(AA63,AA64,AA65) -> 8155461.1 | AB66: =SUM(AB63,AB64,AB65) -> 6088454 | AC66: =SUM(AC63,AC64,AC65) -> 3912881.4 | AD66: =SUM(AD63,AD64,AD65) -> 1559533.3 | AE66: =AD66 -> 1559533.3 | AG66: =SUM(AG63,AG64,AG65) -> -6.2631443e-08 | AH66: =SUM(AH63,AH64,AH65) -> 0 | AI66: =SUM(AI63,AI64,AI65) -> 0 | AJ66: =SUM(AJ63,AJ64,AJ65) -> 0 | AK66: =AJ66 -> 0 | AM66: =SUM(AM63,AM64,AM65) -> 0 | AN66: =SUM(AN63,AN64,AN65) -> 0 | AO66: =SUM(AO63,AO64,AO65) -> 0 | AP66: =SUM(AP63,AP64,AP65) -> 0 | AQ66: =AP66 -> 0
B68: Senior Debt Cash Interest Expense | C68: =IS!C38 -> 0 | D68: =IS!D38 -> 0 | E68: =IS!E38 -> 0 | F68: =IS!F38 -> 0 | G68: =SUM(C68:F68) -> 0 | I68: =IS!I38 -> 0 | J68: =IS!J38 -> 0 | K68: =K63*K59/4 -> 0 | L68: =L63*L59/4 -> 0 | M68: =SUM(I68:L68) -> 0 | O68: =O63*O59/4 -> -494980.51 | P68: =P63*P59/4 -> -478881.8 | Q68: =Q63*Q59/4 -> -457435.78 | R68: =R63*R59/4 -> -432841.37 | S68: =SUM(O68:R68) -> -1864139.5 | U68: =U63*U59/4 -> -403789.12 | V68: =V63*V59/4 -> -371700.21 | W68: =W63*W59/4 -> -334890.98 | X68: =X63*X59/4 -> -295177.64 | Y68: =SUM(U68:X68) -> -1405558 | AA68: =AA63*AA59/4 -> -251046.76 | AB68: =AB63*AB59/4 -> -203886.53 | AC68: =AC63*AC59/4 -> -152211.35 | AD68: =AD63*AD59/4 -> -97822.035 | AE68: =SUM(AA68:AD68) -> -704966.67 | AG68: =AG63*AG59/4 -> -38988.334 | AH68: =AH63*AH59/4 -> 1.1071097e-08 | AI68: =AI63*AI59/4 -> 0 | AJ68: =AJ63*AJ59/4 -> 0 | AK68: =SUM(AG68:AJ68) -> -38988.334 | AM68: =AM63*AM59/4 -> 0 | AN68: =AN63*AN59/4 -> 0 | AO68: =AO63*AO59/4 -> 0 | AP68: =AP63*AP59/4 -> 0 | AQ68: =SUM(AM68:AP68) -> 0
B70: Senior Debt Financing Fee Amortization
B71: Original Capitalized Financing Fees Balance | C71: =IF(AND(0=0,C79<0),C79,0) -> 0 | D71: =IF(AND(C79=0,D79<0),D79,C71) -> 0 | E71: =IF(AND(D79=0,E79<0),E79,D71) -> 0 | F71: =IF(AND(E79=0,F79<0),F79,E71) -> 0 | G71: =F71 -> 0 | I71: =IF(AND(F79=0,I79<0),I79,F71) -> 0 | J71: =IF(AND(I79=0,J79<0),J79,I71) -> 0 | K71: =MIN(J71,K76) -> 0 | L71: =MIN(K71,L76) -> 0 | M71: =L71 -> 0 | O71: =MIN(L71,O76) -> -395984.41 | P71: =MIN(O71,P76) -> -395984.41 | Q71: =MIN(P71,Q76) -> -395984.41 | R71: =MIN(Q71,R76) -> -395984.41 | S71: =R71 -> -395984.41 | U71: =MIN(R71,U76) -> -395984.41 | V71: =MIN(U71,V76) -> -395984.41 | W71: =MIN(V71,W76) -> -395984.41 | X71: =MIN(W71,X76) -> -395984.41 | Y71: =X71 -> -395984.41 | AA71: =MIN(X71,AA76) -> -395984.41 | AB71: =MIN(AA71,AB76) -> -395984.41 | AC71: =MIN(AB71,AC76) -> -395984.41 | AD71: =MIN(AC71,AD76) -> -395984.41 | AE71: =AD71 -> -395984.41 | AG71: =MIN(AD71,AG76) -> -395984.41 | AH71: =MIN(AG71,AH76) -> -395984.41 | AI71: =MIN(AH71,AI76) -> -395984.41 | AJ71: =MIN(AI71,AJ76) -> -395984.41 | AK71: =AJ71 -> -395984.41 | AM71: =MIN(AJ71,AM76) -> -395984.41 | AN71: =MIN(AM71,AN76) -> -395984.41 | AO71: =MIN(AN71,AO76) -> -395984.41 | AP71: =MIN(AO71,AP76) -> -395984.41 | AQ71: =AP71 -> -395984.41
B72: Senior Debt Term (Quarters) | C72: =C58 -> 0 | D72: =D58 -> 0 | E72: =E58 -> 0 | F72: =F58 -> 0 | G72: =G58 -> 0 | I72: =I58 -> 0 | J72: =J58 -> 0 | K72: =K58 -> 24 | L72: =L58 -> 24 | M72: =M58 -> 24 | O72: =O58 -> 24 | P72: =P58 -> 24 | Q72: =Q58 -> 24 | R72: =R58 -> 24 | S72: =S58 -> 24 | U72: =U58 -> 24 | V72: =V58 -> 24 | W72: =W58 -> 24 | X72: =X58 -> 24 | Y72: =Y58 -> 24 | AA72: =AA58 -> 24 | AB72: =AB58 -> 24 | AC72: =AC58 -> 24 | AD72: =AD58 -> 24 | AE72: =AE58 -> 24 | AG72: =AG58 -> 24 | AH72: =AH58 -> 24 | AI72: =AI58 -> 24 | AJ72: =AJ58 -> 24 | AK72: =AK58 -> 24 | AM72: =AM58 -> 24 | AN72: =AN58 -> 24 | AO72: =AO58 -> 24 | AP72: =AP58 -> 24 | AQ72: =AQ58 -> 24
B73: Financing Fee Amortization / Quarter | C73: 0 | D73: 0 | E73: 0 | F73: 0 | G73: =F73 -> 0 | I73: 0 | J73: 0 | K73: =IFERROR(-K71/K72,0) -> 0 | L73: =IFERROR(-L71/L72,0) -> 0 | M73: =L73 -> 0 | O73: =IFERROR(-O71/O72,0) -> 16499.35 | P73: =IFERROR(-P71/P72,0) -> 16499.35 | Q73: =IFERROR(-Q71/Q72,0) -> 16499.35 | R73: =IFERROR(-R71/R72,0) -> 16499.35 | S73: =R73 -> 16499.35 | U73: =IFERROR(-U71/U72,0) -> 16499.35 | V73: =IFERROR(-V71/V72,0) -> 16499.35 | W73: =IFERROR(-W71/W72,0) -> 16499.35 | X73: =IFERROR(-X71/X72,0) -> 16499.35 | Y73: =X73 -> 16499.35 | AA73: =IFERROR(-AA71/AA72,0) -> 16499.35 | AB73: =IFERROR(-AB71/AB72,0) -> 16499.35 | AC73: =IFERROR(-AC71/AC72,0) -> 16499.35 | AD73: =IFERROR(-AD71/AD72,0) -> 16499.35 | AE73: =AD73 -> 16499.35 | AG73: =IFERROR(-AG71/AG72,0) -> 16499.35 | AH73: =IFERROR(-AH71/AH72,0) -> 16499.35 | AI73: =IFERROR(-AI71/AI72,0) -> 16499.35 | AJ73: =IFERROR(-AJ71/AJ72,0) -> 16499.35 | AK73: =AJ73 -> 16499.35 | AM73: =IFERROR(-AM71/AM72,0) -> 16499.35 | AN73: =IFERROR(-AN71/AN72,0) -> 16499.35 | AO73: =IFERROR(-AO71/AO72,0) -> 16499.35 | AP73: =IFERROR(-AP71/AP72,0) -> 16499.35 | AQ73: =AP73 -> 16499.35
B75: Capitalized Financing Fees Balance
B76: Beginning Capitalized Financing Fees Balance | C76: 0 | D76: 0 | E76: 0 | F76: 0 | G76: =C76 -> 0 | I76: 0 | J76: 0 | K76: =Model!J77 -> 0 | L76: =Model!K77 -> 0 | M76: =I76 -> 0 | O76: =Model!L77 -> -395984.41 | P76: =Model!O77 -> -378854.17 | Q76: =Model!P77 -> -357862.47 | R76: =Model!Q77 -> -334899.02 | S76: =O76 -> -395984.41 | U76: =Model!R77 -> -309063.59 | V76: =Model!U77 -> -281574.08 | W76: =Model!V77 -> -251250.7 | X76: =Model!W77 -> -219569.38 | Y76: =U76 -> -309063.59 | AA76: =Model!X77 -> -185462.12 | AB76: =Model!AA77 -> -150009.39 | AC76: =Model!AB77 -> -112084.14 | AD76: =Model!AC77 -> -72855.184 | AE76: =AA76 -> -185462.12 | AG76: =Model!AD77 -> -30268.145 | AH76: =Model!AG77 -> 0 | AI76: =Model!AH77 -> 0 | AJ76: =Model!AI77 -> 0 | AK76: =AG76 -> -30268.145 | AM76: =Model!AJ77 -> 0 | AN76: =Model!AM77 -> 0 | AO76: =Model!AN77 -> 0 | AP76: =Model!AO77 -> 0 | AQ76: =AM76 -> 0
B77: Less: Straight-Line Financing Fee Amortization | C77: 0 | D77: 0 | E77: 0 | F77: 0 | G77: =SUM(C77:F77) -> 0 | I77: 0 | J77: 0 | K77: =MIN(K73,-K76) -> 0 | L77: =MIN(L73,-L76) -> 0 | M77: =SUM(I77:L77) -> 0 | O77: =MIN(O73,-O76) -> 16499.35 | P77: =MIN(P73,-P76) -> 16499.35 | Q77: =MIN(Q73,-Q76) -> 16499.35 | R77: =MIN(R73,-R76) -> 16499.35 | S77: =SUM(O77:R77) -> 65997.402 | U77: =MIN(U73,-U76) -> 16499.35 | V77: =MIN(V73,-V76) -> 16499.35 | W77: =MIN(W73,-W76) -> 16499.35 | X77: =MIN(X73,-X76) -> 16499.35 | Y77: =SUM(U77:X77) -> 65997.402 | AA77: =MIN(AA73,-AA76) -> 16499.35 | AB77: =MIN(AB73,-AB76) -> 16499.35 | AC77: =MIN(AC73,-AC76) -> 16499.35 | AD77: =MIN(AD73,-AD76) -> 16499.35 | AE77: =SUM(AA77:AD77) -> 65997.402 | AG77: =MIN(AG73,-AG76) -> 16499.35 | AH77: =MIN(AH73,-AH76) -> 0 | AI77: =MIN(AI73,-AI76) -> 0 | AJ77: =MIN(AJ73,-AJ76) -> 0 | AK77: =SUM(AG77:AJ77) -> 16499.35 | AM77: =MIN(AM73,-AM76) -> 0 | AN77: =MIN(AN73,-AN76) -> 0 | AO77: =MIN(AO73,-AO76) -> 0 | AP77: =MIN(AP73,-AP76) -> 0 | AQ77: =SUM(AM77:AP77) -> 0
B78: Less: Sweep Financing Fee Amortization | C78: 0 | D78: 0 | E78: 0 | F78: 0 | G78: =SUM(C78:F78) -> 0 | I78: 0 | J78: 0 | K78: =IFERROR(-SUM(K76,K77)*MIN(MAX(-K65/SUM(K63,K64),0),1),0) -> 0 | L78: =IFERROR(-SUM(L76,L77)*MIN(MAX(-L65/SUM(L63,L64),0),1),0) -> 0 | M78: =SUM(I78:L78) -> 0 | O78: =IFERROR(-SUM(O76,O77)*MIN(MAX(-O65/SUM(O63,O64),0),1),0) -> 630.89442 | P78: =IFERROR(-SUM(P76,P77)*MIN(MAX(-P65/SUM(P63,P64),0),1),0) -> 4492.3435 | Q78: =IFERROR(-SUM(Q76,Q77)*MIN(MAX(-Q65/SUM(Q63,Q64),0),1),0) -> 6464.0983 | R78: =IFERROR(-SUM(R76,R77)*MIN(MAX(-R65/SUM(R63,R64),0),1),0) -> 9336.0865 | S78: =SUM(O78:R78) -> 20923.423 | U78: =IFERROR(-SUM(U76,U77)*MIN(MAX(-U65/SUM(U63,U64),0),1),0) -> 10990.157 | V78: =IFERROR(-SUM(V76,V77)*MIN(MAX(-V65/SUM(V63,V64),0),1),0) -> 13824.025 | W78: =IFERROR(-SUM(W76,W77)*MIN(MAX(-W65/SUM(W63,W64),0),1),0) -> 15181.976 | X78: =IFERROR(-SUM(X76,X77)*MIN(MAX(-X65/SUM(X63,X64),0),1),0) -> 17607.908 | Y78: =SUM(U78:X78) -> 57604.066 | AA78: =IFERROR(-SUM(AA76,AA77)*MIN(MAX(-AA65/SUM(AA63,AA64),0),1),0) -> 18953.381 | AB78: =IFERROR(-SUM(AB76,AB77)*MIN(MAX(-AB65/SUM(AB63,AB64),0),1),0) -> 21425.901 | AC78: =IFERROR(-SUM(AC76,AC77)*MIN(MAX(-AC65/SUM(AC63,AC64),0),1),0) -> 22729.602 | AD78: =IFERROR(-SUM(AD76,AD77)*MIN(MAX(-AD65/SUM(AD63,AD64),0),1),0) -> 26087.688 | AE78: =SUM(AA78:AD78) -> 89196.571 | AG78: =IFERROR(-SUM(AG76,AG77)*MIN(MAX(-AG65/SUM(AG63,AG64),0),1),0) -> 13768.795 | AH78: =IFERROR(-SUM(AH76,AH77)*MIN(MAX(-AH65/SUM(AH63,AH64),0),1),0) -> 0 | AI78: =IFERROR(-SUM(AI76,AI77)*MIN(MAX(-AI65/SUM(AI63,AI64),0),1),0) -> 0 | AJ78: =IFERROR(-SUM(AJ76,AJ77)*MIN(MAX(-AJ65/SUM(AJ63,AJ64),0),1),0) -> 0 | AK78: =SUM(AG78:AJ78) -> 13768.795 | AM78: =IFERROR(-SUM(AM76,AM77)*MIN(MAX(-AM65/SUM(AM63,AM64),0),1),0) -> 0 | AN78: =IFERROR(-SUM(AN76,AN77)*MIN(MAX(-AN65/SUM(AN63,AN64),0),1),0) -> 0 | AO78: =IFERROR(-SUM(AO76,AO77)*MIN(MAX(-AO65/SUM(AO63,AO64),0),1),0) -> 0 | AP78: =IFERROR(-SUM(AP76,AP77)*MIN(MAX(-AP65/SUM(AP63,AP64),0),1),0) -> 0 | AQ78: =SUM(AM78:AP78) -> 0
B79: Ending Capitalized Financing Fees Balance | C79: =Model!C77 -> 0 | D79: =Model!D77 -> 0 | E79: =Model!E77 -> 0 | F79: =Model!F77 -> 0 | G79: =F79 -> 0 | I79: =Model!I77 -> 0 | J79: =Model!J77 -> 0 | K79: =SUM(K76,K77,K78) -> 0 | L79: =SUM(L76,L77,L78) -> 0 | M79: =L79 -> 0 | O79: =SUM(O76,O77,O78) -> -378854.17 | P79: =SUM(P76,P77,P78) -> -357862.47 | Q79: =SUM(Q76,Q77,Q78) -> -334899.02 | R79: =SUM(R76,R77,R78) -> -309063.59 | S79: =R79 -> -309063.59 | U79: =SUM(U76,U77,U78) -> -281574.08 | V79: =SUM(V76,V77,V78) -> -251250.7 | W79: =SUM(W76,W77,W78) -> -219569.38 | X79: =SUM(X76,X77,X78) -> -185462.12 | Y79: =X79 -> -185462.12 | AA79: =SUM(AA76,AA77,AA78) -> -150009.39 | AB79: =SUM(AB76,AB77,AB78) -> -112084.14 | AC79: =SUM(AC76,AC77,AC78) -> -72855.184 | AD79: =SUM(AD76,AD77,AD78) -> -30268.145 | AE79: =AD79 -> -30268.145 | AG79: =SUM(AG76,AG77,AG78) -> 0 | AH79: =SUM(AH76,AH77,AH78) -> 0 | AI79: =SUM(AI76,AI77,AI78) -> 0 | AJ79: =SUM(AJ76,AJ77,AJ78) -> 0 | AK79: =AJ79 -> 0 | AM79: =SUM(AM76,AM77,AM78) -> 0 | AN79: =SUM(AN76,AN77,AN78) -> 0 | AO79: =SUM(AO76,AO77,AO78) -> 0 | AP79: =SUM(AP76,AP77,AP78) -> 0 | AQ79: =AP79 -> 0
B81: Financing Fee Expense
B82: Total Financing Fee Amortization | C82: 0 | D82: 0 | E82: 0 | F82: 0 | G82: =SUM(C82:F82) -> 0 | I82: 0 | J82: 0 | K82: =SUM(K77,K78) -> 0 | L82: =SUM(L77,L78) -> 0 | M82: =SUM(I82:L82) -> 0 | O82: =SUM(O77,O78) -> 17130.245 | P82: =SUM(P77,P78) -> 20991.694 | Q82: =SUM(Q77,Q78) -> 22963.449 | R82: =SUM(R77,R78) -> 25835.437 | S82: =SUM(O82:R82) -> 86920.824 | U82: =SUM(U77,U78) -> 27489.507 | V82: =SUM(V77,V78) -> 30323.376 | W82: =SUM(W77,W78) -> 31681.327 | X82: =SUM(X77,X78) -> 34107.258 | Y82: =SUM(U82:X82) -> 123601.47 | AA82: =SUM(AA77,AA78) -> 35452.731 | AB82: =SUM(AB77,AB78) -> 37925.251 | AC82: =SUM(AC77,AC78) -> 39228.952 | AD82: =SUM(AD77,AD78) -> 42587.039 | AE82: =SUM(AA82:AD82) -> 155193.97 | AG82: =SUM(AG77,AG78) -> 30268.145 | AH82: =SUM(AH77,AH78) -> 0 | AI82: =SUM(AI77,AI78) -> 0 | AJ82: =SUM(AJ77,AJ78) -> 0 | AK82: =SUM(AG82:AJ82) -> 30268.145 | AM82: =SUM(AM77,AM78) -> 0 | AN82: =SUM(AN77,AN78) -> 0 | AO82: =SUM(AO77,AO78) -> 0 | AP82: =SUM(AP77,AP78) -> 0 | AQ82: =SUM(AM82:AP82) -> 0
B83: Amortized Financing Fees Expense | C83: =IS!C39 -> 0 | D83: =IS!D39 -> 0 | E83: =IS!E39 -> 0 | F83: =IS!F39 -> 0 | G83: =SUM(C83:F83) -> 0 | I83: =IS!I39 -> 0 | J83: =IS!J39 -> 0 | K83: =-K82 -> 0 | L83: =-L82 -> 0 | M83: =SUM(I83:L83) -> 0 | O83: =-O82 -> -17130.245 | P83: =-P82 -> -20991.694 | Q83: =-Q82 -> -22963.449 | R83: =-R82 -> -25835.437 | S83: =SUM(O83:R83) -> -86920.824 | U83: =-U82 -> -27489.507 | V83: =-V82 -> -30323.376 | W83: =-W82 -> -31681.327 | X83: =-X82 -> -34107.258 | Y83: =SUM(U83:X83) -> -123601.47 | AA83: =-AA82 -> -35452.731 | AB83: =-AB82 -> -37925.251 | AC83: =-AC82 -> -39228.952 | AD83: =-AD82 -> -42587.039 | AE83: =SUM(AA83:AD83) -> -155193.97 | AG83: =-AG82 -> -30268.145 | AH83: =-AH82 -> 0 | AI83: =-AI82 -> 0 | AJ83: =-AJ82 -> 0 | AK83: =SUM(AG83:AJ83) -> -30268.145 | AM83: =-AM82 -> 0 | AN83: =-AN82 -> 0 | AO83: =-AO82 -> 0 | AP83: =-AP82 -> 0 | AQ83: =SUM(AM83:AP83) -> 0
B85: Senior Debt Net Carrying Amount
B86: Senior Debt Balance | C86: =C66 -> 0 | D86: =D66 -> 0 | E86: =E66 -> 0 | F86: =F66 -> 0 | G86: =G66 -> 0 | I86: =I66 -> 0 | J86: =J66 -> 0 | K86: =K66 -> 0 | L86: =L66 -> 0 | M86: =M66 -> 0 | O86: =O66 -> 19155272 | P86: =P66 -> 18297431 | Q86: =Q66 -> 17313655 | R86: =R66 -> 16151565 | S86: =S66 -> 16151565 | U86: =U66 -> 14868009 | V86: =V66 -> 13395639 | W86: =W66 -> 11807106 | X86: =X66 -> 10041870 | Y86: =Y66 -> 10041870 | AA86: =AA66 -> 8155461.1 | AB86: =AB66 -> 6088454 | AC86: =AC66 -> 3912881.4 | AD86: =AD66 -> 1559533.3 | AE86: =AE66 -> 1559533.3 | AG86: =AG66 -> -6.2631443e-08 | AH86: =AH66 -> 0 | AI86: =AI66 -> 0 | AJ86: =AJ66 -> 0 | AK86: =AK66 -> 0 | AM86: =AM66 -> 0 | AN86: =AN66 -> 0 | AO86: =AO66 -> 0 | AP86: =AP66 -> 0 | AQ86: =AQ66 -> 0
B87: Capitalized Financing Fees Balance | C87: =C79 -> 0 | D87: =D79 -> 0 | E87: =E79 -> 0 | F87: =F79 -> 0 | G87: =G79 -> 0 | I87: =I79 -> 0 | J87: =J79 -> 0 | K87: =K79 -> 0 | L87: =L79 -> 0 | M87: =M79 -> 0 | O87: =O79 -> -378854.17 | P87: =P79 -> -357862.47 | Q87: =Q79 -> -334899.02 | R87: =R79 -> -309063.59 | S87: =S79 -> -309063.59 | U87: =U79 -> -281574.08 | V87: =V79 -> -251250.7 | W87: =W79 -> -219569.38 | X87: =X79 -> -185462.12 | Y87: =Y79 -> -185462.12 | AA87: =AA79 -> -150009.39 | AB87: =AB79 -> -112084.14 | AC87: =AC79 -> -72855.184 | AD87: =AD79 -> -30268.145 | AE87: =AE79 -> -30268.145 | AG87: =AG79 -> 0 | AH87: =AH79 -> 0 | AI87: =AI79 -> 0 | AJ87: =AJ79 -> 0 | AK87: =AK79 -> 0 | AM87: =AM79 -> 0 | AN87: =AN79 -> 0 | AO87: =AO79 -> 0 | AP87: =AP79 -> 0 | AQ87: =AQ79 -> 0
B88: Senior Debt Net Carrying Amount | C88: =SUM(C86,C87) -> 0 | D88: =SUM(D86,D87) -> 0 | E88: =SUM(E86,E87) -> 0 | F88: =SUM(F86,F87) -> 0 | G88: =F88 -> 0 | I88: =SUM(I86,I87) -> 0 | J88: =SUM(J86,J87) -> 0 | K88: =SUM(K86,K87) -> 0 | L88: =SUM(L86,L87) -> 0 | M88: =L88 -> 0 | O88: =SUM(O86,O87) -> 18776418 | P88: =SUM(P86,P87) -> 17939569 | Q88: =SUM(Q86,Q87) -> 16978756 | R88: =SUM(R86,R87) -> 15842501 | S88: =R88 -> 15842501 | U88: =SUM(U86,U87) -> 14586434 | V88: =SUM(V86,V87) -> 13144388 | W88: =SUM(W86,W87) -> 11587536 | X88: =SUM(X86,X87) -> 9856408.3 | Y88: =X88 -> 9856408.3 | AA88: =SUM(AA86,AA87) -> 8005451.7 | AB88: =SUM(AB86,AB87) -> 5976369.9 | AC88: =SUM(AC86,AC87) -> 3840026.2 | AD88: =SUM(AD86,AD87) -> 1529265.2 | AE88: =AD88 -> 1529265.2 | AG88: =SUM(AG86,AG87) -> -6.2631443e-08 | AH88: =SUM(AH86,AH87) -> 0 | AI88: =SUM(AI86,AI87) -> 0 | AJ88: =SUM(AJ86,AJ87) -> 0 | AK88: =AJ88 -> 0 | AM88: =SUM(AM86,AM87) -> 0 | AN88: =SUM(AN86,AN87) -> 0 | AO88: =SUM(AO86,AO87) -> 0 | AP88: =SUM(AP86,AP87) -> 0 | AQ88: =AP88 -> 0
B90: Senior Debt Interest Expense
B91: Senior Debt Cash Interest Expense | C91: =C68 -> 0 | D91: =D68 -> 0 | E91: =E68 -> 0 | F91: =F68 -> 0 | G91: =G68 -> 0 | I91: =I68 -> 0 | J91: =J68 -> 0 | K91: =K68 -> 0 | L91: =L68 -> 0 | M91: =M68 -> 0 | O91: =O68 -> -494980.51 | P91: =P68 -> -478881.8 | Q91: =Q68 -> -457435.78 | R91: =R68 -> -432841.37 | S91: =S68 -> -1864139.5 | U91: =U68 -> -403789.12 | V91: =V68 -> -371700.21 | W91: =W68 -> -334890.98 | X91: =X68 -> -295177.64 | Y91: =Y68 -> -1405558 | AA91: =AA68 -> -251046.76 | AB91: =AB68 -> -203886.53 | AC91: =AC68 -> -152211.35 | AD91: =AD68 -> -97822.035 | AE91: =AE68 -> -704966.67 | AG91: =AG68 -> -38988.334 | AH91: =AH68 -> 1.1071097e-08 | AI91: =AI68 -> 0 | AJ91: =AJ68 -> 0 | AK91: =AK68 -> -38988.334 | AM91: =AM68 -> 0 | AN91: =AN68 -> 0 | AO91: =AO68 -> 0 | AP91: =AP68 -> 0 | AQ91: =AQ68 -> 0
B92: Amortized Financing Fees Expense | C92: =C83 -> 0 | D92: =D83 -> 0 | E92: =E83 -> 0 | F92: =F83 -> 0 | G92: =G83 -> 0 | I92: =I83 -> 0 | J92: =J83 -> 0 | K92: =K83 -> 0 | L92: =L83 -> 0 | M92: =M83 -> 0 | O92: =O83 -> -17130.245 | P92: =P83 -> -20991.694 | Q92: =Q83 -> -22963.449 | R92: =R83 -> -25835.437 | S92: =S83 -> -86920.824 | U92: =U83 -> -27489.507 | V92: =V83 -> -30323.376 | W92: =W83 -> -31681.327 | X92: =X83 -> -34107.258 | Y92: =Y83 -> -123601.47 | AA92: =AA83 -> -35452.731 | AB92: =AB83 -> -37925.251 | AC92: =AC83 -> -39228.952 | AD92: =AD83 -> -42587.039 | AE92: =AE83 -> -155193.97 | AG92: =AG83 -> -30268.145 | AH92: =AH83 -> 0 | AI92: =AI83 -> 0 | AJ92: =AJ83 -> 0 | AK92: =AK83 -> -30268.145 | AM92: =AM83 -> 0 | AN92: =AN83 -> 0 | AO92: =AO83 -> 0 | AP92: =AP83 -> 0 | AQ92: =AQ83 -> 0
B93: Senior Debt Interest Expense | C93: =SUM(C91,C92) -> 0 | D93: =SUM(D91,D92) -> 0 | E93: =SUM(E91,E92) -> 0 | F93: =SUM(F91,F92) -> 0 | G93: =SUM(C93:F93) -> 0 | I93: =SUM(I91,I92) -> 0 | J93: =SUM(J91,J92) -> 0 | K93: =SUM(K91,K92) -> 0 | L93: =SUM(L91,L92) -> 0 | M93: =SUM(I93:L93) -> 0 | O93: =SUM(O91,O92) -> -512110.76 | P93: =SUM(P91,P92) -> -499873.5 | Q93: =SUM(Q91,Q92) -> -480399.22 | R93: =SUM(R91,R92) -> -458676.81 | S93: =SUM(O93:R93) -> -1951060.3 | U93: =SUM(U91,U92) -> -431278.63 | V93: =SUM(V91,V92) -> -402023.59 | W93: =SUM(W91,W92) -> -366572.3 | X93: =SUM(X91,X92) -> -329284.9 | Y93: =SUM(U93:X93) -> -1529159.4 | AA93: =SUM(AA91,AA92) -> -286499.49 | AB93: =SUM(AB91,AB92) -> -241811.78 | AC93: =SUM(AC91,AC92) -> -191440.3 | AD93: =SUM(AD91,AD92) -> -140409.07 | AE93: =SUM(AA93:AD93) -> -860160.65 | AG93: =SUM(AG91,AG92) -> -69256.479 | AH93: =SUM(AH91,AH92) -> 1.1071097e-08 | AI93: =SUM(AI91,AI92) -> 0 | AJ93: =SUM(AJ91,AJ92) -> 0 | AK93: =SUM(AG93:AJ93) -> -69256.479 | AM93: =SUM(AM91,AM92) -> 0 | AN93: =SUM(AN91,AN92) -> 0 | AO93: =SUM(AO91,AO92) -> 0 | AP93: =SUM(AP91,AP92) -> 0 | AQ93: =SUM(AM93:AP93) -> 0
B96: Seller Note Schedule
B98: Seller Note Payment Amount
B99: Original Seller Note Principal | C99: =IF(AND(0=0,C114>0),C114,0) -> 0 | D99: =IF(AND(C114=0,D114>0),D114,C99) -> 0 | E99: =IF(AND(D114=0,E114>0),E114,D99) -> 0 | F99: =IF(AND(E114=0,F114>0),F114,E99) -> 0 | G99: =F99 -> 0 | I99: =IF(AND(F114=0,I114>0),I114,F99) -> 0 | J99: =IF(AND(I114=0,J114>0),J114,I99) -> 0 | K99: =MAX(J99,K105) -> 0 | L99: =MAX(K99,L105) -> 0 | M99: =L99 -> 0 | O99: =MAX(L99,O105) -> 4949805.1 | P99: =MAX(O99,P105) -> 4949805.1 | Q99: =MAX(P99,Q105) -> 4949805.1 | R99: =MAX(Q99,R105) -> 4949805.1 | S99: =R99 -> 4949805.1 | U99: =MAX(R99,U105) -> 4949805.1 | V99: =MAX(U99,V105) -> 4949805.1 | W99: =MAX(V99,W105) -> 4949805.1 | X99: =MAX(W99,X105) -> 4949805.1 | Y99: =X99 -> 4949805.1 | AA99: =MAX(X99,AA105) -> 4949805.1 | AB99: =MAX(AA99,AB105) -> 4949805.1 | AC99: =MAX(AB99,AC105) -> 4949805.1 | AD99: =MAX(AC99,AD105) -> 4949805.1 | AE99: =AD99 -> 4949805.1 | AG99: =MAX(AD99,AG105) -> 4949805.1 | AH99: =MAX(AG99,AH105) -> 4949805.1 | AI99: =MAX(AH99,AI105) -> 4949805.1 | AJ99: =MAX(AI99,AJ105) -> 4949805.1 | AK99: =AJ99 -> 4949805.1 | AM99: =MAX(AJ99,AM105) -> 4949805.1 | AN99: =MAX(AM99,AN105) -> 4949805.1 | AO99: =MAX(AN99,AO105) -> 4949805.1 | AP99: =MAX(AO99,AP105) -> 4949805.1 | AQ99: =AP99 -> 4949805.1
B100: Seller Note Term (Quarters) | C100: 0 | D100: 0 | E100: 0 | F100: 0 | G100: =F100 -> 0 | I100: 0 | J100: 0 | K100: 24 | L100: =K100 -> 24 | M100: =L100 -> 24 | O100: =L100 -> 24 | P100: =O100 -> 24 | Q100: =P100 -> 24 | R100: =Q100 -> 24 | S100: =R100 -> 24 | U100: =R100 -> 24 | V100: =U100 -> 24 | W100: =V100 -> 24 | X100: =W100 -> 24 | Y100: =X100 -> 24 | AA100: =X100 -> 24 | AB100: =AA100 -> 24 | AC100: =AB100 -> 24 | AD100: =AC100 -> 24 | AE100: =AD100 -> 24 | AG100: =AD100 -> 24 | AH100: =AG100 -> 24 | AI100: =AH100 -> 24 | AJ100: =AI100 -> 24 | AK100: =AJ100 -> 24 | AM100: =AJ100 -> 24 | AN100: =AM100 -> 24 | AO100: =AN100 -> 24 | AP100: =AO100 -> 24 | AQ100: =AP100 -> 24
B101: Seller Note Annual Interest Rate % | C101: 0 | D101: 0 | E101: 0 | F101: 0 | G101: =F101 -> 0 | I101: 0 | J101: 0 | K101: -0.08 | L101: =K101 -> -0.08 | M101: =L101 -> -0.08 | O101: =L101 -> -0.08 | P101: =O101 -> -0.08 | Q101: =P101 -> -0.08 | R101: =Q101 -> -0.08 | S101: =R101 -> -0.08 | U101: =R101 -> -0.08 | V101: =U101 -> -0.08 | W101: =V101 -> -0.08 | X101: =W101 -> -0.08 | Y101: =X101 -> -0.08 | AA101: =X101 -> -0.08 | AB101: =AA101 -> -0.08 | AC101: =AB101 -> -0.08 | AD101: =AC101 -> -0.08 | AE101: =AD101 -> -0.08 | AG101: =AD101 -> -0.08 | AH101: =AG101 -> -0.08 | AI101: =AH101 -> -0.08 | AJ101: =AI101 -> -0.08 | AK101: =AJ101 -> -0.08 | AM101: =AJ101 -> -0.08 | AN101: =AM101 -> -0.08 | AO101: =AN101 -> -0.08 | AP101: =AO101 -> -0.08 | AQ101: =AP101 -> -0.08
